Workbook
Name \0: [1]DR84PCRF!#REF!
Name \A: #REF!
Name \Convergence: 1000000
Name \d: #N/A
Name \f: #N/A
Name \IterationCount: 0
Name \p: #N/A
Name \WorstStream: " "
Name \y: #REF!
Name \z: #REF!
Name _________________ABR95: [2]Consultoria!#REF!
Name _________________ABR96: [2]Consultoria!#REF!
Name _________________ABR97: [2]Consultoria!#REF!
Name _________________ABR98: [2]Consultoria!#REF!
Name _________________ABR99: [2]Consultoria!#REF!
Name _________________AGO95: [2]Consultoria!#REF!
Name _________________AGO96: [2]Consultoria!#REF!
Name _________________AGO97: [2]Consultoria!#REF!
Name _________________AGO98: [2]Consultoria!#REF!
Name _________________AGO99: [2]Consultoria!#REF!
Name _________________DEZ94: [2]Consultoria!#REF!
Name _________________DEZ95: [2]Consultoria!#REF!
Name _________________DEZ96: [2]Consultoria!#REF!
Name _________________DEZ97: [2]Consultoria!#REF!
Name _________________DEZ98: [2]Consultoria!#REF!
Name _________________DEZ99: [2]Consultoria!#REF!
Name _________________FEV95: [2]Consultoria!#REF!
Name _________________FEV96: [2]Consultoria!#REF!
Name _________________FEV97: [2]Consultoria!#REF!
Name _________________FEV98: [2]Consultoria!#REF!
Name _________________FEV99: [2]Consultoria!#REF!
Name _________________JAN95: [2]Consultoria!#REF!
Name _________________JAN96: [2]Consultoria!#REF!
Name _________________JAN97: [2]Consultoria!#REF!
Name _________________JAN98: [2]Consultoria!#REF!
Name _________________JAN99: [2]Consultoria!#REF!
Name _________________JUL95: [2]Consultoria!#REF!
Name _________________JUL96: [2]Consultoria!#REF!
Name _________________JUL97: [2]Consultoria!#REF!
Name _________________JUL98: [2]Consultoria!#REF!
Name _________________JUL99: [2]Consultoria!#REF!
Name _________________JUN95: [2]Consultoria!#REF!
Name _________________JUN96: [2]Consultoria!#REF!
Name _________________JUN97: [2]Consultoria!#REF!
Name _________________JUN98: [2]Consultoria!#REF!
Name _________________JUN99: [2]Consultoria!#REF!
Name _________________MAI95: [2]Consultoria!#REF!
Name _________________MAI96: [2]Consultoria!#REF!
Name _________________MAI97: [2]Consultoria!#REF!
Name _________________MAI98: [2]Consultoria!#REF!
Name _________________MAI99: [2]Consultoria!#REF!
Name _________________MAR95: [2]Consultoria!#REF!
Name _________________MAR96: [2]Consultoria!#REF!
Name _________________MAR97: [2]Consultoria!#REF!
Name _________________MAR98: [2]Consultoria!#REF!
Name _________________MAR99: [2]Consultoria!#REF!
Name _________________NOV94: [2]Consultoria!#REF!
Name _________________NOV95: [2]Consultoria!#REF!
Name _________________NOV96: [2]Consultoria!#REF!
Name _________________NOV97: [2]Consultoria!#REF!

Sheet CAPA 
C2: Complexo Oncológico de Referência do Estado do Goiás - Cora
A3: DADOS DA OBRA
A4: OBRA: | B4: Complexo Oncológico de Referencia do Estado do Goiás - Cora
A5: MUNICÍPIO: | B5: Goiânia
A6: ENDEREÇO: | B6: RODOVIA BR 153. ESQUINA COM RUA DONA TÓDICA, Qd. ÁREA S/N, FAZENDA RETIRO OU LADEIRA, Goiânia/Go
A7: EMPRESA: | B7: NB Engenharia
A8: PROCESSO SEI: | B8: 202300036009669
A9: PERÍODO DA ATUALIZAÇÃO: | B9: 46234
A10: OS: | B10: 2669/2026
A11: OBJETIVO
A12: Em atendimento à OS-2669, que dispõe sobre a substituição da atualização referente aos documentos anexos à planilha de alocação dos documentos fiscais ao orçamento, comunica-se que foi realizada a atualização correspondente, com base na 19ª Prestação de Contas a 30ª Prestação de Contas - constante no processo nº 202300036009669.
A14: DADOS FINANCEIRO
A15: BDI: | B15: 0.1953 | E15: DATA BASE DO ORÇAMENTO: | F15: 44927
A16: BDI DIFERENCIADO: | B16: 0.104 | E16: PRAZO DE EXECUÇÃO : | F16: 07/2025(SEI nº 76944274)
A17: REF.: | B17: 44927 | E17: Termo de Colaboração | F17: 003/2022 – SES/GO (000036569085)
A18: REVISÃO: | B18: RV 07 | E18: VALOR DA PROPOSTA (EMPRESA): | F18: =B19 -> 1.8517193e+08
A19: VALOR INICIAL: | B19: ='RESUMO BIMESTRAL'!G46 -> 1.8517193e+08
A20: VALOR ATUAL: | B20: ='RESUMO BIMESTRAL'!C46 -> 1.8037534e+08
A23: RESPONSÁVEIS TÉCNICOS
C25: xxxxxxxxxxxxxxxxxxx
C26: Engenheiro Civil - CREA 2418242943/V
C27: Consórcio STPC-PROSUL
C29: xxxxxxxxxxxxxxxxx
C30: Engenheiro Civil - CREA 1021686530D-GO
C31: Consórcio STPC-PROSUL
C33: xxxxxxxxxxxxxxxxxxx
C34: Engenheiro Civil - CREA 2576/D-PB
C35: Consórcio STPC-PROSUL

Sheet RESUMO BIMESTRAL
A1: Classificação das NOTAS FISCAIS
A2: Obra: CONSTRUÇÃO DO HOSPITAL INFANTIL - CORA
A3: Local: GOIÂNIA - GO | F3: 1
B4: ='CAPA '!B9 -> 46234 | C4: TOTAL AVANÇADO: | D4: =1-F4 -> 0.93624553 | E4: TOTAL A AVANÇAR: | F4: =1-((C46)/E46) -> 0.063754473 | H4: 2023 | L4: 2024 | Q4: 2025 | W4: 2026
A5: ITEM | B5: ATIVIDADE | C5: Valores de NFs | D5: % | E5: Orçamento (R$) | F5: % | G5: Orçamento (R$) RV 07 | H5: 1º TRIMESTRE | I5: 2º TRIMESTRE | J5: 3º TRIMESTRE | K5: 4º TRIMESTRE | L5: 1º TRIMESTRE | M5: 2º TRIMESTRE | N5: 3º BIMESTRE | O5: 4º BIMESTRE | P5: 5º BIMESTRE | Q5: 1º BIMESTRE | R5: 2º BIMESTRE | S5: 3º BIMESTRE | T5: 4º BIMESTRE | U5: 5º BIMESTRE | V5: 6º BIMESTRE | W5: 1º BIMESTRE | X5: 2º BIMESTRE | Y5: 3º BIMESTRE | Z5: 4º BIMESTRE | AA5: 5º BIMESTRE | AB5: 6º BIMESTRE
H6: jan/fev/mar | I6: abr/mai/jun | J6: jul/ago/set | K6: out/nov/dez | L6: jan/fev/mar | M6: abr/mai/jun | N6: jul/ago | O6: set/out | P6: nov/dez | Q6: jan/fev | R6: mar/abr | S6: mai/jun | T6: jul/ago | U6: set/out | V6: nov/dez | W6: jan/fev | X6: mar/abr | Y6: mai/jun | Z6: jul/ago | AA6: set/out | AB6: nov/dez
A7: 1 | B7: SERVIÇOS TÉCNICOS | DESPESAS OPERACIONAIS | C7: =SUM(C9:C11) -> 9047826.8 | D7: =C7/E7 -> 1.4568771 | E7: 6210425.6 | F7: =C7/G7 -> 1.1960425 | G7: 7564803.5 | H7: =SUM(H9:H11) -> 966191.81 | I7: =SUM(I9:I11) -> 1060492.4 | J7: =SUM(J9:J11) -> 765819.82 | K7: =SUM(K9:K11) -> 459856.84 | L7: =SUM(L9:L11) -> 510015.93 | M7: =SUM(M9:M11) -> 839589.13 | N7: =SUM(N9:N11) -> 502157.74 | O7: =SUM(O9:O11) -> 668595.45 | ... AB7: =SUM(AB9:AB11) -> 0
D8: =1-D7 -> -0.45687709 | H8: =G8+H7 -> 966191.81 | I8: =H8+I7 -> 2026684.2 | J8: =I8+J7 -> 2792504.1 | K8: =J8+K7 -> 3252360.9 | L8: =K8+L7 -> 3762376.8 | M8: =L8+M7 -> 4601966 | N8: =M8+N7 -> 5104123.7 | O8: =N8+O7 -> 5772719.2 | ... R8: =Q8+R7 -> 6879577.7 | W8: =V8+W7 -> 347563.68 | X8: =W8+X7 -> 375183.89
A9: 45658 | B9: SERVIÇOS TÉCNICOS | C9: =SUMIF('CLASSIFICAÇÃO NF'!I:I,B9,'CLASSIFICAÇÃO NF'!N:N)+SUMIF('CLASSIFICAÇÃO NF'!J:J,B9,'CLASSIFICAÇÃO NF'!N:N)+SUMIF('CLASSIFICAÇÃO NF'!K:K,B9,'CLASSIFICAÇÃO NF'!N:N)+SUMIF('CLASSIFICAÇÃO NF'!L:L,B9,'CLASSIFICAÇÃO NF'!N:N)+SUMIF('CLASSIFICAÇÃO NF'!M:M,B9,'CLASSIFICAÇÃO NF'!N:N) -> 2860076.3 | D9: =C9/E9 -> 1.1962769 | E9: 2390814.6 | F9: =C9/G9 -> 0.9040244 | G9: 3163715.8 | H9: =SUMIFS('CLASSIFICAÇÃO NF'!$N:$N,'CLASSIFICAÇÃO NF'!$O:$O,">=202301",'CLASSIFICAÇÃO NF'!$O:$O,"<=202303",'CLASSIFICAÇÃO NF'!I:I,$B9)+SUMIFS('CLASSIFICAÇÃO NF'!$N:$N,'CLASSIFICAÇÃO NF'!$O:$O,">=202301",'CLASSIFICAÇÃO NF'!$O:$O,"<=202303",'CLASSIFICAÇÃO NF'!J:J,$B9)+SUMIFS('CLASSIFICAÇÃO NF'!$N:$N,'CLASSIFICAÇÃO NF'!$O:$O,">=202301",'CLASSIFICAÇÃO NF'!$O:$O,"<=202303",'CLASSIFICAÇÃO NF'!K:K,$B9)+SUMIFS('CLASSIFICAÇÃO NF'!$N:$N,'CLASSIFICAÇÃO NF'!$O:$O,">=202301",'CLASSIFICAÇÃO NF'!$O:$O,"<=202303",'CLASSIFICAÇÃO NF'!L:L,$B9)+SUMIFS('CLASSIFICAÇÃO NF'!$N:$N,'CLASSIFICAÇÃO NF'!$O:$O,">=202301",'CLASSIFICAÇÃO NF'!$O:$O,"<=202303",'CLASSIFICAÇÃO NF'!M:M,$B9) -> 690879.76 | I9: =SUMIFS('CLASSIFICAÇÃO NF'!$N:$N,'CLASSIFICAÇÃO NF'!$O:$O,">=202304",'CLASSIFICAÇÃO NF'!$O:$O,"<=202306",'CLASSIFICAÇÃO NF'!I:I,$B9)+SUMIFS('CLASSIFICAÇÃO NF'!$N:$N,'CLASSIFICAÇÃO NF'!$O:$O,">=202304",'CLASSIFICAÇÃO NF'!$O:$O,"<=202306",'CLASSIFICAÇÃO NF'!J:J,$B9)+SUMIFS('CLASSIFICAÇÃO NF'!$N:$N,'CLASSIFICAÇÃO NF'!$O:$O,">=202304",'CLASSIFICAÇÃO NF'!$O:$O,"<=202306",'CLASSIFICAÇÃO NF'!K:K,$B9)+SUMIFS('CLASSIFICAÇÃO NF'!$N:$N,'CLASSIFICAÇÃO NF'!$O:$O,">=202304",'CLASSIFICAÇÃO NF'!$O:$O,"<=202306",'CLASSIFICAÇÃO NF'!L:L,$B9)+SUMIFS('CLASSIFICAÇÃO NF'!$N:$N,'CLASSIFICAÇÃO NF'!$O:$O,">=202304",'CLASSIFICAÇÃO NF'!$O:$O,"<=202306",'CLASSIFICAÇÃO NF'!M:M,$B9) -> 603050.43 | J9: =SUMIFS('CLASSIFICAÇÃO NF'!$N:$N,'CLASSIFICAÇÃO NF'!$O:$O,">=202307",'CLASSIFICAÇÃO NF'!$O:$O,"<=202309",'CLASSIFICAÇÃO NF'!I:I,$B9)+SUMIFS('CLASSIFICAÇÃO NF'!$N:$N,'CLASSIFICAÇÃO NF'!$O:$O,">=202307",'CLASSIFICAÇÃO NF'!$O:$O,"<=202309",'CLASSIFICAÇÃO NF'!J:J,$B9)+SUMIFS('CLASSIFICAÇÃO NF'!$N:$N,'CLASSIFICAÇÃO NF'!$O:$O,">=202307",'CLASSIFICAÇÃO NF'!$O:$O,"<=202309",'CLASSIFICAÇÃO NF'!K:K,$B9)+SUMIFS('CLASSIFICAÇÃO NF'!$N:$N,'CLASSIFICAÇÃO NF'!$O:$O,">=202307",'CLASSIFICAÇÃO NF'!$O:$O,"<=202309",'CLASSIFICAÇÃO NF'!L:L,$B9)+SUMIFS('CLASSIFICAÇÃO NF'!$N:$N,'CLASSIFICAÇÃO NF'!$O:$O,">=202307",'CLASSIFICAÇÃO NF'!$O:$O,"<=202309",'CLASSIFICAÇÃO NF'!M:M,$B9) -> 462975.88 | K9: =SUMIFS('CLASSIFICAÇÃO NF'!$N:$N,'CLASSIFICAÇÃO NF'!$O:$O,">=202310",'CLASSIFICAÇÃO NF'!$O:$O,"<=202312",'CLASSIFICAÇÃO NF'!I:I,$B9)+SUMIFS('CLASSIFICAÇÃO NF'!$N:$N,'CLASSIFICAÇÃO NF'!$O:$O,">=202310",'CLASSIFICAÇÃO NF'!$O:$O,"<=202312",'CLASSIFICAÇÃO NF'!J:J,$B9)+SUMIFS('CLASSIFICAÇÃO NF'!$N:$N,'CLASSIFICAÇÃO NF'!$O:$O,">=202310",'CLASSIFICAÇÃO NF'!$O:$O,"<=202312",'CLASSIFICAÇÃO NF'!K:K,$B9)+SUMIFS('CLASSIFICAÇÃO NF'!$N:$N,'CLASSIFICAÇÃO NF'!$O:$O,">=202310",'CLASSIFICAÇÃO NF'!$O:$O,"<=202312",'CLASSIFICAÇÃO NF'!L:L,$B9)+SUMIFS('CLASSIFICAÇÃO NF'!$N:$N,'CLASSIFICAÇÃO NF'!$O:$O,">=202310",'CLASSIFICAÇÃO NF'!$O:$O,"<=202312",'CLASSIFICAÇÃO NF'!M:M,$B9) -> 60508.2 | L9: =SUMIFS('CLASSIFICAÇÃO NF'!$N:$N,'CLASSIFICAÇÃO NF'!$O:$O,">=202401",'CLASSIFICAÇÃO NF'!$O:$O,"<=202403",'CLASSIFICAÇÃO NF'!I:I,$B9)+SUMIFS('CLASSIFICAÇÃO NF'!$N:$N,'CLASSIFICAÇÃO NF'!$O:$O,">=202401",'CLASSIFICAÇÃO NF'!$O:$O,"<=202403",'CLASSIFICAÇÃO NF'!J:J,$B9)+SUMIFS('CLASSIFICAÇÃO NF'!$N:$N,'CLASSIFICAÇÃO NF'!$O:$O,">=202401",'CLASSIFICAÇÃO NF'!$O:$O,"<=202403",'CLASSIFICAÇÃO NF'!K:K,$B9)+SUMIFS('CLASSIFICAÇÃO NF'!$N:$N,'CLASSIFICAÇÃO NF'!$O:$O,">=202401",'CLASSIFICAÇÃO NF'!$O:$O,"<=202403",'CLASSIFICAÇÃO NF'!L:L,$B9)+SUMIFS('CLASSIFICAÇÃO NF'!$N:$N,'CLASSIFICAÇÃO NF'!$O:$O,">=202401",'CLASSIFICAÇÃO NF'!$O:$O,"<=202403",'CLASSIFICAÇÃO NF'!M:M,$B9) -> 209281.2 | M9: =SUMIFS('CLASSIFICAÇÃO NF'!$N:$N,'CLASSIFICAÇÃO NF'!$O:$O,">=202404",'CLASSIFICAÇÃO NF'!$O:$O,"<=202406",'CLASSIFICAÇÃO NF'!I:I,$B9)+SUMIFS('CLASSIFICAÇÃO NF'!$N:$N,'CLASSIFICAÇÃO NF'!$O:$O,">=202404",'CLASSIFICAÇÃO NF'!$O:$O,"<=202406",'CLASSIFICAÇÃO NF'!J:J,$B9)+SUMIFS('CLASSIFICAÇÃO NF'!$N:$N,'CLASSIFICAÇÃO NF'!$O:$O,">=202404",'CLASSIFICAÇÃO NF'!$O:$O,"<=202406",'CLASSIFICAÇÃO NF'!K:K,$B9)+SUMIFS('CLASSIFICAÇÃO NF'!$N:$N,'CLASSIFICAÇÃO NF'!$O:$O,">=202404",'CLASSIFICAÇÃO NF'!$O:$O,"<=202406",'CLASSIFICAÇÃO NF'!L:L,$B9)+SUMIFS('CLASSIFICAÇÃO NF'!$N:$N,'CLASSIFICAÇÃO NF'!$O:$O,">=202404",'CLASSIFICAÇÃO NF'!$O:$O,"<=202406",'CLASSIFICAÇÃO NF'!M:M,$B9) -> 215570.68 | N9: =SUMIFS('CLASSIFICAÇÃO NF'!$N:$N,'CLASSIFICAÇÃO NF'!$O:$O,">=202407",'CLASSIFICAÇÃO NF'!$O:$O,"<=202408",'CLASSIFICAÇÃO NF'!I:I,$B9)+SUMIFS('CLASSIFICAÇÃO NF'!$N:$N,'CLASSIFICAÇÃO NF'!$O:$O,">=202407",'CLASSIFICAÇÃO NF'!$O:$O,"<=202408",'CLASSIFICAÇÃO NF'!J:J,$B9)+SUMIFS('CLASSIFICAÇÃO NF'!$N:$N,'CLASSIFICAÇÃO NF'!$O:$O,">=202407",'CLASSIFICAÇÃO NF'!$O:$O,"<=202408",'CLASSIFICAÇÃO NF'!K:K,$B9)+SUMIFS('CLASSIFICAÇÃO NF'!$N:$N,'CLASSIFICAÇÃO NF'!$O:$O,">=202407",'CLASSIFICAÇÃO NF'!$O:$O,"<=202408",'CLASSIFICAÇÃO NF'!L:L,$B9)+SUMIFS('CLASSIFICAÇÃO NF'!$N:$N,'CLASSIFICAÇÃO NF'!$O:$O,">=202407",'CLASSIFICAÇÃO NF'!$O:$O,"<=202408",'CLASSIFICAÇÃO NF'!M:M,$B9) -> 11638.8 | O9: =SUMIFS('CLASSIFICAÇÃO NF'!$N:$N,'CLASSIFICAÇÃO NF'!$O:$O,">=202409",'CLASSIFICAÇÃO NF'!$O:$O,"<=202410",'CLASSIFICAÇÃO NF'!I:I,$B9)+SUMIFS('CLASSIFICAÇÃO NF'!$N:$N,'CLASSIFICAÇÃO NF'!$O:$O,">=202409",'CLASSIFICAÇÃO NF'!$O:$O,"<=202410",'CLASSIFICAÇÃO NF'!J:J,$B9)+SUMIFS('CLASSIFICAÇÃO NF'!$N:$N,'CLASSIFICAÇÃO NF'!$O:$O,">=202409",'CLASSIFICAÇÃO NF'!$O:$O,"<=202410",'CLASSIFICAÇÃO NF'!K:K,$B9)+SUMIFS('CLASSIFICAÇÃO NF'!$N:$N,'CLASSIFICAÇÃO NF'!$O:$O,">=202409",'CLASSIFICAÇÃO NF'!$O:$O,"<=202410",'CLASSIFICAÇÃO NF'!L:L,$B9)+SUMIFS('CLASSIFICAÇÃO NF'!$N:$N,'CLASSIFICAÇÃO NF'!$O:$O,">=202409",'CLASSIFICAÇÃO NF'!$O:$O,"<=202410",'CLASSIFICAÇÃO NF'!M:M,$B9) -> 8553.1 | P9: =SUMIFS('CLASSIFICAÇÃO NF'!$N:$N,'CLASSIFICAÇÃO NF'!$O:$O,">=202411",'CLASSIFICAÇÃO NF'!$O:$O,"<=202412",'CLASSIFICAÇÃO NF'!I:I,$B9)+SUMIFS('CLASSIFICAÇÃO NF'!$N:$N,'CLASSIFICAÇÃO NF'!$O:$O,">=202411",'CLASSIFICAÇÃO NF'!$O:$O,"<=202412",'CLASSIFICAÇÃO NF'!J:J,$B9)+SUMIFS('CLASSIFICAÇÃO NF'!$N:$N,'CLASSIFICAÇÃO NF'!$O:$O,">=202411",'CLASSIFICAÇÃO NF'!$O:$O,"<=202412",'CLASSIFICAÇÃO NF'!K:K,$B9)+SUMIFS('CLASSIFICAÇÃO NF'!$N:$N,'CLASSIFICAÇÃO NF'!$O:$O,">=202411",'CLASSIFICAÇÃO NF'!$O:$O,"<=202412",'CLASSIFICAÇÃO NF'!L:L,$B9)+SUMIFS('CLASSIFICAÇÃO NF'!$N:$N,'CLASSIFICAÇÃO NF'!$O:$O,">=202411",'CLASSIFICAÇÃO NF'!$O:$O,"<=202412",'CLASSIFICAÇÃO NF'!M:M,$B9) -> 6140.4 | Q9: =SUMIFS('CLASSIFICAÇÃO NF'!$N:$N,'CLASSIFICAÇÃO NF'!$O:$O,">=202501",'CLASSIFICAÇÃO NF'!$O:$O,"<=202502",'CLASSIFICAÇÃO NF'!I:I,$B9)+SUMIFS('CLASSIFICAÇÃO NF'!$N:$N,'CLASSIFICAÇÃO NF'!$O:$O,">=202501",'CLASSIFICAÇÃO NF'!$O:$O,"<=202502",'CLASSIFICAÇÃO NF'!J:J,$B9)+SUMIFS('CLASSIFICAÇÃO NF'!$N:$N,'CLASSIFICAÇÃO NF'!$O:$O,">=202501",'CLASSIFICAÇÃO NF'!$O:$O,"<=202502",'CLASSIFICAÇÃO NF'!K:K,$B9)+SUMIFS('CLASSIFICAÇÃO NF'!$N:$N,'CLASSIFICAÇÃO NF'!$O:$O,">=202501",'CLASSIFICAÇÃO NF'!$O:$O,"<=202502",'CLASSIFICAÇÃO NF'!L:L,$B9)+SUMIFS('CLASSIFICAÇÃO NF'!$N:$N,'CLASSIFICAÇÃO NF'!$O:$O,">=202501",'CLASSIFICAÇÃO NF'!$O:$O,"<=202502",'CLASSIFICAÇÃO NF'!M:M,$B9) -> 687.2 | R9: =SUMIFS('CLASSIFICAÇÃO NF'!$N:$N,'CLASSIFICAÇÃO NF'!$O:$O,">=202503",'CLASSIFICAÇÃO NF'!$O:$O,"<=202504",'CLASSIFICAÇÃO NF'!I:I,$B9)+SUMIFS('CLASSIFICAÇÃO NF'!$N:$N,'CLASSIFICAÇÃO NF'!$O:$O,">=202503",'CLASSIFICAÇÃO NF'!$O:$O,"<=202504",'CLASSIFICAÇÃO NF'!J:J,$B9)+SUMIFS('CLASSIFICAÇÃO NF'!$N:$N,'CLASSIFICAÇÃO NF'!$O:$O,">=202503",'CLASSIFICAÇÃO NF'!$O:$O,"<=202504",'CLASSIFICAÇÃO NF'!K:K,$B9)+SUMIFS('CLASSIFICAÇÃO NF'!$N:$N,'CLASSIFICAÇÃO NF'!$O:$O,">=202503",'CLASSIFICAÇÃO NF'!$O:$O,"<=202504",'CLASSIFICAÇÃO NF'!L:L,$B9)+SUMIFS('CLASSIFICAÇÃO NF'!$N:$N,'CLASSIFICAÇÃO NF'!$O:$O,">=202503",'CLASSIFICAÇÃO NF'!$O:$O,"<=202504",'CLASSIFICAÇÃO NF'!M:M,$B9) -> 382 | S9: =SUMIFS('CLASSIFICAÇÃO NF'!$N:$N,'CLASSIFICAÇÃO NF'!$O:$O,">=202505",'CLASSIFICAÇÃO NF'!$O:$O,"<=202506",'CLASSIFICAÇÃO NF'!I:I,$B9)+SUMIFS('CLASSIFICAÇÃO NF'!$N:$N,'CLASSIFICAÇÃO NF'!$O:$O,">=202505",'CLASSIFICAÇÃO NF'!$O:$O,"<=202506",'CLASSIFICAÇÃO NF'!J:J,$B9)+SUMIFS('CLASSIFICAÇÃO NF'!$N:$N,'CLASSIFICAÇÃO NF'!$O:$O,">=202505",'CLASSIFICAÇÃO NF'!$O:$O,"<=202506",'CLASSIFICAÇÃO NF'!K:K,$B9)+SUMIFS('CLASSIFICAÇÃO NF'!$N:$N,'CLASSIFICAÇÃO NF'!$O:$O,">=202505",'CLASSIFICAÇÃO NF'!$O:$O,"<=202506",'CLASSIFICAÇÃO NF'!L:L,$B9)+SUMIFS('CLASSIFICAÇÃO NF'!$N:$N,'CLASSIFICAÇÃO NF'!$O:$O,">=202505",'CLASSIFICAÇÃO NF'!$O:$O,"<=202506",'CLASSIFICAÇÃO NF'!M:M,$B9) -> 33674.933 | T9: =SUMIFS('CLASSIFICAÇÃO NF'!$N:$N,'CLASSIFICAÇÃO NF'!$O:$O,">=202507",'CLASSIFICAÇÃO NF'!$O:$O,"<=202508",'CLASSIFICAÇÃO NF'!I:I,$B9)+SUMIFS('CLASSIFICAÇÃO NF'!$N:$N,'CLASSIFICAÇÃO NF'!$O:$O,">=202507",'CLASSIFICAÇÃO NF'!$O:$O,"<=202508",'CLASSIFICAÇÃO NF'!J:J,$B9)+SUMIFS('CLASSIFICAÇÃO NF'!$N:$N,'CLASSIFICAÇÃO NF'!$O:$O,">=202507",'CLASSIFICAÇÃO NF'!$O:$O,"<=202508",'CLASSIFICAÇÃO NF'!K:K,$B9)+SUMIFS('CLASSIFICAÇÃO NF'!$N:$N,'CLASSIFICAÇÃO NF'!$O:$O,">=202507",'CLASSIFICAÇÃO NF'!$O:$O,"<=202508",'CLASSIFICAÇÃO NF'!L:L,$B9)+SUMIFS('CLASSIFICAÇÃO NF'!$N:$N,'CLASSIFICAÇÃO NF'!$O:$O,">=202507",'CLASSIFICAÇÃO NF'!$O:$O,"<=202508",'CLASSIFICAÇÃO NF'!M:M,$B9) -> 128 | U9: =SUMIFS('CLASSIFICAÇÃO NF'!$N:$N,'CLASSIFICAÇÃO NF'!$O:$O,">=202509",'CLASSIFICAÇÃO NF'!$O:$O,"<=202510",'CLASSIFICAÇÃO NF'!I:I,$B9)+SUMIFS('CLASSIFICAÇÃO NF'!$N:$N,'CLASSIFICAÇÃO NF'!$O:$O,">=202509",'CLASSIFICAÇÃO NF'!$O:$O,"<=202510",'CLASSIFICAÇÃO NF'!J:J,$B9)+SUMIFS('CLASSIFICAÇÃO NF'!$N:$N,'CLASSIFICAÇÃO NF'!$O:$O,">=202509",'CLASSIFICAÇÃO NF'!$O:$O,"<=202510",'CLASSIFICAÇÃO NF'!K:K,$B9)+SUMIFS('CLASSIFICAÇÃO NF'!$N:$N,'CLASSIFICAÇÃO NF'!$O:$O,">=202509",'CLASSIFICAÇÃO NF'!$O:$O,"<=202510",'CLASSIFICAÇÃO NF'!L:L,$B9)+SUMIFS('CLASSIFICAÇÃO NF'!$N:$N,'CLASSIFICAÇÃO NF'!$O:$O,">=202509",'CLASSIFICAÇÃO NF'!$O:$O,"<=202510",'CLASSIFICAÇÃO NF'!M:M,$B9) -> 0 | V9: =SUMIFS('CLASSIFICAÇÃO NF'!$N:$N,'CLASSIFICAÇÃO NF'!$O:$O,">=202511",'CLASSIFICAÇÃO NF'!$O:$O,"<=202512",'CLASSIFICAÇÃO NF'!I:I,$B9)+SUMIFS('CLASSIFICAÇÃO NF'!$N:$N,'CLASSIFICAÇÃO NF'!$O:$O,">=202511",'CLASSIFICAÇÃO NF'!$O:$O,"<=202512",'CLASSIFICAÇÃO NF'!J:J,$B9)+SUMIFS('CLASSIFICAÇÃO NF'!$N:$N,'CLASSIFICAÇÃO NF'!$O:$O,">=202511",'CLASSIFICAÇÃO NF'!$O:$O,"<=202512",'CLASSIFICAÇÃO NF'!K:K,$B9)+SUMIFS('CLASSIFICAÇÃO NF'!$N:$N,'CLASSIFICAÇÃO NF'!$O:$O,">=202511",'CLASSIFICAÇÃO NF'!$O:$O,"<=202512",'CLASSIFICAÇÃO NF'!L:L,$B9)+SUMIFS('CLASSIFICAÇÃO NF'!$N:$N,'CLASSIFICAÇÃO NF'!$O:$O,">=202511",'CLASSIFICAÇÃO NF'!$O:$O,"<=202512",'CLASSIFICAÇÃO NF'!M:M,$B9) -> 5150 | W9: =SUMIFS('CLASSIFICAÇÃO NF'!$N:$N,'CLASSIFICAÇÃO NF'!$O:$O,">=202601",'CLASSIFICAÇÃO NF'!$O:$O,"<=202602",'CLASSIFICAÇÃO NF'!I:I,$B9)+SUMIFS('CLASSIFICAÇÃO NF'!$N:$N,'CLASSIFICAÇÃO NF'!$O:$O,">=202601",'CLASSIFICAÇÃO NF'!$O:$O,"<=202602",'CLASSIFICAÇÃO NF'!J:J,$B9)+SUMIFS('CLASSIFICAÇÃO NF'!$N:$N,'CLASSIFICAÇÃO NF'!$O:$O,">=202601",'CLASSIFICAÇÃO NF'!$O:$O,"<=202602",'CLASSIFICAÇÃO NF'!K:K,$B9)+SUMIFS('CLASSIFICAÇÃO NF'!$N:$N,'CLASSIFICAÇÃO NF'!$O:$O,">=202601",'CLASSIFICAÇÃO NF'!$O:$O,"<=202602",'CLASSIFICAÇÃO NF'!L:L,$B9)+SUMIFS('CLASSIFICAÇÃO NF'!$N:$N,'CLASSIFICAÇÃO NF'!$O:$O,">=202601",'CLASSIFICAÇÃO NF'!$O:$O,"<=202602",'CLASSIFICAÇÃO NF'!M:M,$B9) -> 347563.68 | X9: =SUMIFS('CLASSIFICAÇÃO NF'!$N:$N,'CLASSIFICAÇÃO NF'!$O:$O,">=202603",'CLASSIFICAÇÃO NF'!$O:$O,"<=202604",'CLASSIFICAÇÃO NF'!I:I,$B9)+SUMIFS('CLASSIFICAÇÃO NF'!$N:$N,'CLASSIFICAÇÃO NF'!$O:$O,">=202603",'CLASSIFICAÇÃO NF'!$O:$O,"<=202604",'CLASSIFICAÇÃO NF'!J:J,$B9)+SUMIFS('CLASSIFICAÇÃO NF'!$N:$N,'CLASSIFICAÇÃO NF'!$O:$O,">=202603",'CLASSIFICAÇÃO NF'!$O:$O,"<=202604",'CLASSIFICAÇÃO NF'!K:K,$B9)+SUMIFS('CLASSIFICAÇÃO NF'!$N:$N,'CLASSIFICAÇÃO NF'!$O:$O,">=202603",'CLASSIFICAÇÃO NF'!$O:$O,"<=202604",'CLASSIFICAÇÃO NF'!L:L,$B9)+SUMIFS('CLASSIFICAÇÃO NF'!$N:$N,'CLASSIFICAÇÃO NF'!$O:$O,">=202603",'CLASSIFICAÇÃO NF'!$O:$O,"<=202604",'CLASSIFICAÇÃO NF'!M:M,$B9) -> 27620.21 | Y9: =SUMIFS('CLASSIFICAÇÃO NF'!$N:$N,'CLASSIFICAÇÃO NF'!$O:$O,">=202605",'CLASSIFICAÇÃO NF'!$O:$O,"<=202606",'CLASSIFICAÇÃO NF'!I:I,$B9)+SUMIFS('CLASSIFICAÇÃO NF'!$N:$N,'CLASSIFICAÇÃO NF'!$O:$O,">=202605",'CLASSIFICAÇÃO NF'!$O:$O,"<=202606",'CLASSIFICAÇÃO NF'!J:J,$B9)+SUMIFS('CLASSIFICAÇÃO NF'!$N:$N,'CLASSIFICAÇÃO NF'!$O:$O,">=202605",'CLASSIFICAÇÃO NF'!$O:$O,"<=202606",'CLASSIFICAÇÃO NF'!K:K,$B9)+SUMIFS('CLASSIFICAÇÃO NF'!$N:$N,'CLASSIFICAÇÃO NF'!$O:$O,">=202605",'CLASSIFICAÇÃO NF'!$O:$O,"<=202606",'CLASSIFICAÇÃO NF'!L:L,$B9)+SUMIFS('CLASSIFICAÇÃO NF'!$N:$N,'CLASSIFICAÇÃO NF'!$O:$O,">=202605",'CLASSIFICAÇÃO NF'!$O:$O,"<=202606",'CLASSIFICAÇÃO NF'!M:M,$B9) -> 176271.84 | Z9: =SUMIFS('CLASSIFICAÇÃO NF'!$N:$N,'CLASSIFICAÇÃO NF'!$O:$O,">=202607",'CLASSIFICAÇÃO NF'!$O:$O,"<=202608",'CLASSIFICAÇÃO NF'!I:I,$B9)+SUMIFS('CLASSIFICAÇÃO NF'!$N:$N,'CLASSIFICAÇÃO NF'!$O:$O,">=202607",'CLASSIFICAÇÃO NF'!$O:$O,"<=202608",'CLASSIFICAÇÃO NF'!J:J,$B9)+SUMIFS('CLASSIFICAÇÃO NF'!$N:$N,'CLASSIFICAÇÃO NF'!$O:$O,">=202607",'CLASSIFICAÇÃO NF'!$O:$O,"<=202608",'CLASSIFICAÇÃO NF'!K:K,$B9)+SUMIFS('CLASSIFICAÇÃO NF'!$N:$N,'CLASSIFICAÇÃO NF'!$O:$O,">=202607",'CLASSIFICAÇÃO NF'!$O:$O,"<=202608",'CLASSIFICAÇÃO NF'!L:L,$B9)+SUMIFS('CLASSIFICAÇÃO NF'!$N:$N,'CLASSIFICAÇÃO NF'!$O:$O,">=202607",'CLASSIFICAÇÃO NF'!$O:$O,"<=202608",'CLASSIFICAÇÃO NF'!M:M,$B9) -> 0 | AA9: =SUMIFS('CLASSIFICAÇÃO NF'!$N:$N,'CLASSIFICAÇÃO NF'!$O:$O,">=202609",'CLASSIFICAÇÃO NF'!$O:$O,"<=202610",'CLASSIFICAÇÃO NF'!I:I,$B9)+SUMIFS('CLASSIFICAÇÃO NF'!$N:$N,'CLASSIFICAÇÃO NF'!$O:$O,">=202609",'CLASSIFICAÇÃO NF'!$O:$O,"<=202610",'CLASSIFICAÇÃO NF'!J:J,$B9)+SUMIFS('CLASSIFICAÇÃO NF'!$N:$N,'CLASSIFICAÇÃO NF'!$O:$O,">=202609",'CLASSIFICAÇÃO NF'!$O:$O,"<=202610",'CLASSIFICAÇÃO NF'!K:K,$B9)+SUMIFS('CLASSIFICAÇÃO NF'!$N:$N,'CLASSIFICAÇÃO NF'!$O:$O,">=202609",'CLASSIFICAÇÃO NF'!$O:$O,"<=202610",'CLASSIFICAÇÃO NF'!L:L,$B9)+SUMIFS('CLASSIFICAÇÃO NF'!$N:$N,'CLASSIFICAÇÃO NF'!$O:$O,">=202609",'CLASSIFICAÇÃO NF'!$O:$O,"<=202610",'CLASSIFICAÇÃO NF'!M:M,$B9) -> 0 | AB9: =SUMIFS('CLASSIFICAÇÃO NF'!$N:$N,'CLASSIFICAÇÃO NF'!$O:$O,">=202611",'CLASSIFICAÇÃO NF'!$O:$O,"<=202612",'CLASSIFICAÇÃO NF'!I:I,$B9)+SUMIFS('CLASSIFICAÇÃO NF'!$N:$N,'CLASSIFICAÇÃO NF'!$O:$O,">=202611",'CLASSIFICAÇÃO NF'!$O:$O,"<=202612",'CLASSIFICAÇÃO NF'!J:J,$B9)+SUMIFS('CLASSIFICAÇÃO NF'!$N:$N,'CLASSIFICAÇÃO NF'!$O:$O,">=202610",'CLASSIFICAÇÃO NF'!$O:$O,"<=202612",'CLASSIFICAÇÃO NF'!K:K,$B9)+SUMIFS('CLASSIFICAÇÃO NF'!$N:$N,'CLASSIFICAÇÃO NF'!$O:$O,">=202610",'CLASSIFICAÇÃO NF'!$O:$O,"<=202612",'CLASSIFICAÇÃO NF'!L:L,$B9)+SUMIFS('CLASSIFICAÇÃO NF'!$N:$N,'CLASSIFICAÇÃO NF'!$O:$O,">=202611",'CLASSIFICAÇÃO NF'!$O:$O,"<=202612",'CLASSIFICAÇÃO NF'!M:M,$B9) -> 0
A10: 45689 | B10: IMPLANTAÇÃO E OPERAÇÃO DE CANTEIRO | C10: =SUMIF('CLASSIFICAÇÃO NF'!I:I,B10,'CLASSIFICAÇÃO NF'!N:N)+SUMIF('CLASSIFICAÇÃO NF'!J:J,B10,'CLASSIFICAÇÃO NF'!N:N)+SUMIF('CLASSIFICAÇÃO NF'!K:K,B10,'CLASSIFICAÇÃO NF'!N:N)+SUMIF('CLASSIFICAÇÃO NF'!L:L,B10,'CLASSIFICAÇÃO NF'!N:N)+SUMIF('CLASSIFICAÇÃO NF'!M:M,B10,'CLASSIFICAÇÃO NF'!N:N) -> 3862269.9 | D10: =C10/E10 -> 1.2839971 | E10: 3008005 | F10: =C10/G10 -> 1.4201816 | G10: 2719560.5 | H10: =SUMIFS('CLASSIFICAÇÃO NF'!$N:$N,'CLASSIFICAÇÃO NF'!$O:$O,">=202301",'CLASSIFICAÇÃO NF'!$O:$O,"<=202303",'CLASSIFICAÇÃO NF'!I:I,$B10)+SUMIFS('CLASSIFICAÇÃO NF'!$N:$N,'CLASSIFICAÇÃO NF'!$O:$O,">=202301",'CLASSIFICAÇÃO NF'!$O:$O,"<=202303",'CLASSIFICAÇÃO NF'!J:J,$B10)+SUMIFS('CLASSIFICAÇÃO NF'!$N:$N,'CLASSIFICAÇÃO NF'!$O:$O,">=202301",'CLASSIFICAÇÃO NF'!$O:$O,"<=202303",'CLASSIFICAÇÃO NF'!K:K,$B10)+SUMIFS('CLASSIFICAÇÃO NF'!$N:$N,'CLASSIFICAÇÃO NF'!$O:$O,">=202301",'CLASSIFICAÇÃO NF'!$O:$O,"<=202303",'CLASSIFICAÇÃO NF'!L:L,$B10)+SUMIFS('CLASSIFICAÇÃO NF'!$N:$N,'CLASSIFICAÇÃO NF'!$O:$O,">=202301",'CLASSIFICAÇÃO NF'!$O:$O,"<=202303",'CLASSIFICAÇÃO NF'!M:M,$B10) -> 201262.92 | I10: =SUMIFS('CLASSIFICAÇÃO NF'!$N:$N,'CLASSIFICAÇÃO NF'!$O:$O,">=202304",'CLASSIFICAÇÃO NF'!$O:$O,"<=202306",'CLASSIFICAÇÃO NF'!I:I,$B10)+SUMIFS('CLASSIFICAÇÃO NF'!$N:$N,'CLASSIFICAÇÃO NF'!$O:$O,">=202304",'CLASSIFICAÇÃO NF'!$O:$O,"<=202306",'CLASSIFICAÇÃO NF'!J:J,$B10)+SUMIFS('CLASSIFICAÇÃO NF'!$N:$N,'CLASSIFICAÇÃO NF'!$O:$O,">=202304",'CLASSIFICAÇÃO NF'!$O:$O,"<=202306",'CLASSIFICAÇÃO NF'!K:K,$B10)+SUMIFS('CLASSIFICAÇÃO NF'!$N:$N,'CLASSIFICAÇÃO NF'!$O:$O,">=202304",'CLASSIFICAÇÃO NF'!$O:$O,"<=202306",'CLASSIFICAÇÃO NF'!L:L,$B10)+SUMIFS('CLASSIFICAÇÃO NF'!$N:$N,'CLASSIFICAÇÃO NF'!$O:$O,">=202304",'CLASSIFICAÇÃO NF'!$O:$O,"<=202306",'CLASSIFICAÇÃO NF'!M:M,$B10) -> 357206 | J10: =SUMIFS('CLASSIFICAÇÃO NF'!$N:$N,'CLASSIFICAÇÃO NF'!$O:$O,">=202307",'CLASSIFICAÇÃO NF'!$O:$O,"<=202309",'CLASSIFICAÇÃO NF'!I:I,$B10)+SUMIFS('CLASSIFICAÇÃO NF'!$N:$N,'CLASSIFICAÇÃO NF'!$O:$O,">=202307",'CLASSIFICAÇÃO NF'!$O:$O,"<=202309",'CLASSIFICAÇÃO NF'!J:J,$B10)+SUMIFS('CLASSIFICAÇÃO NF'!$N:$N,'CLASSIFICAÇÃO NF'!$O:$O,">=202307",'CLASSIFICAÇÃO NF'!$O:$O,"<=202309",'CLASSIFICAÇÃO NF'!K:K,$B10)+SUMIFS('CLASSIFICAÇÃO NF'!$N:$N,'CLASSIFICAÇÃO NF'!$O:$O,">=202307",'CLASSIFICAÇÃO NF'!$O:$O,"<=202309",'CLASSIFICAÇÃO NF'!L:L,$B10)+SUMIFS('CLASSIFICAÇÃO NF'!$N:$N,'CLASSIFICAÇÃO NF'!$O:$O,">=202307",'CLASSIFICAÇÃO NF'!$O:$O,"<=202309",'CLASSIFICAÇÃO NF'!M:M,$B10) -> 185342.65 | K10: =SUMIFS('CLASSIFICAÇÃO NF'!$N:$N,'CLASSIFICAÇÃO NF'!$O:$O,">=202310",'CLASSIFICAÇÃO NF'!$O:$O,"<=202312",'CLASSIFICAÇÃO NF'!I:I,$B10)+SUMIFS('CLASSIFICAÇÃO NF'!$N:$N,'CLASSIFICAÇÃO NF'!$O:$O,">=202310",'CLASSIFICAÇÃO NF'!$O:$O,"<=202312",'CLASSIFICAÇÃO NF'!J:J,$B10)+SUMIFS('CLASSIFICAÇÃO NF'!$N:$N,'CLASSIFICAÇÃO NF'!$O:$O,">=202310",'CLASSIFICAÇÃO NF'!$O:$O,"<=202312",'CLASSIFICAÇÃO NF'!K:K,$B10)+SUMIFS('CLASSIFICAÇÃO NF'!$N:$N,'CLASSIFICAÇÃO NF'!$O:$O,">=202310",'CLASSIFICAÇÃO NF'!$O:$O,"<=202312",'CLASSIFICAÇÃO NF'!L:L,$B10)+SUMIFS('CLASSIFICAÇÃO NF'!$N:$N,'CLASSIFICAÇÃO NF'!$O:$O,">=202310",'CLASSIFICAÇÃO NF'!$O:$O,"<=202312",'CLASSIFICAÇÃO NF'!M:M,$B10) -> 298058.64 | L10: =SUMIFS('CLASSIFICAÇÃO NF'!$N:$N,'CLASSIFICAÇÃO NF'!$O:$O,">=202401",'CLASSIFICAÇÃO NF'!$O:$O,"<=202403",'CLASSIFICAÇÃO NF'!I:I,$B10)+SUMIFS('CLASSIFICAÇÃO NF'!$N:$N,'CLASSIFICAÇÃO NF'!$O:$O,">=202401",'CLASSIFICAÇÃO NF'!$O:$O,"<=202403",'CLASSIFICAÇÃO NF'!J:J,$B10)+SUMIFS('CLASSIFICAÇÃO NF'!$N:$N,'CLASSIFICAÇÃO NF'!$O:$O,">=202401",'CLASSIFICAÇÃO NF'!$O:$O,"<=202403",'CLASSIFICAÇÃO NF'!K:K,$B10)+SUMIFS('CLASSIFICAÇÃO NF'!$N:$N,'CLASSIFICAÇÃO NF'!$O:$O,">=202401",'CLASSIFICAÇÃO NF'!$O:$O,"<=202403",'CLASSIFICAÇÃO NF'!L:L,$B10)+SUMIFS('CLASSIFICAÇÃO NF'!$N:$N,'CLASSIFICAÇÃO NF'!$O:$O,">=202401",'CLASSIFICAÇÃO NF'!$O:$O,"<=202403",'CLASSIFICAÇÃO NF'!M:M,$B10) -> 195250.3 | M10: =SUMIFS('CLASSIFICAÇÃO NF'!$N:$N,'CLASSIFICAÇÃO NF'!$O:$O,">=202404",'CLASSIFICAÇÃO NF'!$O:$O,"<=202406",'CLASSIFICAÇÃO NF'!I:I,$B10)+SUMIFS('CLASSIFICAÇÃO NF'!$N:$N,'CLASSIFICAÇÃO NF'!$O:$O,">=202404",'CLASSIFICAÇÃO NF'!$O:$O,"<=202406",'CLASSIFICAÇÃO NF'!J:J,$B10)+SUMIFS('CLASSIFICAÇÃO NF'!$N:$N,'CLASSIFICAÇÃO NF'!$O:$O,">=202404",'CLASSIFICAÇÃO NF'!$O:$O,"<=202406",'CLASSIFICAÇÃO NF'!K:K,$B10)+SUMIFS('CLASSIFICAÇÃO NF'!$N:$N,'CLASSIFICAÇÃO NF'!$O:$O,">=202404",'CLASSIFICAÇÃO NF'!$O:$O,"<=202406",'CLASSIFICAÇÃO NF'!L:L,$B10)+SUMIFS('CLASSIFICAÇÃO NF'!$N:$N,'CLASSIFICAÇÃO NF'!$O:$O,">=202404",'CLASSIFICAÇÃO NF'!$O:$O,"<=202406",'CLASSIFICAÇÃO NF'!M:M,$B10) -> 492610.92 | N10: =SUMIFS('CLASSIFICAÇÃO NF'!$N:$N,'CLASSIFICAÇÃO NF'!$O:$O,">=202407",'CLASSIFICAÇÃO NF'!$O:$O,"<=202408",'CLASSIFICAÇÃO NF'!I:I,$B10)+SUMIFS('CLASSIFICAÇÃO NF'!$N:$N,'CLASSIFICAÇÃO NF'!$O:$O,">=202407",'CLASSIFICAÇÃO NF'!$O:$O,"<=202408",'CLASSIFICAÇÃO NF'!J:J,$B10)+SUMIFS('CLASSIFICAÇÃO NF'!$N:$N,'CLASSIFICAÇÃO NF'!$O:$O,">=202407",'CLASSIFICAÇÃO NF'!$O:$O,"<=202408",'CLASSIFICAÇÃO NF'!K:K,$B10)+SUMIFS('CLASSIFICAÇÃO NF'!$N:$N,'CLASSIFICAÇÃO NF'!$O:$O,">=202407",'CLASSIFICAÇÃO NF'!$O:$O,"<=202408",'CLASSIFICAÇÃO NF'!L:L,$B10)+SUMIFS('CLASSIFICAÇÃO NF'!$N:$N,'CLASSIFICAÇÃO NF'!$O:$O,">=202407",'CLASSIFICAÇÃO NF'!$O:$O,"<=202408",'CLASSIFICAÇÃO NF'!M:M,$B10) -> 394105.32 | O10: =SUMIFS('CLASSIFICAÇÃO NF'!$N:$N,'CLASSIFICAÇÃO NF'!$O:$O,">=202409",'CLASSIFICAÇÃO NF'!$O:$O,"<=202410",'CLASSIFICAÇÃO NF'!I:I,$B10)+SUMIFS('CLASSIFICAÇÃO NF'!$N:$N,'CLASSIFICAÇÃO NF'!$O:$O,">=202409",'CLASSIFICAÇÃO NF'!$O:$O,"<=202410",'CLASSIFICAÇÃO NF'!J:J,$B10)+SUMIFS('CLASSIFICAÇÃO NF'!$N:$N,'CLASSIFICAÇÃO NF'!$O:$O,">=202409",'CLASSIFICAÇÃO NF'!$O:$O,"<=202410",'CLASSIFICAÇÃO NF'!K:K,$B10)+SUMIFS('CLASSIFICAÇÃO NF'!$N:$N,'CLASSIFICAÇÃO NF'!$O:$O,">=202409",'CLASSIFICAÇÃO NF'!$O:$O,"<=202410",'CLASSIFICAÇÃO NF'!L:L,$B10)+SUMIFS('CLASSIFICAÇÃO NF'!$N:$N,'CLASSIFICAÇÃO NF'!$O:$O,">=202409",'CLASSIFICAÇÃO NF'!$O:$O,"<=202410",'CLASSIFICAÇÃO NF'!M:M,$B10) -> 563628.73 | P10: =SUMIFS('CLASSIFICAÇÃO NF'!$N:$N,'CLASSIFICAÇÃO NF'!$O:$O,">=202411",'CLASSIFICAÇÃO NF'!$O:$O,"<=202412",'CLASSIFICAÇÃO NF'!I:I,$B10)+SUMIFS('CLASSIFICAÇÃO NF'!$N:$N,'CLASSIFICAÇÃO NF'!$O:$O,">=202411",'CLASSIFICAÇÃO NF'!$O:$O,"<=202412",'CLASSIFICAÇÃO NF'!J:J,$B10)+SUMIFS('CLASSIFICAÇÃO NF'!$N:$N,'CLASSIFICAÇÃO NF'!$O:$O,">=202411",'CLASSIFICAÇÃO NF'!$O:$O,"<=202412",'CLASSIFICAÇÃO NF'!K:K,$B10)+SUMIFS('CLASSIFICAÇÃO NF'!$N:$N,'CLASSIFICAÇÃO NF'!$O:$O,">=202411",'CLASSIFICAÇÃO NF'!$O:$O,"<=202412",'CLASSIFICAÇÃO NF'!L:L,$B10)+SUMIFS('CLASSIFICAÇÃO NF'!$N:$N,'CLASSIFICAÇÃO NF'!$O:$O,">=202411",'CLASSIFICAÇÃO NF'!$O:$O,"<=202412",'CLASSIFICAÇÃO NF'!M:M,$B10) -> 302484.88 | Q10: =SUMIFS('CLASSIFICAÇÃO NF'!$N:$N,'CLASSIFICAÇÃO NF'!$O:$O,">=202501",'CLASSIFICAÇÃO NF'!$O:$O,"<=202502",'CLASSIFICAÇÃO NF'!I:I,$B10)+SUMIFS('CLASSIFICAÇÃO NF'!$N:$N,'CLASSIFICAÇÃO NF'!$O:$O,">=202501",'CLASSIFICAÇÃO NF'!$O:$O,"<=202502",'CLASSIFICAÇÃO NF'!J:J,$B10)+SUMIFS('CLASSIFICAÇÃO NF'!$N:$N,'CLASSIFICAÇÃO NF'!$O:$O,">=202501",'CLASSIFICAÇÃO NF'!$O:$O,"<=202502",'CLASSIFICAÇÃO NF'!K:K,$B10)+SUMIFS('CLASSIFICAÇÃO NF'!$N:$N,'CLASSIFICAÇÃO NF'!$O:$O,">=202501",'CLASSIFICAÇÃO NF'!$O:$O,"<=202502",'CLASSIFICAÇÃO NF'!L:L,$B10)+SUMIFS('CLASSIFICAÇÃO NF'!$N:$N,'CLASSIFICAÇÃO NF'!$O:$O,">=202501",'CLASSIFICAÇÃO NF'!$O:$O,"<=202502",'CLASSIFICAÇÃO NF'!M:M,$B10) -> 242002.51 | R10: =SUMIFS('CLASSIFICAÇÃO NF'!$N:$N,'CLASSIFICAÇÃO NF'!$O:$O,">=202503",'CLASSIFICAÇÃO NF'!$O:$O,"<=202504",'CLASSIFICAÇÃO NF'!I:I,$B10)+SUMIFS('CLASSIFICAÇÃO NF'!$N:$N,'CLASSIFICAÇÃO NF'!$O:$O,">=202503",'CLASSIFICAÇÃO NF'!$O:$O,"<=202504",'CLASSIFICAÇÃO NF'!J:J,$B10)+SUMIFS('CLASSIFICAÇÃO NF'!$N:$N,'CLASSIFICAÇÃO NF'!$O:$O,">=202503",'CLASSIFICAÇÃO NF'!$O:$O,"<=202504",'CLASSIFICAÇÃO NF'!K:K,$B10)+SUMIFS('CLASSIFICAÇÃO NF'!$N:$N,'CLASSIFICAÇÃO NF'!$O:$O,">=202503",'CLASSIFICAÇÃO NF'!$O:$O,"<=202504",'CLASSIFICAÇÃO NF'!L:L,$B10)+SUMIFS('CLASSIFICAÇÃO NF'!$N:$N,'CLASSIFICAÇÃO NF'!$O:$O,">=202503",'CLASSIFICAÇÃO NF'!$O:$O,"<=202504",'CLASSIFICAÇÃO NF'!M:M,$B10) -> 247770.84 | S10: =SUMIFS('CLASSIFICAÇÃO NF'!$N:$N,'CLASSIFICAÇÃO NF'!$O:$O,">=202505",'CLASSIFICAÇÃO NF'!$O:$O,"<=202506",'CLASSIFICAÇÃO NF'!I:I,$B10)+SUMIFS('CLASSIFICAÇÃO NF'!$N:$N,'CLASSIFICAÇÃO NF'!$O:$O,">=202505",'CLASSIFICAÇÃO NF'!$O:$O,"<=202506",'CLASSIFICAÇÃO NF'!J:J,$B10)+SUMIFS('CLASSIFICAÇÃO NF'!$N:$N,'CLASSIFICAÇÃO NF'!$O:$O,">=202505",'CLASSIFICAÇÃO NF'!$O:$O,"<=202506",'CLASSIFICAÇÃO NF'!K:K,$B10)+SUMIFS('CLASSIFICAÇÃO NF'!$N:$N,'CLASSIFICAÇÃO NF'!$O:$O,">=202505",'CLASSIFICAÇÃO NF'!$O:$O,"<=202506",'CLASSIFICAÇÃO NF'!L:L,$B10)+SUMIFS('CLASSIFICAÇÃO NF'!$N:$N,'CLASSIFICAÇÃO NF'!$O:$O,">=202505",'CLASSIFICAÇÃO NF'!$O:$O,"<=202506",'CLASSIFICAÇÃO NF'!M:M,$B10) -> 118381.24 | T10: =SUMIFS('CLASSIFICAÇÃO NF'!$N:$N,'CLASSIFICAÇÃO NF'!$O:$O,">=202507",'CLASSIFICAÇÃO NF'!$O:$O,"<=202508",'CLASSIFICAÇÃO NF'!I:I,$B10)+SUMIFS('CLASSIFICAÇÃO NF'!$N:$N,'CLASSIFICAÇÃO NF'!$O:$O,">=202507",'CLASSIFICAÇÃO NF'!$O:$O,"<=202508",'CLASSIFICAÇÃO NF'!J:J,$B10)+SUMIFS('CLASSIFICAÇÃO NF'!$N:$N,'CLASSIFICAÇÃO NF'!$O:$O,">=202507",'CLASSIFICAÇÃO NF'!$O:$O,"<=202508",'CLASSIFICAÇÃO NF'!K:K,$B10)+SUMIFS('CLASSIFICAÇÃO NF'!$N:$N,'CLASSIFICAÇÃO NF'!$O:$O,">=202507",'CLASSIFICAÇÃO NF'!$O:$O,"<=202508",'CLASSIFICAÇÃO NF'!L:L,$B10)+SUMIFS('CLASSIFICAÇÃO NF'!$N:$N,'CLASSIFICAÇÃO NF'!$O:$O,">=202507",'CLASSIFICAÇÃO NF'!$O:$O,"<=202508",'CLASSIFICAÇÃO NF'!M:M,$B10) -> 58471.95 | U10: =SUMIFS('CLASSIFICAÇÃO NF'!$N:$N,'CLASSIFICAÇÃO NF'!$O:$O,">=202509",'CLASSIFICAÇÃO NF'!$O:$O,"<=202510",'CLASSIFICAÇÃO NF'!I:I,$B10)+SUMIFS('CLASSIFICAÇÃO NF'!$N:$N,'CLASSIFICAÇÃO NF'!$O:$O,">=202509",'CLASSIFICAÇÃO NF'!$O:$O,"<=202510",'CLASSIFICAÇÃO NF'!J:J,$B10)+SUMIFS('CLASSIFICAÇÃO NF'!$N:$N,'CLASSIFICAÇÃO NF'!$O:$O,">=202509",'CLASSIFICAÇÃO NF'!$O:$O,"<=202510",'CLASSIFICAÇÃO NF'!K:K,$B10)+SUMIFS('CLASSIFICAÇÃO NF'!$N:$N,'CLASSIFICAÇÃO NF'!$O:$O,">=202509",'CLASSIFICAÇÃO NF'!$O:$O,"<=202510",'CLASSIFICAÇÃO NF'!L:L,$B10)+SUMIFS('CLASSIFICAÇÃO NF'!$N:$N,'CLASSIFICAÇÃO NF'!$O:$O,">=202509",'CLASSIFICAÇÃO NF'!$O:$O,"<=202510",'CLASSIFICAÇÃO NF'!M:M,$B10) -> 200380.97 | V10: =SUMIFS('CLASSIFICAÇÃO NF'!$N:$N,'CLASSIFICAÇÃO NF'!$O:$O,">=202511",'CLASSIFICAÇÃO NF'!$O:$O,"<=202512",'CLASSIFICAÇÃO NF'!I:I,$B10)+SUMIFS('CLASSIFICAÇÃO NF'!$N:$N,'CLASSIFICAÇÃO NF'!$O:$O,">=202511",'CLASSIFICAÇÃO NF'!$O:$O,"<=202512",'CLASSIFICAÇÃO NF'!J:J,$B10)+SUMIFS('CLASSIFICAÇÃO NF'!$N:$N,'CLASSIFICAÇÃO NF'!$O:$O,">=202511",'CLASSIFICAÇÃO NF'!$O:$O,"<=202512",'CLASSIFICAÇÃO NF'!K:K,$B10)+SUMIFS('CLASSIFICAÇÃO NF'!$N:$N,'CLASSIFICAÇÃO NF'!$O:$O,">=202511",'CLASSIFICAÇÃO NF'!$O:$O,"<=202512",'CLASSIFICAÇÃO NF'!L:L,$B10)+SUMIFS('CLASSIFICAÇÃO NF'!$N:$N,'CLASSIFICAÇÃO NF'!$O:$O,">=202511",'CLASSIFICAÇÃO NF'!$O:$O,"<=202512",'CLASSIFICAÇÃO NF'!M:M,$B10) -> 5311.99 | W10: =SUMIFS('CLASSIFICAÇÃO NF'!$N:$N,'CLASSIFICAÇÃO NF'!$O:$O,">=202601",'CLASSIFICAÇÃO NF'!$O:$O,"<=202602",'CLASSIFICAÇÃO NF'!I:I,$B10)+SUMIFS('CLASSIFICAÇÃO NF'!$N:$N,'CLASSIFICAÇÃO NF'!$O:$O,">=202601",'CLASSIFICAÇÃO NF'!$O:$O,"<=202602",'CLASSIFICAÇÃO NF'!J:J,$B10)+SUMIFS('CLASSIFICAÇÃO NF'!$N:$N,'CLASSIFICAÇÃO NF'!$O:$O,">=202601",'CLASSIFICAÇÃO NF'!$O:$O,"<=202602",'CLASSIFICAÇÃO NF'!K:K,$B10)+SUMIFS('CLASSIFICAÇÃO NF'!$N:$N,'CLASSIFICAÇÃO NF'!$O:$O,">=202601",'CLASSIFICAÇÃO NF'!$O:$O,"<=202602",'CLASSIFICAÇÃO NF'!L:L,$B10)+SUMIFS('CLASSIFICAÇÃO NF'!$N:$N,'CLASSIFICAÇÃO NF'!$O:$O,">=202601",'CLASSIFICAÇÃO NF'!$O:$O,"<=202602",'CLASSIFICAÇÃO NF'!M:M,$B10) -> 0 | X10: =SUMIFS('CLASSIFICAÇÃO NF'!$N:$N,'CLASSIFICAÇÃO NF'!$O:$O,">=202603",'CLASSIFICAÇÃO NF'!$O:$O,"<=202604",'CLASSIFICAÇÃO NF'!I:I,$B10)+SUMIFS('CLASSIFICAÇÃO NF'!$N:$N,'CLASSIFICAÇÃO NF'!$O:$O,">=202603",'CLASSIFICAÇÃO NF'!$O:$O,"<=202604",'CLASSIFICAÇÃO NF'!J:J,$B10)+SUMIFS('CLASSIFICAÇÃO NF'!$N:$N,'CLASSIFICAÇÃO NF'!$O:$O,">=202603",'CLASSIFICAÇÃO NF'!$O:$O,"<=202604",'CLASSIFICAÇÃO NF'!K:K,$B10)+SUMIFS('CLASSIFICAÇÃO NF'!$N:$N,'CLASSIFICAÇÃO NF'!$O:$O,">=202603",'CLASSIFICAÇÃO NF'!$O:$O,"<=202604",'CLASSIFICAÇÃO NF'!L:L,$B10)+SUMIFS('CLASSIFICAÇÃO NF'!$N:$N,'CLASSIFICAÇÃO NF'!$O:$O,">=202603",'CLASSIFICAÇÃO NF'!$O:$O,"<=202604",'CLASSIFICAÇÃO NF'!M:M,$B10) -> 0 | Y10: =SUMIFS('CLASSIFICAÇÃO NF'!$N:$N,'CLASSIFICAÇÃO NF'!$O:$O,">=202605",'CLASSIFICAÇÃO NF'!$O:$O,"<=202606",'CLASSIFICAÇÃO NF'!I:I,$B10)+SUMIFS('CLASSIFICAÇÃO NF'!$N:$N,'CLASSIFICAÇÃO NF'!$O:$O,">=202605",'CLASSIFICAÇÃO NF'!$O:$O,"<=202606",'CLASSIFICAÇÃO NF'!J:J,$B10)+SUMIFS('CLASSIFICAÇÃO NF'!$N:$N,'CLASSIFICAÇÃO NF'!$O:$O,">=202605",'CLASSIFICAÇÃO NF'!$O:$O,"<=202606",'CLASSIFICAÇÃO NF'!K:K,$B10)+SUMIFS('CLASSIFICAÇÃO NF'!$N:$N,'CLASSIFICAÇÃO NF'!$O:$O,">=202605",'CLASSIFICAÇÃO NF'!$O:$O,"<=202606",'CLASSIFICAÇÃO NF'!L:L,$B10)+SUMIFS('CLASSIFICAÇÃO NF'!$N:$N,'CLASSIFICAÇÃO NF'!$O:$O,">=202605",'CLASSIFICAÇÃO NF'!$O:$O,"<=202606",'CLASSIFICAÇÃO NF'!M:M,$B10) -> 0 | Z10: =SUMIFS('CLASSIFICAÇÃO NF'!$N:$N,'CLASSIFICAÇÃO NF'!$O:$O,">=202607",'CLASSIFICAÇÃO NF'!$O:$O,"<=202608",'CLASSIFICAÇÃO NF'!I:I,$B10)+SUMIFS('CLASSIFICAÇÃO NF'!$N:$N,'CLASSIFICAÇÃO NF'!$O:$O,">=202607",'CLASSIFICAÇÃO NF'!$O:$O,"<=202608",'CLASSIFICAÇÃO NF'!J:J,$B10)+SUMIFS('CLASSIFICAÇÃO NF'!$N:$N,'CLASSIFICAÇÃO NF'!$O:$O,">=202607",'CLASSIFICAÇÃO NF'!$O:$O,"<=202608",'CLASSIFICAÇÃO NF'!K:K,$B10)+SUMIFS('CLASSIFICAÇÃO NF'!$N:$N,'CLASSIFICAÇÃO NF'!$O:$O,">=202607",'CLASSIFICAÇÃO NF'!$O:$O,"<=202608",'CLASSIFICAÇÃO NF'!L:L,$B10)+SUMIFS('CLASSIFICAÇÃO NF'!$N:$N,'CLASSIFICAÇÃO NF'!$O:$O,">=202607",'CLASSIFICAÇÃO NF'!$O:$O,"<=202608",'CLASSIFICAÇÃO NF'!M:M,$B10) -> 0 | AA10: =SUMIFS('CLASSIFICAÇÃO NF'!$N:$N,'CLASSIFICAÇÃO NF'!$O:$O,">=202609",'CLASSIFICAÇÃO NF'!$O:$O,"<=202610",'CLASSIFICAÇÃO NF'!I:I,$B10)+SUMIFS('CLASSIFICAÇÃO NF'!$N:$N,'CLASSIFICAÇÃO NF'!$O:$O,">=202609",'CLASSIFICAÇÃO NF'!$O:$O,"<=202610",'CLASSIFICAÇÃO NF'!J:J,$B10)+SUMIFS('CLASSIFICAÇÃO NF'!$N:$N,'CLASSIFICAÇÃO NF'!$O:$O,">=202609",'CLASSIFICAÇÃO NF'!$O:$O,"<=202610",'CLASSIFICAÇÃO NF'!K:K,$B10)+SUMIFS('CLASSIFICAÇÃO NF'!$N:$N,'CLASSIFICAÇÃO NF'!$O:$O,">=202609",'CLASSIFICAÇÃO NF'!$O:$O,"<=202610",'CLASSIFICAÇÃO NF'!L:L,$B10)+SUMIFS('CLASSIFICAÇÃO NF'!$N:$N,'CLASSIFICAÇÃO NF'!$O:$O,">=202609",'CLASSIFICAÇÃO NF'!$O:$O,"<=202610",'CLASSIFICAÇÃO NF'!M:M,$B10) -> 0 | AB10: =SUMIFS('CLASSIFICAÇÃO NF'!$N:$N,'CLASSIFICAÇÃO NF'!$O:$O,">=202611",'CLASSIFICAÇÃO NF'!$O:$O,"<=202612",'CLASSIFICAÇÃO NF'!I:I,$B10)+SUMIFS('CLASSIFICAÇÃO NF'!$N:$N,'CLASSIFICAÇÃO NF'!$O:$O,">=202611",'CLASSIFICAÇÃO NF'!$O:$O,"<=202612",'CLASSIFICAÇÃO NF'!J:J,$B10)+SUMIFS('CLASSIFICAÇÃO NF'!$N:$N,'CLASSIFICAÇÃO NF'!$O:$O,">=202610",'CLASSIFICAÇÃO NF'!$O:$O,"<=202612",'CLASSIFICAÇÃO NF'!K:K,$B10)+SUMIFS('CLASSIFICAÇÃO NF'!$N:$N,'CLASSIFICAÇÃO NF'!$O:$O,">=202610",'CLASSIFICAÇÃO NF'!$O:$O,"<=202612",'CLASSIFICAÇÃO NF'!L:L,$B10)+SUMIFS('CLASSIFICAÇÃO NF'!$N:$N,'CLASSIFICAÇÃO NF'!$O:$O,">=202611",'CLASSIFICAÇÃO NF'!$O:$O,"<=202612",'CLASSIFICAÇÃO NF'!M:M,$B10) -> 0
A11: 45717 | B11: OUTROS CUSTOS | C11: =SUMIF('CLASSIFICAÇÃO NF'!I:I,B11,'CLASSIFICAÇÃO NF'!N:N)+SUMIF('CLASSIFICAÇÃO NF'!J:J,B11,'CLASSIFICAÇÃO NF'!N:N)+SUMIF('CLASSIFICAÇÃO NF'!K:K,B11,'CLASSIFICAÇÃO NF'!N:N)+SUMIF('CLASSIFICAÇÃO NF'!L:L,B11,'CLASSIFICAÇÃO NF'!N:N)+SUMIF('CLASSIFICAÇÃO NF'!M:M,B11,'CLASSIFICAÇÃO NF'!N:N) -> 2325480.6 | D11: =C11/E11 -> 2.8652828 | E11: 811605.97 | F11: =C11/G11 -> 1.3829575 | G11: 1681527.2 | H11: =SUMIFS('CLASSIFICAÇÃO NF'!$N:$N,'CLASSIFICAÇÃO NF'!$O:$O,">=202301",'CLASSIFICAÇÃO NF'!$O:$O,"<=202303",'CLASSIFICAÇÃO NF'!I:I,$B11)+SUMIFS('CLASSIFICAÇÃO NF'!$N:$N,'CLASSIFICAÇÃO NF'!$O:$O,">=202301",'CLASSIFICAÇÃO NF'!$O:$O,"<=202303",'CLASSIFICAÇÃO NF'!J:J,$B11)+SUMIFS('CLASSIFICAÇÃO NF'!$N:$N,'CLASSIFICAÇÃO NF'!$O:$O,">=202301",'CLASSIFICAÇÃO NF'!$O:$O,"<=202303",'CLASSIFICAÇÃO NF'!K:K,$B11)+SUMIFS('CLASSIFICAÇÃO NF'!$N:$N,'CLASSIFICAÇÃO NF'!$O:$O,">=202301",'CLASSIFICAÇÃO NF'!$O:$O,"<=202303",'CLASSIFICAÇÃO NF'!L:L,$B11)+SUMIFS('CLASSIFICAÇÃO NF'!$N:$N,'CLASSIFICAÇÃO NF'!$O:$O,">=202301",'CLASSIFICAÇÃO NF'!$O:$O,"<=202303",'CLASSIFICAÇÃO NF'!M:M,$B11) -> 74049.13 | I11: =SUMIFS('CLASSIFICAÇÃO NF'!$N:$N,'CLASSIFICAÇÃO NF'!$O:$O,">=202304",'CLASSIFICAÇÃO NF'!$O:$O,"<=202306",'CLASSIFICAÇÃO NF'!I:I,$B11)+SUMIFS('CLASSIFICAÇÃO NF'!$N:$N,'CLASSIFICAÇÃO NF'!$O:$O,">=202304",'CLASSIFICAÇÃO NF'!$O:$O,"<=202306",'CLASSIFICAÇÃO NF'!J:J,$B11)+SUMIFS('CLASSIFICAÇÃO NF'!$N:$N,'CLASSIFICAÇÃO NF'!$O:$O,">=202304",'CLASSIFICAÇÃO NF'!$O:$O,"<=202306",'CLASSIFICAÇÃO NF'!K:K,$B11)+SUMIFS('CLASSIFICAÇÃO NF'!$N:$N,'CLASSIFICAÇÃO NF'!$O:$O,">=202304",'CLASSIFICAÇÃO NF'!$O:$O,"<=202306",'CLASSIFICAÇÃO NF'!L:L,$B11)+SUMIFS('CLASSIFICAÇÃO NF'!$N:$N,'CLASSIFICAÇÃO NF'!$O:$O,">=202304",'CLASSIFICAÇÃO NF'!$O:$O,"<=202306",'CLASSIFICAÇÃO NF'!M:M,$B11) -> 100236.01 | J11: =SUMIFS('CLASSIFICAÇÃO NF'!$N:$N,'CLASSIFICAÇÃO NF'!$O:$O,">=202307",'CLASSIFICAÇÃO NF'!$O:$O,"<=202309",'CLASSIFICAÇÃO NF'!I:I,$B11)+SUMIFS('CLASSIFICAÇÃO NF'!$N:$N,'CLASSIFICAÇÃO NF'!$O:$O,">=202307",'CLASSIFICAÇÃO NF'!$O:$O,"<=202309",'CLASSIFICAÇÃO NF'!J:J,$B11)+SUMIFS('CLASSIFICAÇÃO NF'!$N:$N,'CLASSIFICAÇÃO NF'!$O:$O,">=202307",'CLASSIFICAÇÃO NF'!$O:$O,"<=202309",'CLASSIFICAÇÃO NF'!K:K,$B11)+SUMIFS('CLASSIFICAÇÃO NF'!$N:$N,'CLASSIFICAÇÃO NF'!$O:$O,">=202307",'CLASSIFICAÇÃO NF'!$O:$O,"<=202309",'CLASSIFICAÇÃO NF'!L:L,$B11)+SUMIFS('CLASSIFICAÇÃO NF'!$N:$N,'CLASSIFICAÇÃO NF'!$O:$O,">=202307",'CLASSIFICAÇÃO NF'!$O:$O,"<=202309",'CLASSIFICAÇÃO NF'!M:M,$B11) -> 117501.29 | K11: =SUMIFS('CLASSIFICAÇÃO NF'!$N:$N,'CLASSIFICAÇÃO NF'!$O:$O,">=202310",'CLASSIFICAÇÃO NF'!$O:$O,"<=202312",'CLASSIFICAÇÃO NF'!I:I,$B11)+SUMIFS('CLASSIFICAÇÃO NF'!$N:$N,'CLASSIFICAÇÃO NF'!$O:$O,">=202310",'CLASSIFICAÇÃO NF'!$O:$O,"<=202312",'CLASSIFICAÇÃO NF'!J:J,$B11)+SUMIFS('CLASSIFICAÇÃO NF'!$N:$N,'CLASSIFICAÇÃO NF'!$O:$O,">=202310",'CLASSIFICAÇÃO NF'!$O:$O,"<=202312",'CLASSIFICAÇÃO NF'!K:K,$B11)+SUMIFS('CLASSIFICAÇÃO NF'!$N:$N,'CLASSIFICAÇÃO NF'!$O:$O,">=202310",'CLASSIFICAÇÃO NF'!$O:$O,"<=202312",'CLASSIFICAÇÃO NF'!L:L,$B11)+SUMIFS('CLASSIFICAÇÃO NF'!$N:$N,'CLASSIFICAÇÃO NF'!$O:$O,">=202310",'CLASSIFICAÇÃO NF'!$O:$O,"<=202312",'CLASSIFICAÇÃO NF'!M:M,$B11) -> 101290 | L11: =SUMIFS('CLASSIFICAÇÃO NF'!$N:$N,'CLASSIFICAÇÃO NF'!$O:$O,">=202401",'CLASSIFICAÇÃO NF'!$O:$O,"<=202403",'CLASSIFICAÇÃO NF'!I:I,$B11)+SUMIFS('CLASSIFICAÇÃO NF'!$N:$N,'CLASSIFICAÇÃO NF'!$O:$O,">=202401",'CLASSIFICAÇÃO NF'!$O:$O,"<=202403",'CLASSIFICAÇÃO NF'!J:J,$B11)+SUMIFS('CLASSIFICAÇÃO NF'!$N:$N,'CLASSIFICAÇÃO NF'!$O:$O,">=202401",'CLASSIFICAÇÃO NF'!$O:$O,"<=202403",'CLASSIFICAÇÃO NF'!K:K,$B11)+SUMIFS('CLASSIFICAÇÃO NF'!$N:$N,'CLASSIFICAÇÃO NF'!$O:$O,">=202401",'CLASSIFICAÇÃO NF'!$O:$O,"<=202403",'CLASSIFICAÇÃO NF'!L:L,$B11)+SUMIFS('CLASSIFICAÇÃO NF'!$N:$N,'CLASSIFICAÇÃO NF'!$O:$O,">=202401",'CLASSIFICAÇÃO NF'!$O:$O,"<=202403",'CLASSIFICAÇÃO NF'!M:M,$B11) -> 105484.43 | M11: =SUMIFS('CLASSIFICAÇÃO NF'!$N:$N,'CLASSIFICAÇÃO NF'!$O:$O,">=202404",'CLASSIFICAÇÃO NF'!$O:$O,"<=202406",'CLASSIFICAÇÃO NF'!I:I,$B11)+SUMIFS('CLASSIFICAÇÃO NF'!$N:$N,'CLASSIFICAÇÃO NF'!$O:$O,">=202404",'CLASSIFICAÇÃO NF'!$O:$O,"<=202406",'CLASSIFICAÇÃO NF'!J:J,$B11)+SUMIFS('CLASSIFICAÇÃO NF'!$N:$N,'CLASSIFICAÇÃO NF'!$O:$O,">=202404",'CLASSIFICAÇÃO NF'!$O:$O,"<=202406",'CLASSIFICAÇÃO NF'!K:K,$B11)+SUMIFS('CLASSIFICAÇÃO NF'!$N:$N,'CLASSIFICAÇÃO NF'!$O:$O,">=202404",'CLASSIFICAÇÃO NF'!$O:$O,"<=202406",'CLASSIFICAÇÃO NF'!L:L,$B11)+SUMIFS('CLASSIFICAÇÃO NF'!$N:$N,'CLASSIFICAÇÃO NF'!$O:$O,">=202404",'CLASSIFICAÇÃO NF'!$O:$O,"<=202406",'CLASSIFICAÇÃO NF'!M:M,$B11) -> 131407.53 | N11: =SUMIFS('CLASSIFICAÇÃO NF'!$N:$N,'CLASSIFICAÇÃO NF'!$O:$O,">=202407",'CLASSIFICAÇÃO NF'!$O:$O,"<=202408",'CLASSIFICAÇÃO NF'!I:I,$B11)+SUMIFS('CLASSIFICAÇÃO NF'!$N:$N,'CLASSIFICAÇÃO NF'!$O:$O,">=202407",'CLASSIFICAÇÃO NF'!$O:$O,"<=202408",'CLASSIFICAÇÃO NF'!J:J,$B11)+SUMIFS('CLASSIFICAÇÃO NF'!$N:$N,'CLASSIFICAÇÃO NF'!$O:$O,">=202407",'CLASSIFICAÇÃO NF'!$O:$O,"<=202408",'CLASSIFICAÇÃO NF'!K:K,$B11)+SUMIFS('CLASSIFICAÇÃO NF'!$N:$N,'CLASSIFICAÇÃO NF'!$O:$O,">=202407",'CLASSIFICAÇÃO NF'!$O:$O,"<=202408",'CLASSIFICAÇÃO NF'!L:L,$B11)+SUMIFS('CLASSIFICAÇÃO NF'!$N:$N,'CLASSIFICAÇÃO NF'!$O:$O,">=202407",'CLASSIFICAÇÃO NF'!$O:$O,"<=202408",'CLASSIFICAÇÃO NF'!M:M,$B11) -> 96413.62 | O11: =SUMIFS('CLASSIFICAÇÃO NF'!$N:$N,'CLASSIFICAÇÃO NF'!$O:$O,">=202409",'CLASSIFICAÇÃO NF'!$O:$O,"<=202410",'CLASSIFICAÇÃO NF'!I:I,$B11)+SUMIFS('CLASSIFICAÇÃO NF'!$N:$N,'CLASSIFICAÇÃO NF'!$O:$O,">=202409",'CLASSIFICAÇÃO NF'!$O:$O,"<=202410",'CLASSIFICAÇÃO NF'!J:J,$B11)+SUMIFS('CLASSIFICAÇÃO NF'!$N:$N,'CLASSIFICAÇÃO NF'!$O:$O,">=202409",'CLASSIFICAÇÃO NF'!$O:$O,"<=202410",'CLASSIFICAÇÃO NF'!K:K,$B11)+SUMIFS('CLASSIFICAÇÃO NF'!$N:$N,'CLASSIFICAÇÃO NF'!$O:$O,">=202409",'CLASSIFICAÇÃO NF'!$O:$O,"<=202410",'CLASSIFICAÇÃO NF'!L:L,$B11)+SUMIFS('CLASSIFICAÇÃO NF'!$N:$N,'CLASSIFICAÇÃO NF'!$O:$O,">=202409",'CLASSIFICAÇÃO NF'!$O:$O,"<=202410",'CLASSIFICAÇÃO NF'!M:M,$B11) -> 96413.62 | P11: =SUMIFS('CLASSIFICAÇÃO NF'!$N:$N,'CLASSIFICAÇÃO NF'!$O:$O,">=202411",'CLASSIFICAÇÃO NF'!$O:$O,"<=202412",'CLASSIFICAÇÃO NF'!I:I,$B11)+SUMIFS('CLASSIFICAÇÃO NF'!$N:$N,'CLASSIFICAÇÃO NF'!$O:$O,">=202411",'CLASSIFICAÇÃO NF'!$O:$O,"<=202412",'CLASSIFICAÇÃO NF'!J:J,$B11)+SUMIFS('CLASSIFICAÇÃO NF'!$N:$N,'CLASSIFICAÇÃO NF'!$O:$O,">=202411",'CLASSIFICAÇÃO NF'!$O:$O,"<=202412",'CLASSIFICAÇÃO NF'!K:K,$B11)+SUMIFS('CLASSIFICAÇÃO NF'!$N:$N,'CLASSIFICAÇÃO NF'!$O:$O,">=202411",'CLASSIFICAÇÃO NF'!$O:$O,"<=202412",'CLASSIFICAÇÃO NF'!L:L,$B11)+SUMIFS('CLASSIFICAÇÃO NF'!$N:$N,'CLASSIFICAÇÃO NF'!$O:$O,">=202411",'CLASSIFICAÇÃO NF'!$O:$O,"<=202412",'CLASSIFICAÇÃO NF'!M:M,$B11) -> 96413.62 | Q11: =SUMIFS('CLASSIFICAÇÃO NF'!$N:$N,'CLASSIFICAÇÃO NF'!$O:$O,">=202501",'CLASSIFICAÇÃO NF'!$O:$O,"<=202502",'CLASSIFICAÇÃO NF'!I:I,$B11)+SUMIFS('CLASSIFICAÇÃO NF'!$N:$N,'CLASSIFICAÇÃO NF'!$O:$O,">=202501",'CLASSIFICAÇÃO NF'!$O:$O,"<=202502",'CLASSIFICAÇÃO NF'!J:J,$B11)+SUMIFS('CLASSIFICAÇÃO NF'!$N:$N,'CLASSIFICAÇÃO NF'!$O:$O,">=202501",'CLASSIFICAÇÃO NF'!$O:$O,"<=202502",'CLASSIFICAÇÃO NF'!K:K,$B11)+SUMIFS('CLASSIFICAÇÃO NF'!$N:$N,'CLASSIFICAÇÃO NF'!$O:$O,">=202501",'CLASSIFICAÇÃO NF'!$O:$O,"<=202502",'CLASSIFICAÇÃO NF'!L:L,$B11)+SUMIFS('CLASSIFICAÇÃO NF'!$N:$N,'CLASSIFICAÇÃO NF'!$O:$O,">=202501",'CLASSIFICAÇÃO NF'!$O:$O,"<=202502",'CLASSIFICAÇÃO NF'!M:M,$B11) -> 97261.62 | R11: =SUMIFS('CLASSIFICAÇÃO NF'!$N:$N,'CLASSIFICAÇÃO NF'!$O:$O,">=202503",'CLASSIFICAÇÃO NF'!$O:$O,"<=202504",'CLASSIFICAÇÃO NF'!I:I,$B11)+SUMIFS('CLASSIFICAÇÃO NF'!$N:$N,'CLASSIFICAÇÃO NF'!$O:$O,">=202503",'CLASSIFICAÇÃO NF'!$O:$O,"<=202504",'CLASSIFICAÇÃO NF'!J:J,$B11)+SUMIFS('CLASSIFICAÇÃO NF'!$N:$N,'CLASSIFICAÇÃO NF'!$O:$O,">=202503",'CLASSIFICAÇÃO NF'!$O:$O,"<=202504",'CLASSIFICAÇÃO NF'!K:K,$B11)+SUMIFS('CLASSIFICAÇÃO NF'!$N:$N,'CLASSIFICAÇÃO NF'!$O:$O,">=202503",'CLASSIFICAÇÃO NF'!$O:$O,"<=202504",'CLASSIFICAÇÃO NF'!L:L,$B11)+SUMIFS('CLASSIFICAÇÃO NF'!$N:$N,'CLASSIFICAÇÃO NF'!$O:$O,">=202503",'CLASSIFICAÇÃO NF'!$O:$O,"<=202504",'CLASSIFICAÇÃO NF'!M:M,$B11) -> 113715.51 | S11: =SUMIFS('CLASSIFICAÇÃO NF'!$N:$N,'CLASSIFICAÇÃO NF'!$O:$O,">=202505",'CLASSIFICAÇÃO NF'!$O:$O,"<=202506",'CLASSIFICAÇÃO NF'!I:I,$B11)+SUMIFS('CLASSIFICAÇÃO NF'!$N:$N,'CLASSIFICAÇÃO NF'!$O:$O,">=202505",'CLASSIFICAÇÃO NF'!$O:$O,"<=202506",'CLASSIFICAÇÃO NF'!J:J,$B11)+SUMIFS('CLASSIFICAÇÃO NF'!$N:$N,'CLASSIFICAÇÃO NF'!$O:$O,">=202505",'CLASSIFICAÇÃO NF'!$O:$O,"<=202506",'CLASSIFICAÇÃO NF'!K:K,$B11)+SUMIFS('CLASSIFICAÇÃO NF'!$N:$N,'CLASSIFICAÇÃO NF'!$O:$O,">=202505",'CLASSIFICAÇÃO NF'!$O:$O,"<=202506",'CLASSIFICAÇÃO NF'!L:L,$B11)+SUMIFS('CLASSIFICAÇÃO NF'!$N:$N,'CLASSIFICAÇÃO NF'!$O:$O,">=202505",'CLASSIFICAÇÃO NF'!$O:$O,"<=202506",'CLASSIFICAÇÃO NF'!M:M,$B11) -> 126090.89 | T11: =SUMIFS('CLASSIFICAÇÃO NF'!$N:$N,'CLASSIFICAÇÃO NF'!$O:$O,">=202507",'CLASSIFICAÇÃO NF'!$O:$O,"<=202508",'CLASSIFICAÇÃO NF'!I:I,$B11)+SUMIFS('CLASSIFICAÇÃO NF'!$N:$N,'CLASSIFICAÇÃO NF'!$O:$O,">=202507",'CLASSIFICAÇÃO NF'!$O:$O,"<=202508",'CLASSIFICAÇÃO NF'!J:J,$B11)+SUMIFS('CLASSIFICAÇÃO NF'!$N:$N,'CLASSIFICAÇÃO NF'!$O:$O,">=202507",'CLASSIFICAÇÃO NF'!$O:$O,"<=202508",'CLASSIFICAÇÃO NF'!K:K,$B11)+SUMIFS('CLASSIFICAÇÃO NF'!$N:$N,'CLASSIFICAÇÃO NF'!$O:$O,">=202507",'CLASSIFICAÇÃO NF'!$O:$O,"<=202508",'CLASSIFICAÇÃO NF'!L:L,$B11)+SUMIFS('CLASSIFICAÇÃO NF'!$N:$N,'CLASSIFICAÇÃO NF'!$O:$O,">=202507",'CLASSIFICAÇÃO NF'!$O:$O,"<=202508",'CLASSIFICAÇÃO NF'!M:M,$B11) -> 1069203.4 | U11: =SUMIFS('CLASSIFICAÇÃO NF'!$N:$N,'CLASSIFICAÇÃO NF'!$O:$O,">=202509",'CLASSIFICAÇÃO NF'!$O:$O,"<=202510",'CLASSIFICAÇÃO NF'!I:I,$B11)+SUMIFS('CLASSIFICAÇÃO NF'!$N:$N,'CLASSIFICAÇÃO NF'!$O:$O,">=202509",'CLASSIFICAÇÃO NF'!$O:$O,"<=202510",'CLASSIFICAÇÃO NF'!J:J,$B11)+SUMIFS('CLASSIFICAÇÃO NF'!$N:$N,'CLASSIFICAÇÃO NF'!$O:$O,">=202509",'CLASSIFICAÇÃO NF'!$O:$O,"<=202510",'CLASSIFICAÇÃO NF'!K:K,$B11)+SUMIFS('CLASSIFICAÇÃO NF'!$N:$N,'CLASSIFICAÇÃO NF'!$O:$O,">=202509",'CLASSIFICAÇÃO NF'!$O:$O,"<=202510",'CLASSIFICAÇÃO NF'!L:L,$B11)+SUMIFS('CLASSIFICAÇÃO NF'!$N:$N,'CLASSIFICAÇÃO NF'!$O:$O,">=202509",'CLASSIFICAÇÃO NF'!$O:$O,"<=202510",'CLASSIFICAÇÃO NF'!M:M,$B11) -> 0 | V11: =SUMIFS('CLASSIFICAÇÃO NF'!$N:$N,'CLASSIFICAÇÃO NF'!$O:$O,">=202511",'CLASSIFICAÇÃO NF'!$O:$O,"<=202512",'CLASSIFICAÇÃO NF'!I:I,$B11)+SUMIFS('CLASSIFICAÇÃO NF'!$N:$N,'CLASSIFICAÇÃO NF'!$O:$O,">=202511",'CLASSIFICAÇÃO NF'!$O:$O,"<=202512",'CLASSIFICAÇÃO NF'!J:J,$B11)+SUMIFS('CLASSIFICAÇÃO NF'!$N:$N,'CLASSIFICAÇÃO NF'!$O:$O,">=202511",'CLASSIFICAÇÃO NF'!$O:$O,"<=202512",'CLASSIFICAÇÃO NF'!K:K,$B11)+SUMIFS('CLASSIFICAÇÃO NF'!$N:$N,'CLASSIFICAÇÃO NF'!$O:$O,">=202511",'CLASSIFICAÇÃO NF'!$O:$O,"<=202512",'CLASSIFICAÇÃO NF'!L:L,$B11)+SUMIFS('CLASSIFICAÇÃO NF'!$N:$N,'CLASSIFICAÇÃO NF'!$O:$O,">=202511",'CLASSIFICAÇÃO NF'!$O:$O,"<=202512",'CLASSIFICAÇÃO NF'!M:M,$B11) -> 0 | W11: =SUMIFS('CLASSIFICAÇÃO NF'!$N:$N,'CLASSIFICAÇÃO NF'!$O:$O,">=202601",'CLASSIFICAÇÃO NF'!$O:$O,"<=202602",'CLASSIFICAÇÃO NF'!I:I,$B11)+SUMIFS('CLASSIFICAÇÃO NF'!$N:$N,'CLASSIFICAÇÃO NF'!$O:$O,">=202601",'CLASSIFICAÇÃO NF'!$O:$O,"<=202602",'CLASSIFICAÇÃO NF'!J:J,$B11)+SUMIFS('CLASSIFICAÇÃO NF'!$N:$N,'CLASSIFICAÇÃO NF'!$O:$O,">=202601",'CLASSIFICAÇÃO NF'!$O:$O,"<=202602",'CLASSIFICAÇÃO NF'!K:K,$B11)+SUMIFS('CLASSIFICAÇÃO NF'!$N:$N,'CLASSIFICAÇÃO NF'!$O:$O,">=202601",'CLASSIFICAÇÃO NF'!$O:$O,"<=202602",'CLASSIFICAÇÃO NF'!L:L,$B11)+SUMIFS('CLASSIFICAÇÃO NF'!$N:$N,'CLASSIFICAÇÃO NF'!$O:$O,">=202601",'CLASSIFICAÇÃO NF'!$O:$O,"<=202602",'CLASSIFICAÇÃO NF'!M:M,$B11) -> 0 | X11: =SUMIFS('CLASSIFICAÇÃO NF'!$N:$N,'CLASSIFICAÇÃO NF'!$O:$O,">=202603",'CLASSIFICAÇÃO NF'!$O:$O,"<=202604",'CLASSIFICAÇÃO NF'!I:I,$B11)+SUMIFS('CLASSIFICAÇÃO NF'!$N:$N,'CLASSIFICAÇÃO NF'!$O:$O,">=202603",'CLASSIFICAÇÃO NF'!$O:$O,"<=202604",'CLASSIFICAÇÃO NF'!J:J,$B11)+SUMIFS('CLASSIFICAÇÃO NF'!$N:$N,'CLASSIFICAÇÃO NF'!$O:$O,">=202603",'CLASSIFICAÇÃO NF'!$O:$O,"<=202604",'CLASSIFICAÇÃO NF'!K:K,$B11)+SUMIFS('CLASSIFICAÇÃO NF'!$N:$N,'CLASSIFICAÇÃO NF'!$O:$O,">=202603",'CLASSIFICAÇÃO NF'!$O:$O,"<=202604",'CLASSIFICAÇÃO NF'!L:L,$B11)+SUMIFS('CLASSIFICAÇÃO NF'!$N:$N,'CLASSIFICAÇÃO NF'!$O:$O,">=202603",'CLASSIFICAÇÃO NF'!$O:$O,"<=202604",'CLASSIFICAÇÃO NF'!M:M,$B11) -> 0 | Y11: =SUMIFS('CLASSIFICAÇÃO NF'!$N:$N,'CLASSIFICAÇÃO NF'!$O:$O,">=202605",'CLASSIFICAÇÃO NF'!$O:$O,"<=202606",'CLASSIFICAÇÃO NF'!I:I,$B11)+SUMIFS('CLASSIFICAÇÃO NF'!$N:$N,'CLASSIFICAÇÃO NF'!$O:$O,">=202605",'CLASSIFICAÇÃO NF'!$O:$O,"<=202606",'CLASSIFICAÇÃO NF'!J:J,$B11)+SUMIFS('CLASSIFICAÇÃO NF'!$N:$N,'CLASSIFICAÇÃO NF'!$O:$O,">=202605",'CLASSIFICAÇÃO NF'!$O:$O,"<=202606",'CLASSIFICAÇÃO NF'!K:K,$B11)+SUMIFS('CLASSIFICAÇÃO NF'!$N:$N,'CLASSIFICAÇÃO NF'!$O:$O,">=202605",'CLASSIFICAÇÃO NF'!$O:$O,"<=202606",'CLASSIFICAÇÃO NF'!L:L,$B11)+SUMIFS('CLASSIFICAÇÃO NF'!$N:$N,'CLASSIFICAÇÃO NF'!$O:$O,">=202605",'CLASSIFICAÇÃO NF'!$O:$O,"<=202606",'CLASSIFICAÇÃO NF'!M:M,$B11) -> 0 | Z11: =SUMIFS('CLASSIFICAÇÃO NF'!$N:$N,'CLASSIFICAÇÃO NF'!$O:$O,">=202607",'CLASSIFICAÇÃO NF'!$O:$O,"<=202608",'CLASSIFICAÇÃO NF'!I:I,$B11)+SUMIFS('CLASSIFICAÇÃO NF'!$N:$N,'CLASSIFICAÇÃO NF'!$O:$O,">=202607",'CLASSIFICAÇÃO NF'!$O:$O,"<=202608",'CLASSIFICAÇÃO NF'!J:J,$B11)+SUMIFS('CLASSIFICAÇÃO NF'!$N:$N,'CLASSIFICAÇÃO NF'!$O:$O,">=202607",'CLASSIFICAÇÃO NF'!$O:$O,"<=202608",'CLASSIFICAÇÃO NF'!K:K,$B11)+SUMIFS('CLASSIFICAÇÃO NF'!$N:$N,'CLASSIFICAÇÃO NF'!$O:$O,">=202607",'CLASSIFICAÇÃO NF'!$O:$O,"<=202608",'CLASSIFICAÇÃO NF'!L:L,$B11)+SUMIFS('CLASSIFICAÇÃO NF'!$N:$N,'CLASSIFICAÇÃO NF'!$O:$O,">=202607",'CLASSIFICAÇÃO NF'!$O:$O,"<=202608",'CLASSIFICAÇÃO NF'!M:M,$B11) -> 0 | AA11: =SUMIFS('CLASSIFICAÇÃO NF'!$N:$N,'CLASSIFICAÇÃO NF'!$O:$O,">=202609",'CLASSIFICAÇÃO NF'!$O:$O,"<=202610",'CLASSIFICAÇÃO NF'!I:I,$B11)+SUMIFS('CLASSIFICAÇÃO NF'!$N:$N,'CLASSIFICAÇÃO NF'!$O:$O,">=202609",'CLASSIFICAÇÃO NF'!$O:$O,"<=202610",'CLASSIFICAÇÃO NF'!J:J,$B11)+SUMIFS('CLASSIFICAÇÃO NF'!$N:$N,'CLASSIFICAÇÃO NF'!$O:$O,">=202609",'CLASSIFICAÇÃO NF'!$O:$O,"<=202610",'CLASSIFICAÇÃO NF'!K:K,$B11)+SUMIFS('CLASSIFICAÇÃO NF'!$N:$N,'CLASSIFICAÇÃO NF'!$O:$O,">=202609",'CLASSIFICAÇÃO NF'!$O:$O,"<=202610",'CLASSIFICAÇÃO NF'!L:L,$B11)+SUMIFS('CLASSIFICAÇÃO NF'!$N:$N,'CLASSIFICAÇÃO NF'!$O:$O,">=202609",'CLASSIFICAÇÃO NF'!$O:$O,"<=202610",'CLASSIFICAÇÃO NF'!M:M,$B11) -> 0 | AB11: =SUMIFS('CLASSIFICAÇÃO NF'!$N:$N,'CLASSIFICAÇÃO NF'!$O:$O,">=202611",'CLASSIFICAÇÃO NF'!$O:$O,"<=202612",'CLASSIFICAÇÃO NF'!I:I,$B11)+SUMIFS('CLASSIFICAÇÃO NF'!$N:$N,'CLASSIFICAÇÃO NF'!$O:$O,">=202611",'CLASSIFICAÇÃO NF'!$O:$O,"<=202612",'CLASSIFICAÇÃO NF'!J:J,$B11)+SUMIFS('CLASSIFICAÇÃO NF'!$N:$N,'CLASSIFICAÇÃO NF'!$O:$O,">=202610",'CLASSIFICAÇÃO NF'!$O:$O,"<=202612",'CLASSIFICAÇÃO NF'!K:K,$B11)+SUMIFS('CLASSIFICAÇÃO NF'!$N:$N,'CLASSIFICAÇÃO NF'!$O:$O,">=202610",'CLASSIFICAÇÃO NF'!$O:$O,"<=202612",'CLASSIFICAÇÃO NF'!L:L,$B11)+SUMIFS('CLASSIFICAÇÃO NF'!$N:$N,'CLASSIFICAÇÃO NF'!$O:$O,">=202611",'CLASSIFICAÇÃO NF'!$O:$O,"<=202612",'CLASSIFICAÇÃO NF'!M:M,$B11) -> 0
A12: 2 | B12: OBRA CIVIL | C12: =SUM(C14:C33) -> 93126250 | D12: =C12/E12 -> 0.92890534 | E12: 1.0025376e+08 | F12: =C12/G12 -> 0.94021663 | G12: 99047653 | H12: =SUM(H14:H33) -> 8805236.5 | I12: =SUM(I14:I33) -> 6268648.8 | J12: =SUM(J14:J33) -> 5309899 | K12: =SUM(K14:K33) -> 5075796.1 | L12: =SUM(L14:L33) -> 9144140.1 | M12: =SUM(M14:M33) -> 8871187.5 | N12: =SUM(N14:N33) -> 15987010 | O12: =SUM(O14:O33) -> 15474203 | ... AB12: =SUM(AB14:AB33) -> 0
C13: 1 | D13: =1-D12 -> 0.071094661 | H13: =G13+H12 -> 8805236.5 | I13: =H13+I12 -> 15073885 | J13: =I13+J12 -> 20383784 | K13: =J13+K12 -> 25459580 | L13: =K13+L12 -> 34603720 | M13: =L13+M12 -> 43474908 | N13: =M13+N12 -> 59461918 | O13: =N13+O12 -> 74936121 | ... S13: =R13+S12 -> 89356036 | W13: =SUMIFS('CLASSIFICAÇÃO NF'!$N:$N,'CLASSIFICAÇÃO NF'!$O:$O,">=202601",'CLASSIFICAÇÃO NF'!$O:$O,"<=202602",'CLASSIFICAÇÃO NF'!I:I,$B13)+SUMIFS('CLASSIFICAÇÃO NF'!$N:$N,'CLASSIFICAÇÃO NF'!$O:$O,">=202601",'CLASSIFICAÇÃO NF'!$O:$O,"<=202602",'CLASSIFICAÇÃO NF'!J:J,$B13)+SUMIFS('CLASSIFICAÇÃO NF'!$N:$N,'CLASSIFICAÇÃO NF'!$O:$O,">=202601",'CLASSIFICAÇÃO NF'!$O:$O,"<=202602",'CLASSIFICAÇÃO NF'!K:K,$B13)+SUMIFS('CLASSIFICAÇÃO NF'!$N:$N,'CLASSIFICAÇÃO NF'!$O:$O,">=202601",'CLASSIFICAÇÃO NF'!$O:$O,"<=202602",'CLASSIFICAÇÃO NF'!L:L,$B13)+SUMIFS('CLASSIFICAÇÃO NF'!$N:$N,'CLASSIFICAÇÃO NF'!$O:$O,">=202601",'CLASSIFICAÇÃO NF'!$O:$O,"<=202602",'CLASSIFICAÇÃO NF'!M:M,$B13) -> 0 | X13: =SUMIFS('CLASSIFICAÇÃO NF'!$N:$N,'CLASSIFICAÇÃO NF'!$O:$O,">=202603",'CLASSIFICAÇÃO NF'!$O:$O,"<=202604",'CLASSIFICAÇÃO NF'!I:I,$B13)+SUMIFS('CLASSIFICAÇÃO NF'!$N:$N,'CLASSIFICAÇÃO NF'!$O:$O,">=202603",'CLASSIFICAÇÃO NF'!$O:$O,"<=202604",'CLASSIFICAÇÃO NF'!J:J,$B13)+SUMIFS('CLASSIFICAÇÃO NF'!$N:$N,'CLASSIFICAÇÃO NF'!$O:$O,">=202603",'CLASSIFICAÇÃO NF'!$O:$O,"<=202604",'CLASSIFICAÇÃO NF'!K:K,$B13)+SUMIFS('CLASSIFICAÇÃO NF'!$N:$N,'CLASSIFICAÇÃO NF'!$O:$O,">=202603",'CLASSIFICAÇÃO NF'!$O:$O,"<=202604",'CLASSIFICAÇÃO NF'!L:L,$B13)+SUMIFS('CLASSIFICAÇÃO NF'!$N:$N,'CLASSIFICAÇÃO NF'!$O:$O,">=202603",'CLASSIFICAÇÃO NF'!$O:$O,"<=202604",'CLASSIFICAÇÃO NF'!M:M,$B13) -> 0 | Y13: =SUMIFS('CLASSIFICAÇÃO NF'!$N:$N,'CLASSIFICAÇÃO NF'!$O:$O,">=202605",'CLASSIFICAÇÃO NF'!$O:$O,"<=202606",'CLASSIFICAÇÃO NF'!I:I,$B13)+SUMIFS('CLASSIFICAÇÃO NF'!$N:$N,'CLASSIFICAÇÃO NF'!$O:$O,">=202605",'CLASSIFICAÇÃO NF'!$O:$O,"<=202606",'CLASSIFICAÇÃO NF'!J:J,$B13)+SUMIFS('CLASSIFICAÇÃO NF'!$N:$N,'CLASSIFICAÇÃO NF'!$O:$O,">=202605",'CLASSIFICAÇÃO NF'!$O:$O,"<=202606",'CLASSIFICAÇÃO NF'!K:K,$B13)+SUMIFS('CLASSIFICAÇÃO NF'!$N:$N,'CLASSIFICAÇÃO NF'!$O:$O,">=202605",'CLASSIFICAÇÃO NF'!$O:$O,"<=202606",'CLASSIFICAÇÃO NF'!L:L,$B13)+SUMIFS('CLASSIFICAÇÃO NF'!$N:$N,'CLASSIFICAÇÃO NF'!$O:$O,">=202605",'CLASSIFICAÇÃO NF'!$O:$O,"<=202606",'CLASSIFICAÇÃO NF'!M:M,$B13) -> 0 | Z13: =SUMIFS('CLASSIFICAÇÃO NF'!$N:$N,'CLASSIFICAÇÃO NF'!$O:$O,">=202607",'CLASSIFICAÇÃO NF'!$O:$O,"<=202608",'CLASSIFICAÇÃO NF'!I:I,$B13)+SUMIFS('CLASSIFICAÇÃO NF'!$N:$N,'CLASSIFICAÇÃO NF'!$O:$O,">=202607",'CLASSIFICAÇÃO NF'!$O:$O,"<=202608",'CLASSIFICAÇÃO NF'!J:J,$B13)+SUMIFS('CLASSIFICAÇÃO NF'!$N:$N,'CLASSIFICAÇÃO NF'!$O:$O,">=202607",'CLASSIFICAÇÃO NF'!$O:$O,"<=202608",'CLASSIFICAÇÃO NF'!K:K,$B13)+SUMIFS('CLASSIFICAÇÃO NF'!$N:$N,'CLASSIFICAÇÃO NF'!$O:$O,">=202607",'CLASSIFICAÇÃO NF'!$O:$O,"<=202608",'CLASSIFICAÇÃO NF'!L:L,$B13)+SUMIFS('CLASSIFICAÇÃO NF'!$N:$N,'CLASSIFICAÇÃO NF'!$O:$O,">=202607",'CLASSIFICAÇÃO NF'!$O:$O,"<=202608",'CLASSIFICAÇÃO NF'!M:M,$B13) -> 0 | AA13: =SUMIFS('CLASSIFICAÇÃO NF'!$N:$N,'CLASSIFICAÇÃO NF'!$O:$O,">=202609",'CLASSIFICAÇÃO NF'!$O:$O,"<=202610",'CLASSIFICAÇÃO NF'!I:I,$B13)+SUMIFS('CLASSIFICAÇÃO NF'!$N:$N,'CLASSIFICAÇÃO NF'!$O:$O,">=202609",'CLASSIFICAÇÃO NF'!$O:$O,"<=202610",'CLASSIFICAÇÃO NF'!J:J,$B13)+SUMIFS('CLASSIFICAÇÃO NF'!$N:$N,'CLASSIFICAÇÃO NF'!$O:$O,">=202609",'CLASSIFICAÇÃO NF'!$O:$O,"<=202610",'CLASSIFICAÇÃO NF'!K:K,$B13)+SUMIFS('CLASSIFICAÇÃO NF'!$N:$N,'CLASSIFICAÇÃO NF'!$O:$O,">=202609",'CLASSIFICAÇÃO NF'!$O:$O,"<=202610",'CLASSIFICAÇÃO NF'!L:L,$B13)+SUMIFS('CLASSIFICAÇÃO NF'!$N:$N,'CLASSIFICAÇÃO NF'!$O:$O,">=202609",'CLASSIFICAÇÃO NF'!$O:$O,"<=202610",'CLASSIFICAÇÃO NF'!M:M,$B13) -> 0 | AB13: =SUMIFS('CLASSIFICAÇÃO NF'!$N:$N,'CLASSIFICAÇÃO NF'!$O:$O,">=202611",'CLASSIFICAÇÃO NF'!$O:$O,"<=202612",'CLASSIFICAÇÃO NF'!I:I,$B13)+SUMIFS('CLASSIFICAÇÃO NF'!$N:$N,'CLASSIFICAÇÃO NF'!$O:$O,">=202611",'CLASSIFICAÇÃO NF'!$O:$O,"<=202612",'CLASSIFICAÇÃO NF'!J:J,$B13)+SUMIFS('CLASSIFICAÇÃO NF'!$N:$N,'CLASSIFICAÇÃO NF'!$O:$O,">=202610",'CLASSIFICAÇÃO NF'!$O:$O,"<=202612",'CLASSIFICAÇÃO NF'!K:K,$B13)+SUMIFS('CLASSIFICAÇÃO NF'!$N:$N,'CLASSIFICAÇÃO NF'!$O:$O,">=202610",'CLASSIFICAÇÃO NF'!$O:$O,"<=202612",'CLASSIFICAÇÃO NF'!L:L,$B13)+SUMIFS('CLASSIFICAÇÃO NF'!$N:$N,'CLASSIFICAÇÃO NF'!$O:$O,">=202611",'CLASSIFICAÇÃO NF'!$O:$O,"<=202612",'CLASSIFICAÇÃO NF'!M:M,$B13) -> 0
A14: 45659 | B14: SERVIÇOS PRELIMINARES DE TERRAPLANAGEM | C14: =SUMIF('CLASSIFICAÇÃO NF'!I:I,B14,'CLASSIFICAÇÃO NF'!N:N)+SUMIF('CLASSIFICAÇÃO NF'!J:J,B14,'CLASSIFICAÇÃO NF'!N:N)+SUMIF('CLASSIFICAÇÃO NF'!K:K,B14,'CLASSIFICAÇÃO NF'!N:N)+SUMIF('CLASSIFICAÇÃO NF'!L:L,B14,'CLASSIFICAÇÃO NF'!N:N)+SUMIF('CLASSIFICAÇÃO NF'!M:M,B14,'CLASSIFICAÇÃO NF'!N:N) -> 65561.1 | D14: =C14/E14 -> 0.34041829 | E14: 192589.83 | F14: =C14/G14 -> 1.1386091 | G14: 57579.99 | H14: =SUMIFS('CLASSIFICAÇÃO NF'!$N:$N,'CLASSIFICAÇÃO NF'!$O:$O,">=202301",'CLASSIFICAÇÃO NF'!$O:$O,"<=202303",'CLASSIFICAÇÃO NF'!I:I,$B14)+SUMIFS('CLASSIFICAÇÃO NF'!$N:$N,'CLASSIFICAÇÃO NF'!$O:$O,">=202301",'CLASSIFICAÇÃO NF'!$O:$O,"<=202303",'CLASSIFICAÇÃO NF'!J:J,$B14)+SUMIFS('CLASSIFICAÇÃO NF'!$N:$N,'CLASSIFICAÇÃO NF'!$O:$O,">=202301",'CLASSIFICAÇÃO NF'!$O:$O,"<=202303",'CLASSIFICAÇÃO NF'!K:K,$B14)+SUMIFS('CLASSIFICAÇÃO NF'!$N:$N,'CLASSIFICAÇÃO NF'!$O:$O,">=202301",'CLASSIFICAÇÃO NF'!$O:$O,"<=202303",'CLASSIFICAÇÃO NF'!L:L,$B14)+SUMIFS('CLASSIFICAÇÃO NF'!$N:$N,'CLASSIFICAÇÃO NF'!$O:$O,">=202301",'CLASSIFICAÇÃO NF'!$O:$O,"<=202303",'CLASSIFICAÇÃO NF'!M:M,$B14) -> 36021.1 | I14: =SUMIFS('CLASSIFICAÇÃO NF'!$N:$N,'CLASSIFICAÇÃO NF'!$O:$O,">=202304",'CLASSIFICAÇÃO NF'!$O:$O,"<=202306",'CLASSIFICAÇÃO NF'!I:I,$B14)+SUMIFS('CLASSIFICAÇÃO NF'!$N:$N,'CLASSIFICAÇÃO NF'!$O:$O,">=202304",'CLASSIFICAÇÃO NF'!$O:$O,"<=202306",'CLASSIFICAÇÃO NF'!J:J,$B14)+SUMIFS('CLASSIFICAÇÃO NF'!$N:$N,'CLASSIFICAÇÃO NF'!$O:$O,">=202304",'CLASSIFICAÇÃO NF'!$O:$O,"<=202306",'CLASSIFICAÇÃO NF'!K:K,$B14)+SUMIFS('CLASSIFICAÇÃO NF'!$N:$N,'CLASSIFICAÇÃO NF'!$O:$O,">=202304",'CLASSIFICAÇÃO NF'!$O:$O,"<=202306",'CLASSIFICAÇÃO NF'!L:L,$B14)+SUMIFS('CLASSIFICAÇÃO NF'!$N:$N,'CLASSIFICAÇÃO NF'!$O:$O,">=202304",'CLASSIFICAÇÃO NF'!$O:$O,"<=202306",'CLASSIFICAÇÃO NF'!M:M,$B14) -> 29540 | J14: =SUMIFS('CLASSIFICAÇÃO NF'!$N:$N,'CLASSIFICAÇÃO NF'!$O:$O,">=202307",'CLASSIFICAÇÃO NF'!$O:$O,"<=202309",'CLASSIFICAÇÃO NF'!I:I,$B14)+SUMIFS('CLASSIFICAÇÃO NF'!$N:$N,'CLASSIFICAÇÃO NF'!$O:$O,">=202307",'CLASSIFICAÇÃO NF'!$O:$O,"<=202309",'CLASSIFICAÇÃO NF'!J:J,$B14)+SUMIFS('CLASSIFICAÇÃO NF'!$N:$N,'CLASSIFICAÇÃO NF'!$O:$O,">=202307",'CLASSIFICAÇÃO NF'!$O:$O,"<=202309",'CLASSIFICAÇÃO NF'!K:K,$B14)+SUMIFS('CLASSIFICAÇÃO NF'!$N:$N,'CLASSIFICAÇÃO NF'!$O:$O,">=202307",'CLASSIFICAÇÃO NF'!$O:$O,"<=202309",'CLASSIFICAÇÃO NF'!L:L,$B14)+SUMIFS('CLASSIFICAÇÃO NF'!$N:$N,'CLASSIFICAÇÃO NF'!$O:$O,">=202307",'CLASSIFICAÇÃO NF'!$O:$O,"<=202309",'CLASSIFICAÇÃO NF'!M:M,$B14) -> 0 | K14: =SUMIFS('CLASSIFICAÇÃO NF'!$N:$N,'CLASSIFICAÇÃO NF'!$O:$O,">=202310",'CLASSIFICAÇÃO NF'!$O:$O,"<=202312",'CLASSIFICAÇÃO NF'!I:I,$B14)+SUMIFS('CLASSIFICAÇÃO NF'!$N:$N,'CLASSIFICAÇÃO NF'!$O:$O,">=202310",'CLASSIFICAÇÃO NF'!$O:$O,"<=202312",'CLASSIFICAÇÃO NF'!J:J,$B14)+SUMIFS('CLASSIFICAÇÃO NF'!$N:$N,'CLASSIFICAÇÃO NF'!$O:$O,">=202310",'CLASSIFICAÇÃO NF'!$O:$O,"<=202312",'CLASSIFICAÇÃO NF'!K:K,$B14)+SUMIFS('CLASSIFICAÇÃO NF'!$N:$N,'CLASSIFICAÇÃO NF'!$O:$O,">=202310",'CLASSIFICAÇÃO NF'!$O:$O,"<=202312",'CLASSIFICAÇÃO NF'!L:L,$B14)+SUMIFS('CLASSIFICAÇÃO NF'!$N:$N,'CLASSIFICAÇÃO NF'!$O:$O,">=202310",'CLASSIFICAÇÃO NF'!$O:$O,"<=202312",'CLASSIFICAÇÃO NF'!M:M,$B14) -> 0 | L14: =SUMIFS('CLASSIFICAÇÃO NF'!$N:$N,'CLASSIFICAÇÃO NF'!$O:$O,">=202401",'CLASSIFICAÇÃO NF'!$O:$O,"<=202403",'CLASSIFICAÇÃO NF'!I:I,$B14)+SUMIFS('CLASSIFICAÇÃO NF'!$N:$N,'CLASSIFICAÇÃO NF'!$O:$O,">=202401",'CLASSIFICAÇÃO NF'!$O:$O,"<=202403",'CLASSIFICAÇÃO NF'!J:J,$B14)+SUMIFS('CLASSIFICAÇÃO NF'!$N:$N,'CLASSIFICAÇÃO NF'!$O:$O,">=202401",'CLASSIFICAÇÃO NF'!$O:$O,"<=202403",'CLASSIFICAÇÃO NF'!K:K,$B14)+SUMIFS('CLASSIFICAÇÃO NF'!$N:$N,'CLASSIFICAÇÃO NF'!$O:$O,">=202401",'CLASSIFICAÇÃO NF'!$O:$O,"<=202403",'CLASSIFICAÇÃO NF'!L:L,$B14)+SUMIFS('CLASSIFICAÇÃO NF'!$N:$N,'CLASSIFICAÇÃO NF'!$O:$O,">=202401",'CLASSIFICAÇÃO NF'!$O:$O,"<=202403",'CLASSIFICAÇÃO NF'!M:M,$B14) -> 0 | M14: =SUMIFS('CLASSIFICAÇÃO NF'!$N:$N,'CLASSIFICAÇÃO NF'!$O:$O,">=202404",'CLASSIFICAÇÃO NF'!$O:$O,"<=202406",'CLASSIFICAÇÃO NF'!I:I,$B14)+SUMIFS('CLASSIFICAÇÃO NF'!$N:$N,'CLASSIFICAÇÃO NF'!$O:$O,">=202404",'CLASSIFICAÇÃO NF'!$O:$O,"<=202406",'CLASSIFICAÇÃO NF'!J:J,$B14)+SUMIFS('CLASSIFICAÇÃO NF'!$N:$N,'CLASSIFICAÇÃO NF'!$O:$O,">=202404",'CLASSIFICAÇÃO NF'!$O:$O,"<=202406",'CLASSIFICAÇÃO NF'!K:K,$B14)+SUMIFS('CLASSIFICAÇÃO NF'!$N:$N,'CLASSIFICAÇÃO NF'!$O:$O,">=202404",'CLASSIFICAÇÃO NF'!$O:$O,"<=202406",'CLASSIFICAÇÃO NF'!L:L,$B14)+SUMIFS('CLASSIFICAÇÃO NF'!$N:$N,'CLASSIFICAÇÃO NF'!$O:$O,">=202404",'CLASSIFICAÇÃO NF'!$O:$O,"<=202406",'CLASSIFICAÇÃO NF'!M:M,$B14) -> 0 | N14: =SUMIFS('CLASSIFICAÇÃO NF'!$N:$N,'CLASSIFICAÇÃO NF'!$O:$O,">=202407",'CLASSIFICAÇÃO NF'!$O:$O,"<=202408",'CLASSIFICAÇÃO NF'!I:I,$B14)+SUMIFS('CLASSIFICAÇÃO NF'!$N:$N,'CLASSIFICAÇÃO NF'!$O:$O,">=202407",'CLASSIFICAÇÃO NF'!$O:$O,"<=202408",'CLASSIFICAÇÃO NF'!J:J,$B14)+SUMIFS('CLASSIFICAÇÃO NF'!$N:$N,'CLASSIFICAÇÃO NF'!$O:$O,">=202407",'CLASSIFICAÇÃO NF'!$O:$O,"<=202408",'CLASSIFICAÇÃO NF'!K:K,$B14)+SUMIFS('CLASSIFICAÇÃO NF'!$N:$N,'CLASSIFICAÇÃO NF'!$O:$O,">=202407",'CLASSIFICAÇÃO NF'!$O:$O,"<=202408",'CLASSIFICAÇÃO NF'!L:L,$B14)+SUMIFS('CLASSIFICAÇÃO NF'!$N:$N,'CLASSIFICAÇÃO NF'!$O:$O,">=202407",'CLASSIFICAÇÃO NF'!$O:$O,"<=202408",'CLASSIFICAÇÃO NF'!M:M,$B14) -> 0 | O14: =SUMIFS('CLASSIFICAÇÃO NF'!$N:$N,'CLASSIFICAÇÃO NF'!$O:$O,">=202409",'CLASSIFICAÇÃO NF'!$O:$O,"<=202410",'CLASSIFICAÇÃO NF'!I:I,$B14)+SUMIFS('CLASSIFICAÇÃO NF'!$N:$N,'CLASSIFICAÇÃO NF'!$O:$O,">=202409",'CLASSIFICAÇÃO NF'!$O:$O,"<=202410",'CLASSIFICAÇÃO NF'!J:J,$B14)+SUMIFS('CLASSIFICAÇÃO NF'!$N:$N,'CLASSIFICAÇÃO NF'!$O:$O,">=202409",'CLASSIFICAÇÃO NF'!$O:$O,"<=202410",'CLASSIFICAÇÃO NF'!K:K,$B14)+SUMIFS('CLASSIFICAÇÃO NF'!$N:$N,'CLASSIFICAÇÃO NF'!$O:$O,">=202409",'CLASSIFICAÇÃO NF'!$O:$O,"<=202410",'CLASSIFICAÇÃO NF'!L:L,$B14)+SUMIFS('CLASSIFICAÇÃO NF'!$N:$N,'CLASSIFICAÇÃO NF'!$O:$O,">=202409",'CLASSIFICAÇÃO NF'!$O:$O,"<=202410",'CLASSIFICAÇÃO NF'!M:M,$B14) -> 0 | P14: =SUMIFS('CLASSIFICAÇÃO NF'!$N:$N,'CLASSIFICAÇÃO NF'!$O:$O,">=202411",'CLASSIFICAÇÃO NF'!$O:$O,"<=202412",'CLASSIFICAÇÃO NF'!I:I,$B14)+SUMIFS('CLASSIFICAÇÃO NF'!$N:$N,'CLASSIFICAÇÃO NF'!$O:$O,">=202411",'CLASSIFICAÇÃO NF'!$O:$O,"<=202412",'CLASSIFICAÇÃO NF'!J:J,$B14)+SUMIFS('CLASSIFICAÇÃO NF'!$N:$N,'CLASSIFICAÇÃO NF'!$O:$O,">=202411",'CLASSIFICAÇÃO NF'!$O:$O,"<=202412",'CLASSIFICAÇÃO NF'!K:K,$B14)+SUMIFS('CLASSIFICAÇÃO NF'!$N:$N,'CLASSIFICAÇÃO NF'!$O:$O,">=202411",'CLASSIFICAÇÃO NF'!$O:$O,"<=202412",'CLASSIFICAÇÃO NF'!L:L,$B14)+SUMIFS('CLASSIFICAÇÃO NF'!$N:$N,'CLASSIFICAÇÃO NF'!$O:$O,">=202411",'CLASSIFICAÇÃO NF'!$O:$O,"<=202412",'CLASSIFICAÇÃO NF'!M:M,$B14) -> 0 | Q14: =SUMIFS('CLASSIFICAÇÃO NF'!$N:$N,'CLASSIFICAÇÃO NF'!$O:$O,">=202501",'CLASSIFICAÇÃO NF'!$O:$O,"<=202502",'CLASSIFICAÇÃO NF'!I:I,$B14)+SUMIFS('CLASSIFICAÇÃO NF'!$N:$N,'CLASSIFICAÇÃO NF'!$O:$O,">=202501",'CLASSIFICAÇÃO NF'!$O:$O,"<=202502",'CLASSIFICAÇÃO NF'!J:J,$B14)+SUMIFS('CLASSIFICAÇÃO NF'!$N:$N,'CLASSIFICAÇÃO NF'!$O:$O,">=202501",'CLASSIFICAÇÃO NF'!$O:$O,"<=202502",'CLASSIFICAÇÃO NF'!K:K,$B14)+SUMIFS('CLASSIFICAÇÃO NF'!$N:$N,'CLASSIFICAÇÃO NF'!$O:$O,">=202501",'CLASSIFICAÇÃO NF'!$O:$O,"<=202502",'CLASSIFICAÇÃO NF'!L:L,$B14)+SUMIFS('CLASSIFICAÇÃO NF'!$N:$N,'CLASSIFICAÇÃO NF'!$O:$O,">=202501",'CLASSIFICAÇÃO NF'!$O:$O,"<=202502",'CLASSIFICAÇÃO NF'!M:M,$B14) -> 0 | R14: =SUMIFS('CLASSIFICAÇÃO NF'!$N:$N,'CLASSIFICAÇÃO NF'!$O:$O,">=202503",'CLASSIFICAÇÃO NF'!$O:$O,"<=202504",'CLASSIFICAÇÃO NF'!I:I,$B14)+SUMIFS('CLASSIFICAÇÃO NF'!$N:$N,'CLASSIFICAÇÃO NF'!$O:$O,">=202503",'CLASSIFICAÇÃO NF'!$O:$O,"<=202504",'CLASSIFICAÇÃO NF'!J:J,$B14)+SUMIFS('CLASSIFICAÇÃO NF'!$N:$N,'CLASSIFICAÇÃO NF'!$O:$O,">=202503",'CLASSIFICAÇÃO NF'!$O:$O,"<=202504",'CLASSIFICAÇÃO NF'!K:K,$B14)+SUMIFS('CLASSIFICAÇÃO NF'!$N:$N,'CLASSIFICAÇÃO NF'!$O:$O,">=202503",'CLASSIFICAÇÃO NF'!$O:$O,"<=202504",'CLASSIFICAÇÃO NF'!L:L,$B14)+SUMIFS('CLASSIFICAÇÃO NF'!$N:$N,'CLASSIFICAÇÃO NF'!$O:$O,">=202503",'CLASSIFICAÇÃO NF'!$O:$O,"<=202504",'CLASSIFICAÇÃO NF'!M:M,$B14) -> 0 | S14: =SUMIFS('CLASSIFICAÇÃO NF'!$N:$N,'CLASSIFICAÇÃO NF'!$O:$O,">=202505",'CLASSIFICAÇÃO NF'!$O:$O,"<=202506",'CLASSIFICAÇÃO NF'!I:I,$B14)+SUMIFS('CLASSIFICAÇÃO NF'!$N:$N,'CLASSIFICAÇÃO NF'!$O:$O,">=202505",'CLASSIFICAÇÃO NF'!$O:$O,"<=202506",'CLASSIFICAÇÃO NF'!J:J,$B14)+SUMIFS('CLASSIFICAÇÃO NF'!$N:$N,'CLASSIFICAÇÃO NF'!$O:$O,">=202505",'CLASSIFICAÇÃO NF'!$O:$O,"<=202506",'CLASSIFICAÇÃO NF'!K:K,$B14)+SUMIFS('CLASSIFICAÇÃO NF'!$N:$N,'CLASSIFICAÇÃO NF'!$O:$O,">=202505",'CLASSIFICAÇÃO NF'!$O:$O,"<=202506",'CLASSIFICAÇÃO NF'!L:L,$B14)+SUMIFS('CLASSIFICAÇÃO NF'!$N:$N,'CLASSIFICAÇÃO NF'!$O:$O,">=202505",'CLASSIFICAÇÃO NF'!$O:$O,"<=202506",'CLASSIFICAÇÃO NF'!M:M,$B14) -> 0 | T14: =SUMIFS('CLASSIFICAÇÃO NF'!$N:$N,'CLASSIFICAÇÃO NF'!$O:$O,">=202507",'CLASSIFICAÇÃO NF'!$O:$O,"<=202508",'CLASSIFICAÇÃO NF'!I:I,$B14)+SUMIFS('CLASSIFICAÇÃO NF'!$N:$N,'CLASSIFICAÇÃO NF'!$O:$O,">=202507",'CLASSIFICAÇÃO NF'!$O:$O,"<=202508",'CLASSIFICAÇÃO NF'!J:J,$B14)+SUMIFS('CLASSIFICAÇÃO NF'!$N:$N,'CLASSIFICAÇÃO NF'!$O:$O,">=202507",'CLASSIFICAÇÃO NF'!$O:$O,"<=202508",'CLASSIFICAÇÃO NF'!K:K,$B14)+SUMIFS('CLASSIFICAÇÃO NF'!$N:$N,'CLASSIFICAÇÃO NF'!$O:$O,">=202507",'CLASSIFICAÇÃO NF'!$O:$O,"<=202508",'CLASSIFICAÇÃO NF'!L:L,$B14)+SUMIFS('CLASSIFICAÇÃO NF'!$N:$N,'CLASSIFICAÇÃO NF'!$O:$O,">=202507",'CLASSIFICAÇÃO NF'!$O:$O,"<=202508",'CLASSIFICAÇÃO NF'!M:M,$B14) -> 0 | U14: =SUMIFS('CLASSIFICAÇÃO NF'!$N:$N,'CLASSIFICAÇÃO NF'!$O:$O,">=202509",'CLASSIFICAÇÃO NF'!$O:$O,"<=202510",'CLASSIFICAÇÃO NF'!I:I,$B14)+SUMIFS('CLASSIFICAÇÃO NF'!$N:$N,'CLASSIFICAÇÃO NF'!$O:$O,">=202509",'CLASSIFICAÇÃO NF'!$O:$O,"<=202510",'CLASSIFICAÇÃO NF'!J:J,$B14)+SUMIFS('CLASSIFICAÇÃO NF'!$N:$N,'CLASSIFICAÇÃO NF'!$O:$O,">=202509",'CLASSIFICAÇÃO NF'!$O:$O,"<=202510",'CLASSIFICAÇÃO NF'!K:K,$B14)+SUMIFS('CLASSIFICAÇÃO NF'!$N:$N,'CLASSIFICAÇÃO NF'!$O:$O,">=202509",'CLASSIFICAÇÃO NF'!$O:$O,"<=202510",'CLASSIFICAÇÃO NF'!L:L,$B14)+SUMIFS('CLASSIFICAÇÃO NF'!$N:$N,'CLASSIFICAÇÃO NF'!$O:$O,">=202509",'CLASSIFICAÇÃO NF'!$O:$O,"<=202510",'CLASSIFICAÇÃO NF'!M:M,$B14) -> 0 | V14: =SUMIFS('CLASSIFICAÇÃO NF'!$N:$N,'CLASSIFICAÇÃO NF'!$O:$O,">=202511",'CLASSIFICAÇÃO NF'!$O:$O,"<=202512",'CLASSIFICAÇÃO NF'!I:I,$B14)+SUMIFS('CLASSIFICAÇÃO NF'!$N:$N,'CLASSIFICAÇÃO NF'!$O:$O,">=202511",'CLASSIFICAÇÃO NF'!$O:$O,"<=202512",'CLASSIFICAÇÃO NF'!J:J,$B14)+SUMIFS('CLASSIFICAÇÃO NF'!$N:$N,'CLASSIFICAÇÃO NF'!$O:$O,">=202511",'CLASSIFICAÇÃO NF'!$O:$O,"<=202512",'CLASSIFICAÇÃO NF'!K:K,$B14)+SUMIFS('CLASSIFICAÇÃO NF'!$N:$N,'CLASSIFICAÇÃO NF'!$O:$O,">=202511",'CLASSIFICAÇÃO NF'!$O:$O,"<=202512",'CLASSIFICAÇÃO NF'!L:L,$B14)+SUMIFS('CLASSIFICAÇÃO NF'!$N:$N,'CLASSIFICAÇÃO NF'!$O:$O,">=202511",'CLASSIFICAÇÃO NF'!$O:$O,"<=202512",'CLASSIFICAÇÃO NF'!M:M,$B14) -> 0 | W14: =SUMIFS('CLASSIFICAÇÃO NF'!$N:$N,'CLASSIFICAÇÃO NF'!$O:$O,">=202601",'CLASSIFICAÇÃO NF'!$O:$O,"<=202602",'CLASSIFICAÇÃO NF'!I:I,$B14)+SUMIFS('CLASSIFICAÇÃO NF'!$N:$N,'CLASSIFICAÇÃO NF'!$O:$O,">=202601",'CLASSIFICAÇÃO NF'!$O:$O,"<=202602",'CLASSIFICAÇÃO NF'!J:J,$B14)+SUMIFS('CLASSIFICAÇÃO NF'!$N:$N,'CLASSIFICAÇÃO NF'!$O:$O,">=202601",'CLASSIFICAÇÃO NF'!$O:$O,"<=202602",'CLASSIFICAÇÃO NF'!K:K,$B14)+SUMIFS('CLASSIFICAÇÃO NF'!$N:$N,'CLASSIFICAÇÃO NF'!$O:$O,">=202601",'CLASSIFICAÇÃO NF'!$O:$O,"<=202602",'CLASSIFICAÇÃO NF'!L:L,$B14)+SUMIFS('CLASSIFICAÇÃO NF'!$N:$N,'CLASSIFICAÇÃO NF'!$O:$O,">=202601",'CLASSIFICAÇÃO NF'!$O:$O,"<=202602",'CLASSIFICAÇÃO NF'!M:M,$B14) -> 0 | X14: =SUMIFS('CLASSIFICAÇÃO NF'!$N:$N,'CLASSIFICAÇÃO NF'!$O:$O,">=202603",'CLASSIFICAÇÃO NF'!$O:$O,"<=202604",'CLASSIFICAÇÃO NF'!I:I,$B14)+SUMIFS('CLASSIFICAÇÃO NF'!$N:$N,'CLASSIFICAÇÃO NF'!$O:$O,">=202603",'CLASSIFICAÇÃO NF'!$O:$O,"<=202604",'CLASSIFICAÇÃO NF'!J:J,$B14)+SUMIFS('CLASSIFICAÇÃO NF'!$N:$N,'CLASSIFICAÇÃO NF'!$O:$O,">=202603",'CLASSIFICAÇÃO NF'!$O:$O,"<=202604",'CLASSIFICAÇÃO NF'!K:K,$B14)+SUMIFS('CLASSIFICAÇÃO NF'!$N:$N,'CLASSIFICAÇÃO NF'!$O:$O,">=202603",'CLASSIFICAÇÃO NF'!$O:$O,"<=202604",'CLASSIFICAÇÃO NF'!L:L,$B14)+SUMIFS('CLASSIFICAÇÃO NF'!$N:$N,'CLASSIFICAÇÃO NF'!$O:$O,">=202603",'CLASSIFICAÇÃO NF'!$O:$O,"<=202604",'CLASSIFICAÇÃO NF'!M:M,$B14) -> 0 | Y14: =SUMIFS('CLASSIFICAÇÃO NF'!$N:$N,'CLASSIFICAÇÃO NF'!$O:$O,">=202605",'CLASSIFICAÇÃO NF'!$O:$O,"<=202606",'CLASSIFICAÇÃO NF'!I:I,$B14)+SUMIFS('CLASSIFICAÇÃO NF'!$N:$N,'CLASSIFICAÇÃO NF'!$O:$O,">=202605",'CLASSIFICAÇÃO NF'!$O:$O,"<=202606",'CLASSIFICAÇÃO NF'!J:J,$B14)+SUMIFS('CLASSIFICAÇÃO NF'!$N:$N,'CLASSIFICAÇÃO NF'!$O:$O,">=202605",'CLASSIFICAÇÃO NF'!$O:$O,"<=202606",'CLASSIFICAÇÃO NF'!K:K,$B14)+SUMIFS('CLASSIFICAÇÃO NF'!$N:$N,'CLASSIFICAÇÃO NF'!$O:$O,">=202605",'CLASSIFICAÇÃO NF'!$O:$O,"<=202606",'CLASSIFICAÇÃO NF'!L:L,$B14)+SUMIFS('CLASSIFICAÇÃO NF'!$N:$N,'CLASSIFICAÇÃO NF'!$O:$O,">=202605",'CLASSIFICAÇÃO NF'!$O:$O,"<=202606",'CLASSIFICAÇÃO NF'!M:M,$B14) -> 0 | Z14: =SUMIFS('CLASSIFICAÇÃO NF'!$N:$N,'CLASSIFICAÇÃO NF'!$O:$O,">=202607",'CLASSIFICAÇÃO NF'!$O:$O,"<=202608",'CLASSIFICAÇÃO NF'!I:I,$B14)+SUMIFS('CLASSIFICAÇÃO NF'!$N:$N,'CLASSIFICAÇÃO NF'!$O:$O,">=202607",'CLASSIFICAÇÃO NF'!$O:$O,"<=202608",'CLASSIFICAÇÃO NF'!J:J,$B14)+SUMIFS('CLASSIFICAÇÃO NF'!$N:$N,'CLASSIFICAÇÃO NF'!$O:$O,">=202607",'CLASSIFICAÇÃO NF'!$O:$O,"<=202608",'CLASSIFICAÇÃO NF'!K:K,$B14)+SUMIFS('CLASSIFICAÇÃO NF'!$N:$N,'CLASSIFICAÇÃO NF'!$O:$O,">=202607",'CLASSIFICAÇÃO NF'!$O:$O,"<=202608",'CLASSIFICAÇÃO NF'!L:L,$B14)+SUMIFS('CLASSIFICAÇÃO NF'!$N:$N,'CLASSIFICAÇÃO NF'!$O:$O,">=202607",'CLASSIFICAÇÃO NF'!$O:$O,"<=202608",'CLASSIFICAÇÃO NF'!M:M,$B14) -> 0 | AA14: =SUMIFS('CLASSIFICAÇÃO NF'!$N:$N,'CLASSIFICAÇÃO NF'!$O:$O,">=202609",'CLASSIFICAÇÃO NF'!$O:$O,"<=202610",'CLASSIFICAÇÃO NF'!I:I,$B14)+SUMIFS('CLASSIFICAÇÃO NF'!$N:$N,'CLASSIFICAÇÃO NF'!$O:$O,">=202609",'CLASSIFICAÇÃO NF'!$O:$O,"<=202610",'CLASSIFICAÇÃO NF'!J:J,$B14)+SUMIFS('CLASSIFICAÇÃO NF'!$N:$N,'CLASSIFICAÇÃO NF'!$O:$O,">=202609",'CLASSIFICAÇÃO NF'!$O:$O,"<=202610",'CLASSIFICAÇÃO NF'!K:K,$B14)+SUMIFS('CLASSIFICAÇÃO NF'!$N:$N,'CLASSIFICAÇÃO NF'!$O:$O,">=202609",'CLASSIFICAÇÃO NF'!$O:$O,"<=202610",'CLASSIFICAÇÃO NF'!L:L,$B14)+SUMIFS('CLASSIFICAÇÃO NF'!$N:$N,'CLASSIFICAÇÃO NF'!$O:$O,">=202609",'CLASSIFICAÇÃO NF'!$O:$O,"<=202610",'CLASSIFICAÇÃO NF'!M:M,$B14) -> 0 | AB14: =SUMIFS('CLASSIFICAÇÃO NF'!$N:$N,'CLASSIFICAÇÃO NF'!$O:$O,">=202611",'CLASSIFICAÇÃO NF'!$O:$O,"<=202612",'CLASSIFICAÇÃO NF'!I:I,$B14)+SUMIFS('CLASSIFICAÇÃO NF'!$N:$N,'CLASSIFICAÇÃO NF'!$O:$O,">=202611",'CLASSIFICAÇÃO NF'!$O:$O,"<=202612",'CLASSIFICAÇÃO NF'!J:J,$B14)+SUMIFS('CLASSIFICAÇÃO NF'!$N:$N,'CLASSIFICAÇÃO NF'!$O:$O,">=202610",'CLASSIFICAÇÃO NF'!$O:$O,"<=202612",'CLASSIFICAÇÃO NF'!K:K,$B14)+SUMIFS('CLASSIFICAÇÃO NF'!$N:$N,'CLASSIFICAÇÃO NF'!$O:$O,">=202610",'CLASSIFICAÇÃO NF'!$O:$O,"<=202612",'CLASSIFICAÇÃO NF'!L:L,$B14)+SUMIFS('CLASSIFICAÇÃO NF'!$N:$N,'CLASSIFICAÇÃO NF'!$O:$O,">=202611",'CLASSIFICAÇÃO NF'!$O:$O,"<=202612",'CLASSIFICAÇÃO NF'!M:M,$B14) -> 0
A15: 45690 | B15: TERRAPLENAGEM | C15: =SUMIF('CLASSIFICAÇÃO NF'!I:I,B15,'CLASSIFICAÇÃO NF'!N:N)+SUMIF('CLASSIFICAÇÃO NF'!J:J,B15,'CLASSIFICAÇÃO NF'!N:N)+SUMIF('CLASSIFICAÇÃO NF'!K:K,B15,'CLASSIFICAÇÃO NF'!N:N)+SUMIF('CLASSIFICAÇÃO NF'!L:L,B15,'CLASSIFICAÇÃO NF'!N:N)+SUMIF('CLASSIFICAÇÃO NF'!M:M,B15,'CLASSIFICAÇÃO NF'!N:N) -> 1515984.8 | D15: =C15/E15 -> 1.0611757 | E15: 1428589.8 | F15: =C15/G15 -> 1.4089651 | G15: 1075956.3 | H15: =SUMIFS('CLASSIFICAÇÃO NF'!$N:$N,'CLASSIFICAÇÃO NF'!$O:$O,">=202301",'CLASSIFICAÇÃO NF'!$O:$O,"<=202303",'CLASSIFICAÇÃO NF'!I:I,$B15)+SUMIFS('CLASSIFICAÇÃO NF'!$N:$N,'CLASSIFICAÇÃO NF'!$O:$O,">=202301",'CLASSIFICAÇÃO NF'!$O:$O,"<=202303",'CLASSIFICAÇÃO NF'!J:J,$B15)+SUMIFS('CLASSIFICAÇÃO NF'!$N:$N,'CLASSIFICAÇÃO NF'!$O:$O,">=202301",'CLASSIFICAÇÃO NF'!$O:$O,"<=202303",'CLASSIFICAÇÃO NF'!K:K,$B15)+SUMIFS('CLASSIFICAÇÃO NF'!$N:$N,'CLASSIFICAÇÃO NF'!$O:$O,">=202301",'CLASSIFICAÇÃO NF'!$O:$O,"<=202303",'CLASSIFICAÇÃO NF'!L:L,$B15)+SUMIFS('CLASSIFICAÇÃO NF'!$N:$N,'CLASSIFICAÇÃO NF'!$O:$O,">=202301",'CLASSIFICAÇÃO NF'!$O:$O,"<=202303",'CLASSIFICAÇÃO NF'!M:M,$B15) -> 641623.91 | I15: =SUMIFS('CLASSIFICAÇÃO NF'!$N:$N,'CLASSIFICAÇÃO NF'!$O:$O,">=202304",'CLASSIFICAÇÃO NF'!$O:$O,"<=202306",'CLASSIFICAÇÃO NF'!I:I,$B15)+SUMIFS('CLASSIFICAÇÃO NF'!$N:$N,'CLASSIFICAÇÃO NF'!$O:$O,">=202304",'CLASSIFICAÇÃO NF'!$O:$O,"<=202306",'CLASSIFICAÇÃO NF'!J:J,$B15)+SUMIFS('CLASSIFICAÇÃO NF'!$N:$N,'CLASSIFICAÇÃO NF'!$O:$O,">=202304",'CLASSIFICAÇÃO NF'!$O:$O,"<=202306",'CLASSIFICAÇÃO NF'!K:K,$B15)+SUMIFS('CLASSIFICAÇÃO NF'!$N:$N,'CLASSIFICAÇÃO NF'!$O:$O,">=202304",'CLASSIFICAÇÃO NF'!$O:$O,"<=202306",'CLASSIFICAÇÃO NF'!L:L,$B15)+SUMIFS('CLASSIFICAÇÃO NF'!$N:$N,'CLASSIFICAÇÃO NF'!$O:$O,">=202304",'CLASSIFICAÇÃO NF'!$O:$O,"<=202306",'CLASSIFICAÇÃO NF'!M:M,$B15) -> 371657.84 | J15: =SUMIFS('CLASSIFICAÇÃO NF'!$N:$N,'CLASSIFICAÇÃO NF'!$O:$O,">=202307",'CLASSIFICAÇÃO NF'!$O:$O,"<=202309",'CLASSIFICAÇÃO NF'!I:I,$B15)+SUMIFS('CLASSIFICAÇÃO NF'!$N:$N,'CLASSIFICAÇÃO NF'!$O:$O,">=202307",'CLASSIFICAÇÃO NF'!$O:$O,"<=202309",'CLASSIFICAÇÃO NF'!J:J,$B15)+SUMIFS('CLASSIFICAÇÃO NF'!$N:$N,'CLASSIFICAÇÃO NF'!$O:$O,">=202307",'CLASSIFICAÇÃO NF'!$O:$O,"<=202309",'CLASSIFICAÇÃO NF'!K:K,$B15)+SUMIFS('CLASSIFICAÇÃO NF'!$N:$N,'CLASSIFICAÇÃO NF'!$O:$O,">=202307",'CLASSIFICAÇÃO NF'!$O:$O,"<=202309",'CLASSIFICAÇÃO NF'!L:L,$B15)+SUMIFS('CLASSIFICAÇÃO NF'!$N:$N,'CLASSIFICAÇÃO NF'!$O:$O,">=202307",'CLASSIFICAÇÃO NF'!$O:$O,"<=202309",'CLASSIFICAÇÃO NF'!M:M,$B15) -> 74904 | K15: =SUMIFS('CLASSIFICAÇÃO NF'!$N:$N,'CLASSIFICAÇÃO NF'!$O:$O,">=202310",'CLASSIFICAÇÃO NF'!$O:$O,"<=202312",'CLASSIFICAÇÃO NF'!I:I,$B15)+SUMIFS('CLASSIFICAÇÃO NF'!$N:$N,'CLASSIFICAÇÃO NF'!$O:$O,">=202310",'CLASSIFICAÇÃO NF'!$O:$O,"<=202312",'CLASSIFICAÇÃO NF'!J:J,$B15)+SUMIFS('CLASSIFICAÇÃO NF'!$N:$N,'CLASSIFICAÇÃO NF'!$O:$O,">=202310",'CLASSIFICAÇÃO NF'!$O:$O,"<=202312",'CLASSIFICAÇÃO NF'!K:K,$B15)+SUMIFS('CLASSIFICAÇÃO NF'!$N:$N,'CLASSIFICAÇÃO NF'!$O:$O,">=202310",'CLASSIFICAÇÃO NF'!$O:$O,"<=202312",'CLASSIFICAÇÃO NF'!L:L,$B15)+SUMIFS('CLASSIFICAÇÃO NF'!$N:$N,'CLASSIFICAÇÃO NF'!$O:$O,">=202310",'CLASSIFICAÇÃO NF'!$O:$O,"<=202312",'CLASSIFICAÇÃO NF'!M:M,$B15) -> 213412.2 | L15: =SUMIFS('CLASSIFICAÇÃO NF'!$N:$N,'CLASSIFICAÇÃO NF'!$O:$O,">=202401",'CLASSIFICAÇÃO NF'!$O:$O,"<=202403",'CLASSIFICAÇÃO NF'!I:I,$B15)+SUMIFS('CLASSIFICAÇÃO NF'!$N:$N,'CLASSIFICAÇÃO NF'!$O:$O,">=202401",'CLASSIFICAÇÃO NF'!$O:$O,"<=202403",'CLASSIFICAÇÃO NF'!J:J,$B15)+SUMIFS('CLASSIFICAÇÃO NF'!$N:$N,'CLASSIFICAÇÃO NF'!$O:$O,">=202401",'CLASSIFICAÇÃO NF'!$O:$O,"<=202403",'CLASSIFICAÇÃO NF'!K:K,$B15)+SUMIFS('CLASSIFICAÇÃO NF'!$N:$N,'CLASSIFICAÇÃO NF'!$O:$O,">=202401",'CLASSIFICAÇÃO NF'!$O:$O,"<=202403",'CLASSIFICAÇÃO NF'!L:L,$B15)+SUMIFS('CLASSIFICAÇÃO NF'!$N:$N,'CLASSIFICAÇÃO NF'!$O:$O,">=202401",'CLASSIFICAÇÃO NF'!$O:$O,"<=202403",'CLASSIFICAÇÃO NF'!M:M,$B15) -> 42724.95 | M15: =SUMIFS('CLASSIFICAÇÃO NF'!$N:$N,'CLASSIFICAÇÃO NF'!$O:$O,">=202404",'CLASSIFICAÇÃO NF'!$O:$O,"<=202406",'CLASSIFICAÇÃO NF'!I:I,$B15)+SUMIFS('CLASSIFICAÇÃO NF'!$N:$N,'CLASSIFICAÇÃO NF'!$O:$O,">=202404",'CLASSIFICAÇÃO NF'!$O:$O,"<=202406",'CLASSIFICAÇÃO NF'!J:J,$B15)+SUMIFS('CLASSIFICAÇÃO NF'!$N:$N,'CLASSIFICAÇÃO NF'!$O:$O,">=202404",'CLASSIFICAÇÃO NF'!$O:$O,"<=202406",'CLASSIFICAÇÃO NF'!K:K,$B15)+SUMIFS('CLASSIFICAÇÃO NF'!$N:$N,'CLASSIFICAÇÃO NF'!$O:$O,">=202404",'CLASSIFICAÇÃO NF'!$O:$O,"<=202406",'CLASSIFICAÇÃO NF'!L:L,$B15)+SUMIFS('CLASSIFICAÇÃO NF'!$N:$N,'CLASSIFICAÇÃO NF'!$O:$O,">=202404",'CLASSIFICAÇÃO NF'!$O:$O,"<=202406",'CLASSIFICAÇÃO NF'!M:M,$B15) -> 64897.5 | N15: =SUMIFS('CLASSIFICAÇÃO NF'!$N:$N,'CLASSIFICAÇÃO NF'!$O:$O,">=202407",'CLASSIFICAÇÃO NF'!$O:$O,"<=202408",'CLASSIFICAÇÃO NF'!I:I,$B15)+SUMIFS('CLASSIFICAÇÃO NF'!$N:$N,'CLASSIFICAÇÃO NF'!$O:$O,">=202407",'CLASSIFICAÇÃO NF'!$O:$O,"<=202408",'CLASSIFICAÇÃO NF'!J:J,$B15)+SUMIFS('CLASSIFICAÇÃO NF'!$N:$N,'CLASSIFICAÇÃO NF'!$O:$O,">=202407",'CLASSIFICAÇÃO NF'!$O:$O,"<=202408",'CLASSIFICAÇÃO NF'!K:K,$B15)+SUMIFS('CLASSIFICAÇÃO NF'!$N:$N,'CLASSIFICAÇÃO NF'!$O:$O,">=202407",'CLASSIFICAÇÃO NF'!$O:$O,"<=202408",'CLASSIFICAÇÃO NF'!L:L,$B15)+SUMIFS('CLASSIFICAÇÃO NF'!$N:$N,'CLASSIFICAÇÃO NF'!$O:$O,">=202407",'CLASSIFICAÇÃO NF'!$O:$O,"<=202408",'CLASSIFICAÇÃO NF'!M:M,$B15) -> 3600 | O15: =SUMIFS('CLASSIFICAÇÃO NF'!$N:$N,'CLASSIFICAÇÃO NF'!$O:$O,">=202409",'CLASSIFICAÇÃO NF'!$O:$O,"<=202410",'CLASSIFICAÇÃO NF'!I:I,$B15)+SUMIFS('CLASSIFICAÇÃO NF'!$N:$N,'CLASSIFICAÇÃO NF'!$O:$O,">=202409",'CLASSIFICAÇÃO NF'!$O:$O,"<=202410",'CLASSIFICAÇÃO NF'!J:J,$B15)+SUMIFS('CLASSIFICAÇÃO NF'!$N:$N,'CLASSIFICAÇÃO NF'!$O:$O,">=202409",'CLASSIFICAÇÃO NF'!$O:$O,"<=202410",'CLASSIFICAÇÃO NF'!K:K,$B15)+SUMIFS('CLASSIFICAÇÃO NF'!$N:$N,'CLASSIFICAÇÃO NF'!$O:$O,">=202409",'CLASSIFICAÇÃO NF'!$O:$O,"<=202410",'CLASSIFICAÇÃO NF'!L:L,$B15)+SUMIFS('CLASSIFICAÇÃO NF'!$N:$N,'CLASSIFICAÇÃO NF'!$O:$O,">=202409",'CLASSIFICAÇÃO NF'!$O:$O,"<=202410",'CLASSIFICAÇÃO NF'!M:M,$B15) -> 40425 | P15: =SUMIFS('CLASSIFICAÇÃO NF'!$N:$N,'CLASSIFICAÇÃO NF'!$O:$O,">=202411",'CLASSIFICAÇÃO NF'!$O:$O,"<=202412",'CLASSIFICAÇÃO NF'!I:I,$B15)+SUMIFS('CLASSIFICAÇÃO NF'!$N:$N,'CLASSIFICAÇÃO NF'!$O:$O,">=202411",'CLASSIFICAÇÃO NF'!$O:$O,"<=202412",'CLASSIFICAÇÃO NF'!J:J,$B15)+SUMIFS('CLASSIFICAÇÃO NF'!$N:$N,'CLASSIFICAÇÃO NF'!$O:$O,">=202411",'CLASSIFICAÇÃO NF'!$O:$O,"<=202412",'CLASSIFICAÇÃO NF'!K:K,$B15)+SUMIFS('CLASSIFICAÇÃO NF'!$N:$N,'CLASSIFICAÇÃO NF'!$O:$O,">=202411",'CLASSIFICAÇÃO NF'!$O:$O,"<=202412",'CLASSIFICAÇÃO NF'!L:L,$B15)+SUMIFS('CLASSIFICAÇÃO NF'!$N:$N,'CLASSIFICAÇÃO NF'!$O:$O,">=202411",'CLASSIFICAÇÃO NF'!$O:$O,"<=202412",'CLASSIFICAÇÃO NF'!M:M,$B15) -> 58209.45 | Q15: =SUMIFS('CLASSIFICAÇÃO NF'!$N:$N,'CLASSIFICAÇÃO NF'!$O:$O,">=202501",'CLASSIFICAÇÃO NF'!$O:$O,"<=202502",'CLASSIFICAÇÃO NF'!I:I,$B15)+SUMIFS('CLASSIFICAÇÃO NF'!$N:$N,'CLASSIFICAÇÃO NF'!$O:$O,">=202501",'CLASSIFICAÇÃO NF'!$O:$O,"<=202502",'CLASSIFICAÇÃO NF'!J:J,$B15)+SUMIFS('CLASSIFICAÇÃO NF'!$N:$N,'CLASSIFICAÇÃO NF'!$O:$O,">=202501",'CLASSIFICAÇÃO NF'!$O:$O,"<=202502",'CLASSIFICAÇÃO NF'!K:K,$B15)+SUMIFS('CLASSIFICAÇÃO NF'!$N:$N,'CLASSIFICAÇÃO NF'!$O:$O,">=202501",'CLASSIFICAÇÃO NF'!$O:$O,"<=202502",'CLASSIFICAÇÃO NF'!L:L,$B15)+SUMIFS('CLASSIFICAÇÃO NF'!$N:$N,'CLASSIFICAÇÃO NF'!$O:$O,">=202501",'CLASSIFICAÇÃO NF'!$O:$O,"<=202502",'CLASSIFICAÇÃO NF'!M:M,$B15) -> 0 | R15: =SUMIFS('CLASSIFICAÇÃO NF'!$N:$N,'CLASSIFICAÇÃO NF'!$O:$O,">=202503",'CLASSIFICAÇÃO NF'!$O:$O,"<=202504",'CLASSIFICAÇÃO NF'!I:I,$B15)+SUMIFS('CLASSIFICAÇÃO NF'!$N:$N,'CLASSIFICAÇÃO NF'!$O:$O,">=202503",'CLASSIFICAÇÃO NF'!$O:$O,"<=202504",'CLASSIFICAÇÃO NF'!J:J,$B15)+SUMIFS('CLASSIFICAÇÃO NF'!$N:$N,'CLASSIFICAÇÃO NF'!$O:$O,">=202503",'CLASSIFICAÇÃO NF'!$O:$O,"<=202504",'CLASSIFICAÇÃO NF'!K:K,$B15)+SUMIFS('CLASSIFICAÇÃO NF'!$N:$N,'CLASSIFICAÇÃO NF'!$O:$O,">=202503",'CLASSIFICAÇÃO NF'!$O:$O,"<=202504",'CLASSIFICAÇÃO NF'!L:L,$B15)+SUMIFS('CLASSIFICAÇÃO NF'!$N:$N,'CLASSIFICAÇÃO NF'!$O:$O,">=202503",'CLASSIFICAÇÃO NF'!$O:$O,"<=202504",'CLASSIFICAÇÃO NF'!M:M,$B15) -> 0 | S15: =SUMIFS('CLASSIFICAÇÃO NF'!$N:$N,'CLASSIFICAÇÃO NF'!$O:$O,">=202505",'CLASSIFICAÇÃO NF'!$O:$O,"<=202506",'CLASSIFICAÇÃO NF'!I:I,$B15)+SUMIFS('CLASSIFICAÇÃO NF'!$N:$N,'CLASSIFICAÇÃO NF'!$O:$O,">=202505",'CLASSIFICAÇÃO NF'!$O:$O,"<=202506",'CLASSIFICAÇÃO NF'!J:J,$B15)+SUMIFS('CLASSIFICAÇÃO NF'!$N:$N,'CLASSIFICAÇÃO NF'!$O:$O,">=202505",'CLASSIFICAÇÃO NF'!$O:$O,"<=202506",'CLASSIFICAÇÃO NF'!K:K,$B15)+SUMIFS('CLASSIFICAÇÃO NF'!$N:$N,'CLASSIFICAÇÃO NF'!$O:$O,">=202505",'CLASSIFICAÇÃO NF'!$O:$O,"<=202506",'CLASSIFICAÇÃO NF'!L:L,$B15)+SUMIFS('CLASSIFICAÇÃO NF'!$N:$N,'CLASSIFICAÇÃO NF'!$O:$O,">=202505",'CLASSIFICAÇÃO NF'!$O:$O,"<=202506",'CLASSIFICAÇÃO NF'!M:M,$B15) -> 4530 | T15: =SUMIFS('CLASSIFICAÇÃO NF'!$N:$N,'CLASSIFICAÇÃO NF'!$O:$O,">=202507",'CLASSIFICAÇÃO NF'!$O:$O,"<=202508",'CLASSIFICAÇÃO NF'!I:I,$B15)+SUMIFS('CLASSIFICAÇÃO NF'!$N:$N,'CLASSIFICAÇÃO NF'!$O:$O,">=202507",'CLASSIFICAÇÃO NF'!$O:$O,"<=202508",'CLASSIFICAÇÃO NF'!J:J,$B15)+SUMIFS('CLASSIFICAÇÃO NF'!$N:$N,'CLASSIFICAÇÃO NF'!$O:$O,">=202507",'CLASSIFICAÇÃO NF'!$O:$O,"<=202508",'CLASSIFICAÇÃO NF'!K:K,$B15)+SUMIFS('CLASSIFICAÇÃO NF'!$N:$N,'CLASSIFICAÇÃO NF'!$O:$O,">=202507",'CLASSIFICAÇÃO NF'!$O:$O,"<=202508",'CLASSIFICAÇÃO NF'!L:L,$B15)+SUMIFS('CLASSIFICAÇÃO NF'!$N:$N,'CLASSIFICAÇÃO NF'!$O:$O,">=202507",'CLASSIFICAÇÃO NF'!$O:$O,"<=202508",'CLASSIFICAÇÃO NF'!M:M,$B15) -> 0 | U15: =SUMIFS('CLASSIFICAÇÃO NF'!$N:$N,'CLASSIFICAÇÃO NF'!$O:$O,">=202509",'CLASSIFICAÇÃO NF'!$O:$O,"<=202510",'CLASSIFICAÇÃO NF'!I:I,$B15)+SUMIFS('CLASSIFICAÇÃO NF'!$N:$N,'CLASSIFICAÇÃO NF'!$O:$O,">=202509",'CLASSIFICAÇÃO NF'!$O:$O,"<=202510",'CLASSIFICAÇÃO NF'!J:J,$B15)+SUMIFS('CLASSIFICAÇÃO NF'!$N:$N,'CLASSIFICAÇÃO NF'!$O:$O,">=202509",'CLASSIFICAÇÃO NF'!$O:$O,"<=202510",'CLASSIFICAÇÃO NF'!K:K,$B15)+SUMIFS('CLASSIFICAÇÃO NF'!$N:$N,'CLASSIFICAÇÃO NF'!$O:$O,">=202509",'CLASSIFICAÇÃO NF'!$O:$O,"<=202510",'CLASSIFICAÇÃO NF'!L:L,$B15)+SUMIFS('CLASSIFICAÇÃO NF'!$N:$N,'CLASSIFICAÇÃO NF'!$O:$O,">=202509",'CLASSIFICAÇÃO NF'!$O:$O,"<=202510",'CLASSIFICAÇÃO NF'!M:M,$B15) -> 0 | V15: =SUMIFS('CLASSIFICAÇÃO NF'!$N:$N,'CLASSIFICAÇÃO NF'!$O:$O,">=202511",'CLASSIFICAÇÃO NF'!$O:$O,"<=202512",'CLASSIFICAÇÃO NF'!I:I,$B15)+SUMIFS('CLASSIFICAÇÃO NF'!$N:$N,'CLASSIFICAÇÃO NF'!$O:$O,">=202511",'CLASSIFICAÇÃO NF'!$O:$O,"<=202512",'CLASSIFICAÇÃO NF'!J:J,$B15)+SUMIFS('CLASSIFICAÇÃO NF'!$N:$N,'CLASSIFICAÇÃO NF'!$O:$O,">=202511",'CLASSIFICAÇÃO NF'!$O:$O,"<=202512",'CLASSIFICAÇÃO NF'!K:K,$B15)+SUMIFS('CLASSIFICAÇÃO NF'!$N:$N,'CLASSIFICAÇÃO NF'!$O:$O,">=202511",'CLASSIFICAÇÃO NF'!$O:$O,"<=202512",'CLASSIFICAÇÃO NF'!L:L,$B15)+SUMIFS('CLASSIFICAÇÃO NF'!$N:$N,'CLASSIFICAÇÃO NF'!$O:$O,">=202511",'CLASSIFICAÇÃO NF'!$O:$O,"<=202512",'CLASSIFICAÇÃO NF'!M:M,$B15) -> 0 | W15: =SUMIFS('CLASSIFICAÇÃO NF'!$N:$N,'CLASSIFICAÇÃO NF'!$O:$O,">=202601",'CLASSIFICAÇÃO NF'!$O:$O,"<=202602",'CLASSIFICAÇÃO NF'!I:I,$B15)+SUMIFS('CLASSIFICAÇÃO NF'!$N:$N,'CLASSIFICAÇÃO NF'!$O:$O,">=202601",'CLASSIFICAÇÃO NF'!$O:$O,"<=202602",'CLASSIFICAÇÃO NF'!J:J,$B15)+SUMIFS('CLASSIFICAÇÃO NF'!$N:$N,'CLASSIFICAÇÃO NF'!$O:$O,">=202601",'CLASSIFICAÇÃO NF'!$O:$O,"<=202602",'CLASSIFICAÇÃO NF'!K:K,$B15)+SUMIFS('CLASSIFICAÇÃO NF'!$N:$N,'CLASSIFICAÇÃO NF'!$O:$O,">=202601",'CLASSIFICAÇÃO NF'!$O:$O,"<=202602",'CLASSIFICAÇÃO NF'!L:L,$B15)+SUMIFS('CLASSIFICAÇÃO NF'!$N:$N,'CLASSIFICAÇÃO NF'!$O:$O,">=202601",'CLASSIFICAÇÃO NF'!$O:$O,"<=202602",'CLASSIFICAÇÃO NF'!M:M,$B15) -> 0 | X15: =SUMIFS('CLASSIFICAÇÃO NF'!$N:$N,'CLASSIFICAÇÃO NF'!$O:$O,">=202603",'CLASSIFICAÇÃO NF'!$O:$O,"<=202604",'CLASSIFICAÇÃO NF'!I:I,$B15)+SUMIFS('CLASSIFICAÇÃO NF'!$N:$N,'CLASSIFICAÇÃO NF'!$O:$O,">=202603",'CLASSIFICAÇÃO NF'!$O:$O,"<=202604",'CLASSIFICAÇÃO NF'!J:J,$B15)+SUMIFS('CLASSIFICAÇÃO NF'!$N:$N,'CLASSIFICAÇÃO NF'!$O:$O,">=202603",'CLASSIFICAÇÃO NF'!$O:$O,"<=202604",'CLASSIFICAÇÃO NF'!K:K,$B15)+SUMIFS('CLASSIFICAÇÃO NF'!$N:$N,'CLASSIFICAÇÃO NF'!$O:$O,">=202603",'CLASSIFICAÇÃO NF'!$O:$O,"<=202604",'CLASSIFICAÇÃO NF'!L:L,$B15)+SUMIFS('CLASSIFICAÇÃO NF'!$N:$N,'CLASSIFICAÇÃO NF'!$O:$O,">=202603",'CLASSIFICAÇÃO NF'!$O:$O,"<=202604",'CLASSIFICAÇÃO NF'!M:M,$B15) -> 0 | Y15: =SUMIFS('CLASSIFICAÇÃO NF'!$N:$N,'CLASSIFICAÇÃO NF'!$O:$O,">=202605",'CLASSIFICAÇÃO NF'!$O:$O,"<=202606",'CLASSIFICAÇÃO NF'!I:I,$B15)+SUMIFS('CLASSIFICAÇÃO NF'!$N:$N,'CLASSIFICAÇÃO NF'!$O:$O,">=202605",'CLASSIFICAÇÃO NF'!$O:$O,"<=202606",'CLASSIFICAÇÃO NF'!J:J,$B15)+SUMIFS('CLASSIFICAÇÃO NF'!$N:$N,'CLASSIFICAÇÃO NF'!$O:$O,">=202605",'CLASSIFICAÇÃO NF'!$O:$O,"<=202606",'CLASSIFICAÇÃO NF'!K:K,$B15)+SUMIFS('CLASSIFICAÇÃO NF'!$N:$N,'CLASSIFICAÇÃO NF'!$O:$O,">=202605",'CLASSIFICAÇÃO NF'!$O:$O,"<=202606",'CLASSIFICAÇÃO NF'!L:L,$B15)+SUMIFS('CLASSIFICAÇÃO NF'!$N:$N,'CLASSIFICAÇÃO NF'!$O:$O,">=202605",'CLASSIFICAÇÃO NF'!$O:$O,"<=202606",'CLASSIFICAÇÃO NF'!M:M,$B15) -> 0 | Z15: =SUMIFS('CLASSIFICAÇÃO NF'!$N:$N,'CLASSIFICAÇÃO NF'!$O:$O,">=202607",'CLASSIFICAÇÃO NF'!$O:$O,"<=202608",'CLASSIFICAÇÃO NF'!I:I,$B15)+SUMIFS('CLASSIFICAÇÃO NF'!$N:$N,'CLASSIFICAÇÃO NF'!$O:$O,">=202607",'CLASSIFICAÇÃO NF'!$O:$O,"<=202608",'CLASSIFICAÇÃO NF'!J:J,$B15)+SUMIFS('CLASSIFICAÇÃO NF'!$N:$N,'CLASSIFICAÇÃO NF'!$O:$O,">=202607",'CLASSIFICAÇÃO NF'!$O:$O,"<=202608",'CLASSIFICAÇÃO NF'!K:K,$B15)+SUMIFS('CLASSIFICAÇÃO NF'!$N:$N,'CLASSIFICAÇÃO NF'!$O:$O,">=202607",'CLASSIFICAÇÃO NF'!$O:$O,"<=202608",'CLASSIFICAÇÃO NF'!L:L,$B15)+SUMIFS('CLASSIFICAÇÃO NF'!$N:$N,'CLASSIFICAÇÃO NF'!$O:$O,">=202607",'CLASSIFICAÇÃO NF'!$O:$O,"<=202608",'CLASSIFICAÇÃO NF'!M:M,$B15) -> 0 | AA15: =SUMIFS('CLASSIFICAÇÃO NF'!$N:$N,'CLASSIFICAÇÃO NF'!$O:$O,">=202609",'CLASSIFICAÇÃO NF'!$O:$O,"<=202610",'CLASSIFICAÇÃO NF'!I:I,$B15)+SUMIFS('CLASSIFICAÇÃO NF'!$N:$N,'CLASSIFICAÇÃO NF'!$O:$O,">=202609",'CLASSIFICAÇÃO NF'!$O:$O,"<=202610",'CLASSIFICAÇÃO NF'!J:J,$B15)+SUMIFS('CLASSIFICAÇÃO NF'!$N:$N,'CLASSIFICAÇÃO NF'!$O:$O,">=202609",'CLASSIFICAÇÃO NF'!$O:$O,"<=202610",'CLASSIFICAÇÃO NF'!K:K,$B15)+SUMIFS('CLASSIFICAÇÃO NF'!$N:$N,'CLASSIFICAÇÃO NF'!$O:$O,">=202609",'CLASSIFICAÇÃO NF'!$O:$O,"<=202610",'CLASSIFICAÇÃO NF'!L:L,$B15)+SUMIFS('CLASSIFICAÇÃO NF'!$N:$N,'CLASSIFICAÇÃO NF'!$O:$O,">=202609",'CLASSIFICAÇÃO NF'!$O:$O,"<=202610",'CLASSIFICAÇÃO NF'!M:M,$B15) -> 0 | AB15: =SUMIFS('CLASSIFICAÇÃO NF'!$N:$N,'CLASSIFICAÇÃO NF'!$O:$O,">=202611",'CLASSIFICAÇÃO NF'!$O:$O,"<=202612",'CLASSIFICAÇÃO NF'!I:I,$B15)+SUMIFS('CLASSIFICAÇÃO NF'!$N:$N,'CLASSIFICAÇÃO NF'!$O:$O,">=202611",'CLASSIFICAÇÃO NF'!$O:$O,"<=202612",'CLASSIFICAÇÃO NF'!J:J,$B15)+SUMIFS('CLASSIFICAÇÃO NF'!$N:$N,'CLASSIFICAÇÃO NF'!$O:$O,">=202610",'CLASSIFICAÇÃO NF'!$O:$O,"<=202612",'CLASSIFICAÇÃO NF'!K:K,$B15)+SUMIFS('CLASSIFICAÇÃO NF'!$N:$N,'CLASSIFICAÇÃO NF'!$O:$O,">=202610",'CLASSIFICAÇÃO NF'!$O:$O,"<=202612",'CLASSIFICAÇÃO NF'!L:L,$B15)+SUMIFS('CLASSIFICAÇÃO NF'!$N:$N,'CLASSIFICAÇÃO NF'!$O:$O,">=202611",'CLASSIFICAÇÃO NF'!$O:$O,"<=202612",'CLASSIFICAÇÃO NF'!M:M,$B15) -> 0
A16: 45718 | B16: FUNDAÇÕES | C16: =SUMIF('CLASSIFICAÇÃO NF'!I:I,B16,'CLASSIFICAÇÃO NF'!N:N)+SUMIF('CLASSIFICAÇÃO NF'!J:J,B16,'CLASSIFICAÇÃO NF'!N:N)+SUMIF('CLASSIFICAÇÃO NF'!K:K,B16,'CLASSIFICAÇÃO NF'!N:N)+SUMIF('CLASSIFICAÇÃO NF'!L:L,B16,'CLASSIFICAÇÃO NF'!N:N)+SUMIF('CLASSIFICAÇÃO NF'!M:M,B16,'CLASSIFICAÇÃO NF'!N:N) -> 3282636.8 | D16: =C16/E16 -> 0.84722278 | E16: 3874585.1 | F16: =C16/G16 -> 0.99142573 | G16: 3311026.4 | H16: =SUMIFS('CLASSIFICAÇÃO NF'!$N:$N,'CLASSIFICAÇÃO NF'!$O:$O,">=202301",'CLASSIFICAÇÃO NF'!$O:$O,"<=202303",'CLASSIFICAÇÃO NF'!I:I,$B16)+SUMIFS('CLASSIFICAÇÃO NF'!$N:$N,'CLASSIFICAÇÃO NF'!$O:$O,">=202301",'CLASSIFICAÇÃO NF'!$O:$O,"<=202303",'CLASSIFICAÇÃO NF'!J:J,$B16)+SUMIFS('CLASSIFICAÇÃO NF'!$N:$N,'CLASSIFICAÇÃO NF'!$O:$O,">=202301",'CLASSIFICAÇÃO NF'!$O:$O,"<=202303",'CLASSIFICAÇÃO NF'!K:K,$B16)+SUMIFS('CLASSIFICAÇÃO NF'!$N:$N,'CLASSIFICAÇÃO NF'!$O:$O,">=202301",'CLASSIFICAÇÃO NF'!$O:$O,"<=202303",'CLASSIFICAÇÃO NF'!L:L,$B16)+SUMIFS('CLASSIFICAÇÃO NF'!$N:$N,'CLASSIFICAÇÃO NF'!$O:$O,">=202301",'CLASSIFICAÇÃO NF'!$O:$O,"<=202303",'CLASSIFICAÇÃO NF'!M:M,$B16) -> 5170.25 | I16: =SUMIFS('CLASSIFICAÇÃO NF'!$N:$N,'CLASSIFICAÇÃO NF'!$O:$O,">=202304",'CLASSIFICAÇÃO NF'!$O:$O,"<=202306",'CLASSIFICAÇÃO NF'!I:I,$B16)+SUMIFS('CLASSIFICAÇÃO NF'!$N:$N,'CLASSIFICAÇÃO NF'!$O:$O,">=202304",'CLASSIFICAÇÃO NF'!$O:$O,"<=202306",'CLASSIFICAÇÃO NF'!J:J,$B16)+SUMIFS('CLASSIFICAÇÃO NF'!$N:$N,'CLASSIFICAÇÃO NF'!$O:$O,">=202304",'CLASSIFICAÇÃO NF'!$O:$O,"<=202306",'CLASSIFICAÇÃO NF'!K:K,$B16)+SUMIFS('CLASSIFICAÇÃO NF'!$N:$N,'CLASSIFICAÇÃO NF'!$O:$O,">=202304",'CLASSIFICAÇÃO NF'!$O:$O,"<=202306",'CLASSIFICAÇÃO NF'!L:L,$B16)+SUMIFS('CLASSIFICAÇÃO NF'!$N:$N,'CLASSIFICAÇÃO NF'!$O:$O,">=202304",'CLASSIFICAÇÃO NF'!$O:$O,"<=202306",'CLASSIFICAÇÃO NF'!M:M,$B16) -> 1937138.2 | J16: =SUMIFS('CLASSIFICAÇÃO NF'!$N:$N,'CLASSIFICAÇÃO NF'!$O:$O,">=202307",'CLASSIFICAÇÃO NF'!$O:$O,"<=202309",'CLASSIFICAÇÃO NF'!I:I,$B16)+SUMIFS('CLASSIFICAÇÃO NF'!$N:$N,'CLASSIFICAÇÃO NF'!$O:$O,">=202307",'CLASSIFICAÇÃO NF'!$O:$O,"<=202309",'CLASSIFICAÇÃO NF'!J:J,$B16)+SUMIFS('CLASSIFICAÇÃO NF'!$N:$N,'CLASSIFICAÇÃO NF'!$O:$O,">=202307",'CLASSIFICAÇÃO NF'!$O:$O,"<=202309",'CLASSIFICAÇÃO NF'!K:K,$B16)+SUMIFS('CLASSIFICAÇÃO NF'!$N:$N,'CLASSIFICAÇÃO NF'!$O:$O,">=202307",'CLASSIFICAÇÃO NF'!$O:$O,"<=202309",'CLASSIFICAÇÃO NF'!L:L,$B16)+SUMIFS('CLASSIFICAÇÃO NF'!$N:$N,'CLASSIFICAÇÃO NF'!$O:$O,">=202307",'CLASSIFICAÇÃO NF'!$O:$O,"<=202309",'CLASSIFICAÇÃO NF'!M:M,$B16) -> 654629.01 | K16: =SUMIFS('CLASSIFICAÇÃO NF'!$N:$N,'CLASSIFICAÇÃO NF'!$O:$O,">=202310",'CLASSIFICAÇÃO NF'!$O:$O,"<=202312",'CLASSIFICAÇÃO NF'!I:I,$B16)+SUMIFS('CLASSIFICAÇÃO NF'!$N:$N,'CLASSIFICAÇÃO NF'!$O:$O,">=202310",'CLASSIFICAÇÃO NF'!$O:$O,"<=202312",'CLASSIFICAÇÃO NF'!J:J,$B16)+SUMIFS('CLASSIFICAÇÃO NF'!$N:$N,'CLASSIFICAÇÃO NF'!$O:$O,">=202310",'CLASSIFICAÇÃO NF'!$O:$O,"<=202312",'CLASSIFICAÇÃO NF'!K:K,$B16)+SUMIFS('CLASSIFICAÇÃO NF'!$N:$N,'CLASSIFICAÇÃO NF'!$O:$O,">=202310",'CLASSIFICAÇÃO NF'!$O:$O,"<=202312",'CLASSIFICAÇÃO NF'!L:L,$B16)+SUMIFS('CLASSIFICAÇÃO NF'!$N:$N,'CLASSIFICAÇÃO NF'!$O:$O,">=202310",'CLASSIFICAÇÃO NF'!$O:$O,"<=202312",'CLASSIFICAÇÃO NF'!M:M,$B16) -> 313110.15 | L16: =SUMIFS('CLASSIFICAÇÃO NF'!$N:$N,'CLASSIFICAÇÃO NF'!$O:$O,">=202401",'CLASSIFICAÇÃO NF'!$O:$O,"<=202403",'CLASSIFICAÇÃO NF'!I:I,$B16)+SUMIFS('CLASSIFICAÇÃO NF'!$N:$N,'CLASSIFICAÇÃO NF'!$O:$O,">=202401",'CLASSIFICAÇÃO NF'!$O:$O,"<=202403",'CLASSIFICAÇÃO NF'!J:J,$B16)+SUMIFS('CLASSIFICAÇÃO NF'!$N:$N,'CLASSIFICAÇÃO NF'!$O:$O,">=202401",'CLASSIFICAÇÃO NF'!$O:$O,"<=202403",'CLASSIFICAÇÃO NF'!K:K,$B16)+SUMIFS('CLASSIFICAÇÃO NF'!$N:$N,'CLASSIFICAÇÃO NF'!$O:$O,">=202401",'CLASSIFICAÇÃO NF'!$O:$O,"<=202403",'CLASSIFICAÇÃO NF'!L:L,$B16)+SUMIFS('CLASSIFICAÇÃO NF'!$N:$N,'CLASSIFICAÇÃO NF'!$O:$O,">=202401",'CLASSIFICAÇÃO NF'!$O:$O,"<=202403",'CLASSIFICAÇÃO NF'!M:M,$B16) -> 47145.995 | M16: =SUMIFS('CLASSIFICAÇÃO NF'!$N:$N,'CLASSIFICAÇÃO NF'!$O:$O,">=202404",'CLASSIFICAÇÃO NF'!$O:$O,"<=202406",'CLASSIFICAÇÃO NF'!I:I,$B16)+SUMIFS('CLASSIFICAÇÃO NF'!$N:$N,'CLASSIFICAÇÃO NF'!$O:$O,">=202404",'CLASSIFICAÇÃO NF'!$O:$O,"<=202406",'CLASSIFICAÇÃO NF'!J:J,$B16)+SUMIFS('CLASSIFICAÇÃO NF'!$N:$N,'CLASSIFICAÇÃO NF'!$O:$O,">=202404",'CLASSIFICAÇÃO NF'!$O:$O,"<=202406",'CLASSIFICAÇÃO NF'!K:K,$B16)+SUMIFS('CLASSIFICAÇÃO NF'!$N:$N,'CLASSIFICAÇÃO NF'!$O:$O,">=202404",'CLASSIFICAÇÃO NF'!$O:$O,"<=202406",'CLASSIFICAÇÃO NF'!L:L,$B16)+SUMIFS('CLASSIFICAÇÃO NF'!$N:$N,'CLASSIFICAÇÃO NF'!$O:$O,">=202404",'CLASSIFICAÇÃO NF'!$O:$O,"<=202406",'CLASSIFICAÇÃO NF'!M:M,$B16) -> 115676.95 | N16: =SUMIFS('CLASSIFICAÇÃO NF'!$N:$N,'CLASSIFICAÇÃO NF'!$O:$O,">=202407",'CLASSIFICAÇÃO NF'!$O:$O,"<=202408",'CLASSIFICAÇÃO NF'!I:I,$B16)+SUMIFS('CLASSIFICAÇÃO NF'!$N:$N,'CLASSIFICAÇÃO NF'!$O:$O,">=202407",'CLASSIFICAÇÃO NF'!$O:$O,"<=202408",'CLASSIFICAÇÃO NF'!J:J,$B16)+SUMIFS('CLASSIFICAÇÃO NF'!$N:$N,'CLASSIFICAÇÃO NF'!$O:$O,">=202407",'CLASSIFICAÇÃO NF'!$O:$O,"<=202408",'CLASSIFICAÇÃO NF'!K:K,$B16)+SUMIFS('CLASSIFICAÇÃO NF'!$N:$N,'CLASSIFICAÇÃO NF'!$O:$O,">=202407",'CLASSIFICAÇÃO NF'!$O:$O,"<=202408",'CLASSIFICAÇÃO NF'!L:L,$B16)+SUMIFS('CLASSIFICAÇÃO NF'!$N:$N,'CLASSIFICAÇÃO NF'!$O:$O,">=202407",'CLASSIFICAÇÃO NF'!$O:$O,"<=202408",'CLASSIFICAÇÃO NF'!M:M,$B16) -> 61741.614 | O16: =SUMIFS('CLASSIFICAÇÃO NF'!$N:$N,'CLASSIFICAÇÃO NF'!$O:$O,">=202409",'CLASSIFICAÇÃO NF'!$O:$O,"<=202410",'CLASSIFICAÇÃO NF'!I:I,$B16)+SUMIFS('CLASSIFICAÇÃO NF'!$N:$N,'CLASSIFICAÇÃO NF'!$O:$O,">=202409",'CLASSIFICAÇÃO NF'!$O:$O,"<=202410",'CLASSIFICAÇÃO NF'!J:J,$B16)+SUMIFS('CLASSIFICAÇÃO NF'!$N:$N,'CLASSIFICAÇÃO NF'!$O:$O,">=202409",'CLASSIFICAÇÃO NF'!$O:$O,"<=202410",'CLASSIFICAÇÃO NF'!K:K,$B16)+SUMIFS('CLASSIFICAÇÃO NF'!$N:$N,'CLASSIFICAÇÃO NF'!$O:$O,">=202409",'CLASSIFICAÇÃO NF'!$O:$O,"<=202410",'CLASSIFICAÇÃO NF'!L:L,$B16)+SUMIFS('CLASSIFICAÇÃO NF'!$N:$N,'CLASSIFICAÇÃO NF'!$O:$O,">=202409",'CLASSIFICAÇÃO NF'!$O:$O,"<=202410",'CLASSIFICAÇÃO NF'!M:M,$B16) -> 114612.64 | P16: =SUMIFS('CLASSIFICAÇÃO NF'!$N:$N,'CLASSIFICAÇÃO NF'!$O:$O,">=202411",'CLASSIFICAÇÃO NF'!$O:$O,"<=202412",'CLASSIFICAÇÃO NF'!I:I,$B16)+SUMIFS('CLASSIFICAÇÃO NF'!$N:$N,'CLASSIFICAÇÃO NF'!$O:$O,">=202411",'CLASSIFICAÇÃO NF'!$O:$O,"<=202412",'CLASSIFICAÇÃO NF'!J:J,$B16)+SUMIFS('CLASSIFICAÇÃO NF'!$N:$N,'CLASSIFICAÇÃO NF'!$O:$O,">=202411",'CLASSIFICAÇÃO NF'!$O:$O,"<=202412",'CLASSIFICAÇÃO NF'!K:K,$B16)+SUMIFS('CLASSIFICAÇÃO NF'!$N:$N,'CLASSIFICAÇÃO NF'!$O:$O,">=202411",'CLASSIFICAÇÃO NF'!$O:$O,"<=202412",'CLASSIFICAÇÃO NF'!L:L,$B16)+SUMIFS('CLASSIFICAÇÃO NF'!$N:$N,'CLASSIFICAÇÃO NF'!$O:$O,">=202411",'CLASSIFICAÇÃO NF'!$O:$O,"<=202412",'CLASSIFICAÇÃO NF'!M:M,$B16) -> 8192 | Q16: =SUMIFS('CLASSIFICAÇÃO NF'!$N:$N,'CLASSIFICAÇÃO NF'!$O:$O,">=202501",'CLASSIFICAÇÃO NF'!$O:$O,"<=202502",'CLASSIFICAÇÃO NF'!I:I,$B16)+SUMIFS('CLASSIFICAÇÃO NF'!$N:$N,'CLASSIFICAÇÃO NF'!$O:$O,">=202501",'CLASSIFICAÇÃO NF'!$O:$O,"<=202502",'CLASSIFICAÇÃO NF'!J:J,$B16)+SUMIFS('CLASSIFICAÇÃO NF'!$N:$N,'CLASSIFICAÇÃO NF'!$O:$O,">=202501",'CLASSIFICAÇÃO NF'!$O:$O,"<=202502",'CLASSIFICAÇÃO NF'!K:K,$B16)+SUMIFS('CLASSIFICAÇÃO NF'!$N:$N,'CLASSIFICAÇÃO NF'!$O:$O,">=202501",'CLASSIFICAÇÃO NF'!$O:$O,"<=202502",'CLASSIFICAÇÃO NF'!L:L,$B16)+SUMIFS('CLASSIFICAÇÃO NF'!$N:$N,'CLASSIFICAÇÃO NF'!$O:$O,">=202501",'CLASSIFICAÇÃO NF'!$O:$O,"<=202502",'CLASSIFICAÇÃO NF'!M:M,$B16) -> 25220 | R16: =SUMIFS('CLASSIFICAÇÃO NF'!$N:$N,'CLASSIFICAÇÃO NF'!$O:$O,">=202503",'CLASSIFICAÇÃO NF'!$O:$O,"<=202504",'CLASSIFICAÇÃO NF'!I:I,$B16)+SUMIFS('CLASSIFICAÇÃO NF'!$N:$N,'CLASSIFICAÇÃO NF'!$O:$O,">=202503",'CLASSIFICAÇÃO NF'!$O:$O,"<=202504",'CLASSIFICAÇÃO NF'!J:J,$B16)+SUMIFS('CLASSIFICAÇÃO NF'!$N:$N,'CLASSIFICAÇÃO NF'!$O:$O,">=202503",'CLASSIFICAÇÃO NF'!$O:$O,"<=202504",'CLASSIFICAÇÃO NF'!K:K,$B16)+SUMIFS('CLASSIFICAÇÃO NF'!$N:$N,'CLASSIFICAÇÃO NF'!$O:$O,">=202503",'CLASSIFICAÇÃO NF'!$O:$O,"<=202504",'CLASSIFICAÇÃO NF'!L:L,$B16)+SUMIFS('CLASSIFICAÇÃO NF'!$N:$N,'CLASSIFICAÇÃO NF'!$O:$O,">=202503",'CLASSIFICAÇÃO NF'!$O:$O,"<=202504",'CLASSIFICAÇÃO NF'!M:M,$B16) -> 0 | S16: =SUMIFS('CLASSIFICAÇÃO NF'!$N:$N,'CLASSIFICAÇÃO NF'!$O:$O,">=202505",'CLASSIFICAÇÃO NF'!$O:$O,"<=202506",'CLASSIFICAÇÃO NF'!I:I,$B16)+SUMIFS('CLASSIFICAÇÃO NF'!$N:$N,'CLASSIFICAÇÃO NF'!$O:$O,">=202505",'CLASSIFICAÇÃO NF'!$O:$O,"<=202506",'CLASSIFICAÇÃO NF'!J:J,$B16)+SUMIFS('CLASSIFICAÇÃO NF'!$N:$N,'CLASSIFICAÇÃO NF'!$O:$O,">=202505",'CLASSIFICAÇÃO NF'!$O:$O,"<=202506",'CLASSIFICAÇÃO NF'!K:K,$B16)+SUMIFS('CLASSIFICAÇÃO NF'!$N:$N,'CLASSIFICAÇÃO NF'!$O:$O,">=202505",'CLASSIFICAÇÃO NF'!$O:$O,"<=202506",'CLASSIFICAÇÃO NF'!L:L,$B16)+SUMIFS('CLASSIFICAÇÃO NF'!$N:$N,'CLASSIFICAÇÃO NF'!$O:$O,">=202505",'CLASSIFICAÇÃO NF'!$O:$O,"<=202506",'CLASSIFICAÇÃO NF'!M:M,$B16) -> 0 | T16: =SUMIFS('CLASSIFICAÇÃO NF'!$N:$N,'CLASSIFICAÇÃO NF'!$O:$O,">=202507",'CLASSIFICAÇÃO NF'!$O:$O,"<=202508",'CLASSIFICAÇÃO NF'!I:I,$B16)+SUMIFS('CLASSIFICAÇÃO NF'!$N:$N,'CLASSIFICAÇÃO NF'!$O:$O,">=202507",'CLASSIFICAÇÃO NF'!$O:$O,"<=202508",'CLASSIFICAÇÃO NF'!J:J,$B16)+SUMIFS('CLASSIFICAÇÃO NF'!$N:$N,'CLASSIFICAÇÃO NF'!$O:$O,">=202507",'CLASSIFICAÇÃO NF'!$O:$O,"<=202508",'CLASSIFICAÇÃO NF'!K:K,$B16)+SUMIFS('CLASSIFICAÇÃO NF'!$N:$N,'CLASSIFICAÇÃO NF'!$O:$O,">=202507",'CLASSIFICAÇÃO NF'!$O:$O,"<=202508",'CLASSIFICAÇÃO NF'!L:L,$B16)+SUMIFS('CLASSIFICAÇÃO NF'!$N:$N,'CLASSIFICAÇÃO NF'!$O:$O,">=202507",'CLASSIFICAÇÃO NF'!$O:$O,"<=202508",'CLASSIFICAÇÃO NF'!M:M,$B16) -> 0 | U16: =SUMIFS('CLASSIFICAÇÃO NF'!$N:$N,'CLASSIFICAÇÃO NF'!$O:$O,">=202509",'CLASSIFICAÇÃO NF'!$O:$O,"<=202510",'CLASSIFICAÇÃO NF'!I:I,$B16)+SUMIFS('CLASSIFICAÇÃO NF'!$N:$N,'CLASSIFICAÇÃO NF'!$O:$O,">=202509",'CLASSIFICAÇÃO NF'!$O:$O,"<=202510",'CLASSIFICAÇÃO NF'!J:J,$B16)+SUMIFS('CLASSIFICAÇÃO NF'!$N:$N,'CLASSIFICAÇÃO NF'!$O:$O,">=202509",'CLASSIFICAÇÃO NF'!$O:$O,"<=202510",'CLASSIFICAÇÃO NF'!K:K,$B16)+SUMIFS('CLASSIFICAÇÃO NF'!$N:$N,'CLASSIFICAÇÃO NF'!$O:$O,">=202509",'CLASSIFICAÇÃO NF'!$O:$O,"<=202510",'CLASSIFICAÇÃO NF'!L:L,$B16)+SUMIFS('CLASSIFICAÇÃO NF'!$N:$N,'CLASSIFICAÇÃO NF'!$O:$O,">=202509",'CLASSIFICAÇÃO NF'!$O:$O,"<=202510",'CLASSIFICAÇÃO NF'!M:M,$B16) -> 0 | V16: =SUMIFS('CLASSIFICAÇÃO NF'!$N:$N,'CLASSIFICAÇÃO NF'!$O:$O,">=202511",'CLASSIFICAÇÃO NF'!$O:$O,"<=202512",'CLASSIFICAÇÃO NF'!I:I,$B16)+SUMIFS('CLASSIFICAÇÃO NF'!$N:$N,'CLASSIFICAÇÃO NF'!$O:$O,">=202511",'CLASSIFICAÇÃO NF'!$O:$O,"<=202512",'CLASSIFICAÇÃO NF'!J:J,$B16)+SUMIFS('CLASSIFICAÇÃO NF'!$N:$N,'CLASSIFICAÇÃO NF'!$O:$O,">=202511",'CLASSIFICAÇÃO NF'!$O:$O,"<=202512",'CLASSIFICAÇÃO NF'!K:K,$B16)+SUMIFS('CLASSIFICAÇÃO NF'!$N:$N,'CLASSIFICAÇÃO NF'!$O:$O,">=202511",'CLASSIFICAÇÃO NF'!$O:$O,"<=202512",'CLASSIFICAÇÃO NF'!L:L,$B16)+SUMIFS('CLASSIFICAÇÃO NF'!$N:$N,'CLASSIFICAÇÃO NF'!$O:$O,">=202511",'CLASSIFICAÇÃO NF'!$O:$O,"<=202512",'CLASSIFICAÇÃO NF'!M:M,$B16) -> 0 | W16: =SUMIFS('CLASSIFICAÇÃO NF'!$N:$N,'CLASSIFICAÇÃO NF'!$O:$O,">=202601",'CLASSIFICAÇÃO NF'!$O:$O,"<=202602",'CLASSIFICAÇÃO NF'!I:I,$B16)+SUMIFS('CLASSIFICAÇÃO NF'!$N:$N,'CLASSIFICAÇÃO NF'!$O:$O,">=202601",'CLASSIFICAÇÃO NF'!$O:$O,"<=202602",'CLASSIFICAÇÃO NF'!J:J,$B16)+SUMIFS('CLASSIFICAÇÃO NF'!$N:$N,'CLASSIFICAÇÃO NF'!$O:$O,">=202601",'CLASSIFICAÇÃO NF'!$O:$O,"<=202602",'CLASSIFICAÇÃO NF'!K:K,$B16)+SUMIFS('CLASSIFICAÇÃO NF'!$N:$N,'CLASSIFICAÇÃO NF'!$O:$O,">=202601",'CLASSIFICAÇÃO NF'!$O:$O,"<=202602",'CLASSIFICAÇÃO NF'!L:L,$B16)+SUMIFS('CLASSIFICAÇÃO NF'!$N:$N,'CLASSIFICAÇÃO NF'!$O:$O,">=202601",'CLASSIFICAÇÃO NF'!$O:$O,"<=202602",'CLASSIFICAÇÃO NF'!M:M,$B16) -> 0 | X16: =SUMIFS('CLASSIFICAÇÃO NF'!$N:$N,'CLASSIFICAÇÃO NF'!$O:$O,">=202603",'CLASSIFICAÇÃO NF'!$O:$O,"<=202604",'CLASSIFICAÇÃO NF'!I:I,$B16)+SUMIFS('CLASSIFICAÇÃO NF'!$N:$N,'CLASSIFICAÇÃO NF'!$O:$O,">=202603",'CLASSIFICAÇÃO NF'!$O:$O,"<=202604",'CLASSIFICAÇÃO NF'!J:J,$B16)+SUMIFS('CLASSIFICAÇÃO NF'!$N:$N,'CLASSIFICAÇÃO NF'!$O:$O,">=202603",'CLASSIFICAÇÃO NF'!$O:$O,"<=202604",'CLASSIFICAÇÃO NF'!K:K,$B16)+SUMIFS('CLASSIFICAÇÃO NF'!$N:$N,'CLASSIFICAÇÃO NF'!$O:$O,">=202603",'CLASSIFICAÇÃO NF'!$O:$O,"<=202604",'CLASSIFICAÇÃO NF'!L:L,$B16)+SUMIFS('CLASSIFICAÇÃO NF'!$N:$N,'CLASSIFICAÇÃO NF'!$O:$O,">=202603",'CLASSIFICAÇÃO NF'!$O:$O,"<=202604",'CLASSIFICAÇÃO NF'!M:M,$B16) -> 0 | Y16: =SUMIFS('CLASSIFICAÇÃO NF'!$N:$N,'CLASSIFICAÇÃO NF'!$O:$O,">=202605",'CLASSIFICAÇÃO NF'!$O:$O,"<=202606",'CLASSIFICAÇÃO NF'!I:I,$B16)+SUMIFS('CLASSIFICAÇÃO NF'!$N:$N,'CLASSIFICAÇÃO NF'!$O:$O,">=202605",'CLASSIFICAÇÃO NF'!$O:$O,"<=202606",'CLASSIFICAÇÃO NF'!J:J,$B16)+SUMIFS('CLASSIFICAÇÃO NF'!$N:$N,'CLASSIFICAÇÃO NF'!$O:$O,">=202605",'CLASSIFICAÇÃO NF'!$O:$O,"<=202606",'CLASSIFICAÇÃO NF'!K:K,$B16)+SUMIFS('CLASSIFICAÇÃO NF'!$N:$N,'CLASSIFICAÇÃO NF'!$O:$O,">=202605",'CLASSIFICAÇÃO NF'!$O:$O,"<=202606",'CLASSIFICAÇÃO NF'!L:L,$B16)+SUMIFS('CLASSIFICAÇÃO NF'!$N:$N,'CLASSIFICAÇÃO NF'!$O:$O,">=202605",'CLASSIFICAÇÃO NF'!$O:$O,"<=202606",'CLASSIFICAÇÃO NF'!M:M,$B16) -> 0 | Z16: =SUMIFS('CLASSIFICAÇÃO NF'!$N:$N,'CLASSIFICAÇÃO NF'!$O:$O,">=202607",'CLASSIFICAÇÃO NF'!$O:$O,"<=202608",'CLASSIFICAÇÃO NF'!I:I,$B16)+SUMIFS('CLASSIFICAÇÃO NF'!$N:$N,'CLASSIFICAÇÃO NF'!$O:$O,">=202607",'CLASSIFICAÇÃO NF'!$O:$O,"<=202608",'CLASSIFICAÇÃO NF'!J:J,$B16)+SUMIFS('CLASSIFICAÇÃO NF'!$N:$N,'CLASSIFICAÇÃO NF'!$O:$O,">=202607",'CLASSIFICAÇÃO NF'!$O:$O,"<=202608",'CLASSIFICAÇÃO NF'!K:K,$B16)+SUMIFS('CLASSIFICAÇÃO NF'!$N:$N,'CLASSIFICAÇÃO NF'!$O:$O,">=202607",'CLASSIFICAÇÃO NF'!$O:$O,"<=202608",'CLASSIFICAÇÃO NF'!L:L,$B16)+SUMIFS('CLASSIFICAÇÃO NF'!$N:$N,'CLASSIFICAÇÃO NF'!$O:$O,">=202607",'CLASSIFICAÇÃO NF'!$O:$O,"<=202608",'CLASSIFICAÇÃO NF'!M:M,$B16) -> 0 | AA16: =SUMIFS('CLASSIFICAÇÃO NF'!$N:$N,'CLASSIFICAÇÃO NF'!$O:$O,">=202609",'CLASSIFICAÇÃO NF'!$O:$O,"<=202610",'CLASSIFICAÇÃO NF'!I:I,$B16)+SUMIFS('CLASSIFICAÇÃO NF'!$N:$N,'CLASSIFICAÇÃO NF'!$O:$O,">=202609",'CLASSIFICAÇÃO NF'!$O:$O,"<=202610",'CLASSIFICAÇÃO NF'!J:J,$B16)+SUMIFS('CLASSIFICAÇÃO NF'!$N:$N,'CLASSIFICAÇÃO NF'!$O:$O,">=202609",'CLASSIFICAÇÃO NF'!$O:$O,"<=202610",'CLASSIFICAÇÃO NF'!K:K,$B16)+SUMIFS('CLASSIFICAÇÃO NF'!$N:$N,'CLASSIFICAÇÃO NF'!$O:$O,">=202609",'CLASSIFICAÇÃO NF'!$O:$O,"<=202610",'CLASSIFICAÇÃO NF'!L:L,$B16)+SUMIFS('CLASSIFICAÇÃO NF'!$N:$N,'CLASSIFICAÇÃO NF'!$O:$O,">=202609",'CLASSIFICAÇÃO NF'!$O:$O,"<=202610",'CLASSIFICAÇÃO NF'!M:M,$B16) -> 0 | AB16: =SUMIFS('CLASSIFICAÇÃO NF'!$N:$N,'CLASSIFICAÇÃO NF'!$O:$O,">=202611",'CLASSIFICAÇÃO NF'!$O:$O,"<=202612",'CLASSIFICAÇÃO NF'!I:I,$B16)+SUMIFS('CLASSIFICAÇÃO NF'!$N:$N,'CLASSIFICAÇÃO NF'!$O:$O,">=202611",'CLASSIFICAÇÃO NF'!$O:$O,"<=202612",'CLASSIFICAÇÃO NF'!J:J,$B16)+SUMIFS('CLASSIFICAÇÃO NF'!$N:$N,'CLASSIFICAÇÃO NF'!$O:$O,">=202610",'CLASSIFICAÇÃO NF'!$O:$O,"<=202612",'CLASSIFICAÇÃO NF'!K:K,$B16)+SUMIFS('CLASSIFICAÇÃO NF'!$N:$N,'CLASSIFICAÇÃO NF'!$O:$O,">=202610",'CLASSIFICAÇÃO NF'!$O:$O,"<=202612",'CLASSIFICAÇÃO NF'!L:L,$B16)+SUMIFS('CLASSIFICAÇÃO NF'!$N:$N,'CLASSIFICAÇÃO NF'!$O:$O,">=202611",'CLASSIFICAÇÃO NF'!$O:$O,"<=202612",'CLASSIFICAÇÃO NF'!M:M,$B16) -> 0
A17: 45749 | B17: SUPREESTRUTURA | C17: =SUMIF('CLASSIFICAÇÃO NF'!I:I,B17,'CLASSIFICAÇÃO NF'!N:N)+SUMIF('CLASSIFICAÇÃO NF'!J:J,B17,'CLASSIFICAÇÃO NF'!N:N)+SUMIF('CLASSIFICAÇÃO NF'!K:K,B17,'CLASSIFICAÇÃO NF'!N:N)+SUMIF('CLASSIFICAÇÃO NF'!L:L,B17,'CLASSIFICAÇÃO NF'!N:N)+SUMIF('CLASSIFICAÇÃO NF'!M:M,B17,'CLASSIFICAÇÃO NF'!N:N) -> 22896913 | D17: =C17/E17 -> 1.0575871 | E17: 21650143 | F17: =C17/G17 -> 0.83519263 | G17: 27415128 | H17: =SUMIFS('CLASSIFICAÇÃO NF'!$N:$N,'CLASSIFICAÇÃO NF'!$O:$O,">=202301",'CLASSIFICAÇÃO NF'!$O:$O,"<=202303",'CLASSIFICAÇÃO NF'!I:I,$B17)+SUMIFS('CLASSIFICAÇÃO NF'!$N:$N,'CLASSIFICAÇÃO NF'!$O:$O,">=202301",'CLASSIFICAÇÃO NF'!$O:$O,"<=202303",'CLASSIFICAÇÃO NF'!J:J,$B17)+SUMIFS('CLASSIFICAÇÃO NF'!$N:$N,'CLASSIFICAÇÃO NF'!$O:$O,">=202301",'CLASSIFICAÇÃO NF'!$O:$O,"<=202303",'CLASSIFICAÇÃO NF'!K:K,$B17)+SUMIFS('CLASSIFICAÇÃO NF'!$N:$N,'CLASSIFICAÇÃO NF'!$O:$O,">=202301",'CLASSIFICAÇÃO NF'!$O:$O,"<=202303",'CLASSIFICAÇÃO NF'!L:L,$B17)+SUMIFS('CLASSIFICAÇÃO NF'!$N:$N,'CLASSIFICAÇÃO NF'!$O:$O,">=202301",'CLASSIFICAÇÃO NF'!$O:$O,"<=202303",'CLASSIFICAÇÃO NF'!M:M,$B17) -> 8100842.1 | I17: =SUMIFS('CLASSIFICAÇÃO NF'!$N:$N,'CLASSIFICAÇÃO NF'!$O:$O,">=202304",'CLASSIFICAÇÃO NF'!$O:$O,"<=202306",'CLASSIFICAÇÃO NF'!I:I,$B17)+SUMIFS('CLASSIFICAÇÃO NF'!$N:$N,'CLASSIFICAÇÃO NF'!$O:$O,">=202304",'CLASSIFICAÇÃO NF'!$O:$O,"<=202306",'CLASSIFICAÇÃO NF'!J:J,$B17)+SUMIFS('CLASSIFICAÇÃO NF'!$N:$N,'CLASSIFICAÇÃO NF'!$O:$O,">=202304",'CLASSIFICAÇÃO NF'!$O:$O,"<=202306",'CLASSIFICAÇÃO NF'!K:K,$B17)+SUMIFS('CLASSIFICAÇÃO NF'!$N:$N,'CLASSIFICAÇÃO NF'!$O:$O,">=202304",'CLASSIFICAÇÃO NF'!$O:$O,"<=202306",'CLASSIFICAÇÃO NF'!L:L,$B17)+SUMIFS('CLASSIFICAÇÃO NF'!$N:$N,'CLASSIFICAÇÃO NF'!$O:$O,">=202304",'CLASSIFICAÇÃO NF'!$O:$O,"<=202306",'CLASSIFICAÇÃO NF'!M:M,$B17) -> 3919902.3 | J17: =SUMIFS('CLASSIFICAÇÃO NF'!$N:$N,'CLASSIFICAÇÃO NF'!$O:$O,">=202307",'CLASSIFICAÇÃO NF'!$O:$O,"<=202309",'CLASSIFICAÇÃO NF'!I:I,$B17)+SUMIFS('CLASSIFICAÇÃO NF'!$N:$N,'CLASSIFICAÇÃO NF'!$O:$O,">=202307",'CLASSIFICAÇÃO NF'!$O:$O,"<=202309",'CLASSIFICAÇÃO NF'!J:J,$B17)+SUMIFS('CLASSIFICAÇÃO NF'!$N:$N,'CLASSIFICAÇÃO NF'!$O:$O,">=202307",'CLASSIFICAÇÃO NF'!$O:$O,"<=202309",'CLASSIFICAÇÃO NF'!K:K,$B17)+SUMIFS('CLASSIFICAÇÃO NF'!$N:$N,'CLASSIFICAÇÃO NF'!$O:$O,">=202307",'CLASSIFICAÇÃO NF'!$O:$O,"<=202309",'CLASSIFICAÇÃO NF'!L:L,$B17)+SUMIFS('CLASSIFICAÇÃO NF'!$N:$N,'CLASSIFICAÇÃO NF'!$O:$O,">=202307",'CLASSIFICAÇÃO NF'!$O:$O,"<=202309",'CLASSIFICAÇÃO NF'!M:M,$B17) -> 4334070.1 | K17: =SUMIFS('CLASSIFICAÇÃO NF'!$N:$N,'CLASSIFICAÇÃO NF'!$O:$O,">=202310",'CLASSIFICAÇÃO NF'!$O:$O,"<=202312",'CLASSIFICAÇÃO NF'!I:I,$B17)+SUMIFS('CLASSIFICAÇÃO NF'!$N:$N,'CLASSIFICAÇÃO NF'!$O:$O,">=202310",'CLASSIFICAÇÃO NF'!$O:$O,"<=202312",'CLASSIFICAÇÃO NF'!J:J,$B17)+SUMIFS('CLASSIFICAÇÃO NF'!$N:$N,'CLASSIFICAÇÃO NF'!$O:$O,">=202310",'CLASSIFICAÇÃO NF'!$O:$O,"<=202312",'CLASSIFICAÇÃO NF'!K:K,$B17)+SUMIFS('CLASSIFICAÇÃO NF'!$N:$N,'CLASSIFICAÇÃO NF'!$O:$O,">=202310",'CLASSIFICAÇÃO NF'!$O:$O,"<=202312",'CLASSIFICAÇÃO NF'!L:L,$B17)+SUMIFS('CLASSIFICAÇÃO NF'!$N:$N,'CLASSIFICAÇÃO NF'!$O:$O,">=202310",'CLASSIFICAÇÃO NF'!$O:$O,"<=202312",'CLASSIFICAÇÃO NF'!M:M,$B17) -> 3401946.1 | L17: =SUMIFS('CLASSIFICAÇÃO NF'!$N:$N,'CLASSIFICAÇÃO NF'!$O:$O,">=202401",'CLASSIFICAÇÃO NF'!$O:$O,"<=202403",'CLASSIFICAÇÃO NF'!I:I,$B17)+SUMIFS('CLASSIFICAÇÃO NF'!$N:$N,'CLASSIFICAÇÃO NF'!$O:$O,">=202401",'CLASSIFICAÇÃO NF'!$O:$O,"<=202403",'CLASSIFICAÇÃO NF'!J:J,$B17)+SUMIFS('CLASSIFICAÇÃO NF'!$N:$N,'CLASSIFICAÇÃO NF'!$O:$O,">=202401",'CLASSIFICAÇÃO NF'!$O:$O,"<=202403",'CLASSIFICAÇÃO NF'!K:K,$B17)+SUMIFS('CLASSIFICAÇÃO NF'!$N:$N,'CLASSIFICAÇÃO NF'!$O:$O,">=202401",'CLASSIFICAÇÃO NF'!$O:$O,"<=202403",'CLASSIFICAÇÃO NF'!L:L,$B17)+SUMIFS('CLASSIFICAÇÃO NF'!$N:$N,'CLASSIFICAÇÃO NF'!$O:$O,">=202401",'CLASSIFICAÇÃO NF'!$O:$O,"<=202403",'CLASSIFICAÇÃO NF'!M:M,$B17) -> 920304.04 | M17: =SUMIFS('CLASSIFICAÇÃO NF'!$N:$N,'CLASSIFICAÇÃO NF'!$O:$O,">=202404",'CLASSIFICAÇÃO NF'!$O:$O,"<=202406",'CLASSIFICAÇÃO NF'!I:I,$B17)+SUMIFS('CLASSIFICAÇÃO NF'!$N:$N,'CLASSIFICAÇÃO NF'!$O:$O,">=202404",'CLASSIFICAÇÃO NF'!$O:$O,"<=202406",'CLASSIFICAÇÃO NF'!J:J,$B17)+SUMIFS('CLASSIFICAÇÃO NF'!$N:$N,'CLASSIFICAÇÃO NF'!$O:$O,">=202404",'CLASSIFICAÇÃO NF'!$O:$O,"<=202406",'CLASSIFICAÇÃO NF'!K:K,$B17)+SUMIFS('CLASSIFICAÇÃO NF'!$N:$N,'CLASSIFICAÇÃO NF'!$O:$O,">=202404",'CLASSIFICAÇÃO NF'!$O:$O,"<=202406",'CLASSIFICAÇÃO NF'!L:L,$B17)+SUMIFS('CLASSIFICAÇÃO NF'!$N:$N,'CLASSIFICAÇÃO NF'!$O:$O,">=202404",'CLASSIFICAÇÃO NF'!$O:$O,"<=202406",'CLASSIFICAÇÃO NF'!M:M,$B17) -> 869940.74 | N17: =SUMIFS('CLASSIFICAÇÃO NF'!$N:$N,'CLASSIFICAÇÃO NF'!$O:$O,">=202407",'CLASSIFICAÇÃO NF'!$O:$O,"<=202408",'CLASSIFICAÇÃO NF'!I:I,$B17)+SUMIFS('CLASSIFICAÇÃO NF'!$N:$N,'CLASSIFICAÇÃO NF'!$O:$O,">=202407",'CLASSIFICAÇÃO NF'!$O:$O,"<=202408",'CLASSIFICAÇÃO NF'!J:J,$B17)+SUMIFS('CLASSIFICAÇÃO NF'!$N:$N,'CLASSIFICAÇÃO NF'!$O:$O,">=202407",'CLASSIFICAÇÃO NF'!$O:$O,"<=202408",'CLASSIFICAÇÃO NF'!K:K,$B17)+SUMIFS('CLASSIFICAÇÃO NF'!$N:$N,'CLASSIFICAÇÃO NF'!$O:$O,">=202407",'CLASSIFICAÇÃO NF'!$O:$O,"<=202408",'CLASSIFICAÇÃO NF'!L:L,$B17)+SUMIFS('CLASSIFICAÇÃO NF'!$N:$N,'CLASSIFICAÇÃO NF'!$O:$O,">=202407",'CLASSIFICAÇÃO NF'!$O:$O,"<=202408",'CLASSIFICAÇÃO NF'!M:M,$B17) -> 698758.6 | O17: =SUMIFS('CLASSIFICAÇÃO NF'!$N:$N,'CLASSIFICAÇÃO NF'!$O:$O,">=202409",'CLASSIFICAÇÃO NF'!$O:$O,"<=202410",'CLASSIFICAÇÃO NF'!I:I,$B17)+SUMIFS('CLASSIFICAÇÃO NF'!$N:$N,'CLASSIFICAÇÃO NF'!$O:$O,">=202409",'CLASSIFICAÇÃO NF'!$O:$O,"<=202410",'CLASSIFICAÇÃO NF'!J:J,$B17)+SUMIFS('CLASSIFICAÇÃO NF'!$N:$N,'CLASSIFICAÇÃO NF'!$O:$O,">=202409",'CLASSIFICAÇÃO NF'!$O:$O,"<=202410",'CLASSIFICAÇÃO NF'!K:K,$B17)+SUMIFS('CLASSIFICAÇÃO NF'!$N:$N,'CLASSIFICAÇÃO NF'!$O:$O,">=202409",'CLASSIFICAÇÃO NF'!$O:$O,"<=202410",'CLASSIFICAÇÃO NF'!L:L,$B17)+SUMIFS('CLASSIFICAÇÃO NF'!$N:$N,'CLASSIFICAÇÃO NF'!$O:$O,">=202409",'CLASSIFICAÇÃO NF'!$O:$O,"<=202410",'CLASSIFICAÇÃO NF'!M:M,$B17) -> 473201.27 | P17: =SUMIFS('CLASSIFICAÇÃO NF'!$N:$N,'CLASSIFICAÇÃO NF'!$O:$O,">=202411",'CLASSIFICAÇÃO NF'!$O:$O,"<=202412",'CLASSIFICAÇÃO NF'!I:I,$B17)+SUMIFS('CLASSIFICAÇÃO NF'!$N:$N,'CLASSIFICAÇÃO NF'!$O:$O,">=202411",'CLASSIFICAÇÃO NF'!$O:$O,"<=202412",'CLASSIFICAÇÃO NF'!J:J,$B17)+SUMIFS('CLASSIFICAÇÃO NF'!$N:$N,'CLASSIFICAÇÃO NF'!$O:$O,">=202411",'CLASSIFICAÇÃO NF'!$O:$O,"<=202412",'CLASSIFICAÇÃO NF'!K:K,$B17)+SUMIFS('CLASSIFICAÇÃO NF'!$N:$N,'CLASSIFICAÇÃO NF'!$O:$O,">=202411",'CLASSIFICAÇÃO NF'!$O:$O,"<=202412",'CLASSIFICAÇÃO NF'!L:L,$B17)+SUMIFS('CLASSIFICAÇÃO NF'!$N:$N,'CLASSIFICAÇÃO NF'!$O:$O,">=202411",'CLASSIFICAÇÃO NF'!$O:$O,"<=202412",'CLASSIFICAÇÃO NF'!M:M,$B17) -> 79623.98 | Q17: =SUMIFS('CLASSIFICAÇÃO NF'!$N:$N,'CLASSIFICAÇÃO NF'!$O:$O,">=202501",'CLASSIFICAÇÃO NF'!$O:$O,"<=202502",'CLASSIFICAÇÃO NF'!I:I,$B17)+SUMIFS('CLASSIFICAÇÃO NF'!$N:$N,'CLASSIFICAÇÃO NF'!$O:$O,">=202501",'CLASSIFICAÇÃO NF'!$O:$O,"<=202502",'CLASSIFICAÇÃO NF'!J:J,$B17)+SUMIFS('CLASSIFICAÇÃO NF'!$N:$N,'CLASSIFICAÇÃO NF'!$O:$O,">=202501",'CLASSIFICAÇÃO NF'!$O:$O,"<=202502",'CLASSIFICAÇÃO NF'!K:K,$B17)+SUMIFS('CLASSIFICAÇÃO NF'!$N:$N,'CLASSIFICAÇÃO NF'!$O:$O,">=202501",'CLASSIFICAÇÃO NF'!$O:$O,"<=202502",'CLASSIFICAÇÃO NF'!L:L,$B17)+SUMIFS('CLASSIFICAÇÃO NF'!$N:$N,'CLASSIFICAÇÃO NF'!$O:$O,">=202501",'CLASSIFICAÇÃO NF'!$O:$O,"<=202502",'CLASSIFICAÇÃO NF'!M:M,$B17) -> 71544.28 | R17: =SUMIFS('CLASSIFICAÇÃO NF'!$N:$N,'CLASSIFICAÇÃO NF'!$O:$O,">=202503",'CLASSIFICAÇÃO NF'!$O:$O,"<=202504",'CLASSIFICAÇÃO NF'!I:I,$B17)+SUMIFS('CLASSIFICAÇÃO NF'!$N:$N,'CLASSIFICAÇÃO NF'!$O:$O,">=202503",'CLASSIFICAÇÃO NF'!$O:$O,"<=202504",'CLASSIFICAÇÃO NF'!J:J,$B17)+SUMIFS('CLASSIFICAÇÃO NF'!$N:$N,'CLASSIFICAÇÃO NF'!$O:$O,">=202503",'CLASSIFICAÇÃO NF'!$O:$O,"<=202504",'CLASSIFICAÇÃO NF'!K:K,$B17)+SUMIFS('CLASSIFICAÇÃO NF'!$N:$N,'CLASSIFICAÇÃO NF'!$O:$O,">=202503",'CLASSIFICAÇÃO NF'!$O:$O,"<=202504",'CLASSIFICAÇÃO NF'!L:L,$B17)+SUMIFS('CLASSIFICAÇÃO NF'!$N:$N,'CLASSIFICAÇÃO NF'!$O:$O,">=202503",'CLASSIFICAÇÃO NF'!$O:$O,"<=202504",'CLASSIFICAÇÃO NF'!M:M,$B17) -> 2811.66 | S17: =SUMIFS('CLASSIFICAÇÃO NF'!$N:$N,'CLASSIFICAÇÃO NF'!$O:$O,">=202505",'CLASSIFICAÇÃO NF'!$O:$O,"<=202506",'CLASSIFICAÇÃO NF'!I:I,$B17)+SUMIFS('CLASSIFICAÇÃO NF'!$N:$N,'CLASSIFICAÇÃO NF'!$O:$O,">=202505",'CLASSIFICAÇÃO NF'!$O:$O,"<=202506",'CLASSIFICAÇÃO NF'!J:J,$B17)+SUMIFS('CLASSIFICAÇÃO NF'!$N:$N,'CLASSIFICAÇÃO NF'!$O:$O,">=202505",'CLASSIFICAÇÃO NF'!$O:$O,"<=202506",'CLASSIFICAÇÃO NF'!K:K,$B17)+SUMIFS('CLASSIFICAÇÃO NF'!$N:$N,'CLASSIFICAÇÃO NF'!$O:$O,">=202505",'CLASSIFICAÇÃO NF'!$O:$O,"<=202506",'CLASSIFICAÇÃO NF'!L:L,$B17)+SUMIFS('CLASSIFICAÇÃO NF'!$N:$N,'CLASSIFICAÇÃO NF'!$O:$O,">=202505",'CLASSIFICAÇÃO NF'!$O:$O,"<=202506",'CLASSIFICAÇÃO NF'!M:M,$B17) -> 0 | T17: =SUMIFS('CLASSIFICAÇÃO NF'!$N:$N,'CLASSIFICAÇÃO NF'!$O:$O,">=202507",'CLASSIFICAÇÃO NF'!$O:$O,"<=202508",'CLASSIFICAÇÃO NF'!I:I,$B17)+SUMIFS('CLASSIFICAÇÃO NF'!$N:$N,'CLASSIFICAÇÃO NF'!$O:$O,">=202507",'CLASSIFICAÇÃO NF'!$O:$O,"<=202508",'CLASSIFICAÇÃO NF'!J:J,$B17)+SUMIFS('CLASSIFICAÇÃO NF'!$N:$N,'CLASSIFICAÇÃO NF'!$O:$O,">=202507",'CLASSIFICAÇÃO NF'!$O:$O,"<=202508",'CLASSIFICAÇÃO NF'!K:K,$B17)+SUMIFS('CLASSIFICAÇÃO NF'!$N:$N,'CLASSIFICAÇÃO NF'!$O:$O,">=202507",'CLASSIFICAÇÃO NF'!$O:$O,"<=202508",'CLASSIFICAÇÃO NF'!L:L,$B17)+SUMIFS('CLASSIFICAÇÃO NF'!$N:$N,'CLASSIFICAÇÃO NF'!$O:$O,">=202508",'CLASSIFICAÇÃO NF'!$O:$O,"<=202508",'CLASSIFICAÇÃO NF'!M:M,$B17) -> 0 | U17: =SUMIFS('CLASSIFICAÇÃO NF'!$N:$N,'CLASSIFICAÇÃO NF'!$O:$O,">=202509",'CLASSIFICAÇÃO NF'!$O:$O,"<=202510",'CLASSIFICAÇÃO NF'!I:I,$B17)+SUMIFS('CLASSIFICAÇÃO NF'!$N:$N,'CLASSIFICAÇÃO NF'!$O:$O,">=202509",'CLASSIFICAÇÃO NF'!$O:$O,"<=202510",'CLASSIFICAÇÃO NF'!J:J,$B17)+SUMIFS('CLASSIFICAÇÃO NF'!$N:$N,'CLASSIFICAÇÃO NF'!$O:$O,">=202509",'CLASSIFICAÇÃO NF'!$O:$O,"<=202510",'CLASSIFICAÇÃO NF'!K:K,$B17)+SUMIFS('CLASSIFICAÇÃO NF'!$N:$N,'CLASSIFICAÇÃO NF'!$O:$O,">=202509",'CLASSIFICAÇÃO NF'!$O:$O,"<=202510",'CLASSIFICAÇÃO NF'!L:L,$B17)+SUMIFS('CLASSIFICAÇÃO NF'!$N:$N,'CLASSIFICAÇÃO NF'!$O:$O,">=202509",'CLASSIFICAÇÃO NF'!$O:$O,"<=202510",'CLASSIFICAÇÃO NF'!M:M,$B17) -> 0 | V17: =SUMIFS('CLASSIFICAÇÃO NF'!$N:$N,'CLASSIFICAÇÃO NF'!$O:$O,">=202511",'CLASSIFICAÇÃO NF'!$O:$O,"<=202512",'CLASSIFICAÇÃO NF'!I:I,$B17)+SUMIFS('CLASSIFICAÇÃO NF'!$N:$N,'CLASSIFICAÇÃO NF'!$O:$O,">=202511",'CLASSIFICAÇÃO NF'!$O:$O,"<=202512",'CLASSIFICAÇÃO NF'!J:J,$B17)+SUMIFS('CLASSIFICAÇÃO NF'!$N:$N,'CLASSIFICAÇÃO NF'!$O:$O,">=202511",'CLASSIFICAÇÃO NF'!$O:$O,"<=202512",'CLASSIFICAÇÃO NF'!K:K,$B17)+SUMIFS('CLASSIFICAÇÃO NF'!$N:$N,'CLASSIFICAÇÃO NF'!$O:$O,">=202511",'CLASSIFICAÇÃO NF'!$O:$O,"<=202512",'CLASSIFICAÇÃO NF'!L:L,$B17)+SUMIFS('CLASSIFICAÇÃO NF'!$N:$N,'CLASSIFICAÇÃO NF'!$O:$O,">=202511",'CLASSIFICAÇÃO NF'!$O:$O,"<=202512",'CLASSIFICAÇÃO NF'!M:M,$B17) -> 0 | W17: =SUMIFS('CLASSIFICAÇÃO NF'!$N:$N,'CLASSIFICAÇÃO NF'!$O:$O,">=202601",'CLASSIFICAÇÃO NF'!$O:$O,"<=202602",'CLASSIFICAÇÃO NF'!I:I,$B17)+SUMIFS('CLASSIFICAÇÃO NF'!$N:$N,'CLASSIFICAÇÃO NF'!$O:$O,">=202601",'CLASSIFICAÇÃO NF'!$O:$O,"<=202602",'CLASSIFICAÇÃO NF'!J:J,$B17)+SUMIFS('CLASSIFICAÇÃO NF'!$N:$N,'CLASSIFICAÇÃO NF'!$O:$O,">=202601",'CLASSIFICAÇÃO NF'!$O:$O,"<=202602",'CLASSIFICAÇÃO NF'!K:K,$B17)+SUMIFS('CLASSIFICAÇÃO NF'!$N:$N,'CLASSIFICAÇÃO NF'!$O:$O,">=202601",'CLASSIFICAÇÃO NF'!$O:$O,"<=202602",'CLASSIFICAÇÃO NF'!L:L,$B17)+SUMIFS('CLASSIFICAÇÃO NF'!$N:$N,'CLASSIFICAÇÃO NF'!$O:$O,">=202601",'CLASSIFICAÇÃO NF'!$O:$O,"<=202602",'CLASSIFICAÇÃO NF'!M:M,$B17) -> 23968 | X17: =SUMIFS('CLASSIFICAÇÃO NF'!$N:$N,'CLASSIFICAÇÃO NF'!$O:$O,">=202603",'CLASSIFICAÇÃO NF'!$O:$O,"<=202604",'CLASSIFICAÇÃO NF'!I:I,$B17)+SUMIFS('CLASSIFICAÇÃO NF'!$N:$N,'CLASSIFICAÇÃO NF'!$O:$O,">=202603",'CLASSIFICAÇÃO NF'!$O:$O,"<=202604",'CLASSIFICAÇÃO NF'!J:J,$B17)+SUMIFS('CLASSIFICAÇÃO NF'!$N:$N,'CLASSIFICAÇÃO NF'!$O:$O,">=202603",'CLASSIFICAÇÃO NF'!$O:$O,"<=202604",'CLASSIFICAÇÃO NF'!K:K,$B17)+SUMIFS('CLASSIFICAÇÃO NF'!$N:$N,'CLASSIFICAÇÃO NF'!$O:$O,">=202603",'CLASSIFICAÇÃO NF'!$O:$O,"<=202604",'CLASSIFICAÇÃO NF'!L:L,$B17)+SUMIFS('CLASSIFICAÇÃO NF'!$N:$N,'CLASSIFICAÇÃO NF'!$O:$O,">=202603",'CLASSIFICAÇÃO NF'!$O:$O,"<=202604",'CLASSIFICAÇÃO NF'!M:M,$B17) -> 0 | Y17: =SUMIFS('CLASSIFICAÇÃO NF'!$N:$N,'CLASSIFICAÇÃO NF'!$O:$O,">=202605",'CLASSIFICAÇÃO NF'!$O:$O,"<=202606",'CLASSIFICAÇÃO NF'!I:I,$B17)+SUMIFS('CLASSIFICAÇÃO NF'!$N:$N,'CLASSIFICAÇÃO NF'!$O:$O,">=202605",'CLASSIFICAÇÃO NF'!$O:$O,"<=202606",'CLASSIFICAÇÃO NF'!J:J,$B17)+SUMIFS('CLASSIFICAÇÃO NF'!$N:$N,'CLASSIFICAÇÃO NF'!$O:$O,">=202605",'CLASSIFICAÇÃO NF'!$O:$O,"<=202606",'CLASSIFICAÇÃO NF'!K:K,$B17)+SUMIFS('CLASSIFICAÇÃO NF'!$N:$N,'CLASSIFICAÇÃO NF'!$O:$O,">=202605",'CLASSIFICAÇÃO NF'!$O:$O,"<=202606",'CLASSIFICAÇÃO NF'!L:L,$B17)+SUMIFS('CLASSIFICAÇÃO NF'!$N:$N,'CLASSIFICAÇÃO NF'!$O:$O,">=202605",'CLASSIFICAÇÃO NF'!$O:$O,"<=202606",'CLASSIFICAÇÃO NF'!M:M,$B17) -> 0 | Z17: =SUMIFS('CLASSIFICAÇÃO NF'!$N:$N,'CLASSIFICAÇÃO NF'!$O:$O,">=202607",'CLASSIFICAÇÃO NF'!$O:$O,"<=202608",'CLASSIFICAÇÃO NF'!I:I,$B17)+SUMIFS('CLASSIFICAÇÃO NF'!$N:$N,'CLASSIFICAÇÃO NF'!$O:$O,">=202607",'CLASSIFICAÇÃO NF'!$O:$O,"<=202608",'CLASSIFICAÇÃO NF'!J:J,$B17)+SUMIFS('CLASSIFICAÇÃO NF'!$N:$N,'CLASSIFICAÇÃO NF'!$O:$O,">=202607",'CLASSIFICAÇÃO NF'!$O:$O,"<=202608",'CLASSIFICAÇÃO NF'!K:K,$B17)+SUMIFS('CLASSIFICAÇÃO NF'!$N:$N,'CLASSIFICAÇÃO NF'!$O:$O,">=202607",'CLASSIFICAÇÃO NF'!$O:$O,"<=202608",'CLASSIFICAÇÃO NF'!L:L,$B17)+SUMIFS('CLASSIFICAÇÃO NF'!$N:$N,'CLASSIFICAÇÃO NF'!$O:$O,">=202607",'CLASSIFICAÇÃO NF'!$O:$O,"<=202608",'CLASSIFICAÇÃO NF'!M:M,$B17) -> 0 | AA17: =SUMIFS('CLASSIFICAÇÃO NF'!$N:$N,'CLASSIFICAÇÃO NF'!$O:$O,">=202609",'CLASSIFICAÇÃO NF'!$O:$O,"<=202610",'CLASSIFICAÇÃO NF'!I:I,$B17)+SUMIFS('CLASSIFICAÇÃO NF'!$N:$N,'CLASSIFICAÇÃO NF'!$O:$O,">=202609",'CLASSIFICAÇÃO NF'!$O:$O,"<=202610",'CLASSIFICAÇÃO NF'!J:J,$B17)+SUMIFS('CLASSIFICAÇÃO NF'!$N:$N,'CLASSIFICAÇÃO NF'!$O:$O,">=202609",'CLASSIFICAÇÃO NF'!$O:$O,"<=202610",'CLASSIFICAÇÃO NF'!K:K,$B17)+SUMIFS('CLASSIFICAÇÃO NF'!$N:$N,'CLASSIFICAÇÃO NF'!$O:$O,">=202609",'CLASSIFICAÇÃO NF'!$O:$O,"<=202610",'CLASSIFICAÇÃO NF'!L:L,$B17)+SUMIFS('CLASSIFICAÇÃO NF'!$N:$N,'CLASSIFICAÇÃO NF'!$O:$O,">=202609",'CLASSIFICAÇÃO NF'!$O:$O,"<=202610",'CLASSIFICAÇÃO NF'!M:M,$B17) -> 0 | AB17: =SUMIFS('CLASSIFICAÇÃO NF'!$N:$N,'CLASSIFICAÇÃO NF'!$O:$O,">=202611",'CLASSIFICAÇÃO NF'!$O:$O,"<=202612",'CLASSIFICAÇÃO NF'!I:I,$B17)+SUMIFS('CLASSIFICAÇÃO NF'!$N:$N,'CLASSIFICAÇÃO NF'!$O:$O,">=202611",'CLASSIFICAÇÃO NF'!$O:$O,"<=202612",'CLASSIFICAÇÃO NF'!J:J,$B17)+SUMIFS('CLASSIFICAÇÃO NF'!$N:$N,'CLASSIFICAÇÃO NF'!$O:$O,">=202610",'CLASSIFICAÇÃO NF'!$O:$O,"<=202612",'CLASSIFICAÇÃO NF'!K:K,$B17)+SUMIFS('CLASSIFICAÇÃO NF'!$N:$N,'CLASSIFICAÇÃO NF'!$O:$O,">=202610",'CLASSIFICAÇÃO NF'!$O:$O,"<=202612",'CLASSIFICAÇÃO NF'!L:L,$B17)+SUMIFS('CLASSIFICAÇÃO NF'!$N:$N,'CLASSIFICAÇÃO NF'!$O:$O,">=202611",'CLASSIFICAÇÃO NF'!$O:$O,"<=202612",'CLASSIFICAÇÃO NF'!M:M,$B17) -> 0
A18: 45779 | B18: ALVENARIAS E DIVISÓRIAS | C18: =SUMIF('CLASSIFICAÇÃO NF'!I:I,B18,'CLASSIFICAÇÃO NF'!N:N)+SUMIF('CLASSIFICAÇÃO NF'!J:J,B18,'CLASSIFICAÇÃO NF'!N:N)+SUMIF('CLASSIFICAÇÃO NF'!K:K,B18,'CLASSIFICAÇÃO NF'!N:N)+SUMIF('CLASSIFICAÇÃO NF'!L:L,B18,'CLASSIFICAÇÃO NF'!N:N)+SUMIF('CLASSIFICAÇÃO NF'!M:M,B18,'CLASSIFICAÇÃO NF'!N:N) -> 7288590.4 | D18: =C18/E18 -> 1.0094672 | E18: 7220234.8 | F18: =C18/G18 -> 0.84153234 | G18: 8661093.6 | H18: =SUMIFS('CLASSIFICAÇÃO NF'!$N:$N,'CLASSIFICAÇÃO NF'!$O:$O,">=202301",'CLASSIFICAÇÃO NF'!$O:$O,"<=202303",'CLASSIFICAÇÃO NF'!I:I,$B18)+SUMIFS('CLASSIFICAÇÃO NF'!$N:$N,'CLASSIFICAÇÃO NF'!$O:$O,">=202301",'CLASSIFICAÇÃO NF'!$O:$O,"<=202303",'CLASSIFICAÇÃO NF'!J:J,$B18)+SUMIFS('CLASSIFICAÇÃO NF'!$N:$N,'CLASSIFICAÇÃO NF'!$O:$O,">=202301",'CLASSIFICAÇÃO NF'!$O:$O,"<=202303",'CLASSIFICAÇÃO NF'!K:K,$B18)+SUMIFS('CLASSIFICAÇÃO NF'!$N:$N,'CLASSIFICAÇÃO NF'!$O:$O,">=202301",'CLASSIFICAÇÃO NF'!$O:$O,"<=202303",'CLASSIFICAÇÃO NF'!L:L,$B18)+SUMIFS('CLASSIFICAÇÃO NF'!$N:$N,'CLASSIFICAÇÃO NF'!$O:$O,">=202301",'CLASSIFICAÇÃO NF'!$O:$O,"<=202303",'CLASSIFICAÇÃO NF'!M:M,$B18) -> 213 | I18: =SUMIFS('CLASSIFICAÇÃO NF'!$N:$N,'CLASSIFICAÇÃO NF'!$O:$O,">=202304",'CLASSIFICAÇÃO NF'!$O:$O,"<=202306",'CLASSIFICAÇÃO NF'!I:I,$B18)+SUMIFS('CLASSIFICAÇÃO NF'!$N:$N,'CLASSIFICAÇÃO NF'!$O:$O,">=202304",'CLASSIFICAÇÃO NF'!$O:$O,"<=202306",'CLASSIFICAÇÃO NF'!J:J,$B18)+SUMIFS('CLASSIFICAÇÃO NF'!$N:$N,'CLASSIFICAÇÃO NF'!$O:$O,">=202304",'CLASSIFICAÇÃO NF'!$O:$O,"<=202306",'CLASSIFICAÇÃO NF'!K:K,$B18)+SUMIFS('CLASSIFICAÇÃO NF'!$N:$N,'CLASSIFICAÇÃO NF'!$O:$O,">=202304",'CLASSIFICAÇÃO NF'!$O:$O,"<=202306",'CLASSIFICAÇÃO NF'!L:L,$B18)+SUMIFS('CLASSIFICAÇÃO NF'!$N:$N,'CLASSIFICAÇÃO NF'!$O:$O,">=202304",'CLASSIFICAÇÃO NF'!$O:$O,"<=202306",'CLASSIFICAÇÃO NF'!M:M,$B18) -> 0 | J18: =SUMIFS('CLASSIFICAÇÃO NF'!$N:$N,'CLASSIFICAÇÃO NF'!$O:$O,">=202307",'CLASSIFICAÇÃO NF'!$O:$O,"<=202309",'CLASSIFICAÇÃO NF'!I:I,$B18)+SUMIFS('CLASSIFICAÇÃO NF'!$N:$N,'CLASSIFICAÇÃO NF'!$O:$O,">=202307",'CLASSIFICAÇÃO NF'!$O:$O,"<=202309",'CLASSIFICAÇÃO NF'!J:J,$B18)+SUMIFS('CLASSIFICAÇÃO NF'!$N:$N,'CLASSIFICAÇÃO NF'!$O:$O,">=202307",'CLASSIFICAÇÃO NF'!$O:$O,"<=202309",'CLASSIFICAÇÃO NF'!K:K,$B18)+SUMIFS('CLASSIFICAÇÃO NF'!$N:$N,'CLASSIFICAÇÃO NF'!$O:$O,">=202307",'CLASSIFICAÇÃO NF'!$O:$O,"<=202309",'CLASSIFICAÇÃO NF'!L:L,$B18)+SUMIFS('CLASSIFICAÇÃO NF'!$N:$N,'CLASSIFICAÇÃO NF'!$O:$O,">=202307",'CLASSIFICAÇÃO NF'!$O:$O,"<=202309",'CLASSIFICAÇÃO NF'!M:M,$B18) -> 9079.5 | K18: =SUMIFS('CLASSIFICAÇÃO NF'!$N:$N,'CLASSIFICAÇÃO NF'!$O:$O,">=202310",'CLASSIFICAÇÃO NF'!$O:$O,"<=202312",'CLASSIFICAÇÃO NF'!I:I,$B18)+SUMIFS('CLASSIFICAÇÃO NF'!$N:$N,'CLASSIFICAÇÃO NF'!$O:$O,">=202310",'CLASSIFICAÇÃO NF'!$O:$O,"<=202312",'CLASSIFICAÇÃO NF'!J:J,$B18)+SUMIFS('CLASSIFICAÇÃO NF'!$N:$N,'CLASSIFICAÇÃO NF'!$O:$O,">=202310",'CLASSIFICAÇÃO NF'!$O:$O,"<=202312",'CLASSIFICAÇÃO NF'!K:K,$B18)+SUMIFS('CLASSIFICAÇÃO NF'!$N:$N,'CLASSIFICAÇÃO NF'!$O:$O,">=202310",'CLASSIFICAÇÃO NF'!$O:$O,"<=202312",'CLASSIFICAÇÃO NF'!L:L,$B18)+SUMIFS('CLASSIFICAÇÃO NF'!$N:$N,'CLASSIFICAÇÃO NF'!$O:$O,">=202310",'CLASSIFICAÇÃO NF'!$O:$O,"<=202312",'CLASSIFICAÇÃO NF'!M:M,$B18) -> 923951.9 | L18: =SUMIFS('CLASSIFICAÇÃO NF'!$N:$N,'CLASSIFICAÇÃO NF'!$O:$O,">=202401",'CLASSIFICAÇÃO NF'!$O:$O,"<=202403",'CLASSIFICAÇÃO NF'!I:I,$B18)+SUMIFS('CLASSIFICAÇÃO NF'!$N:$N,'CLASSIFICAÇÃO NF'!$O:$O,">=202401",'CLASSIFICAÇÃO NF'!$O:$O,"<=202403",'CLASSIFICAÇÃO NF'!J:J,$B18)+SUMIFS('CLASSIFICAÇÃO NF'!$N:$N,'CLASSIFICAÇÃO NF'!$O:$O,">=202401",'CLASSIFICAÇÃO NF'!$O:$O,"<=202403",'CLASSIFICAÇÃO NF'!K:K,$B18)+SUMIFS('CLASSIFICAÇÃO NF'!$N:$N,'CLASSIFICAÇÃO NF'!$O:$O,">=202401",'CLASSIFICAÇÃO NF'!$O:$O,"<=202403",'CLASSIFICAÇÃO NF'!L:L,$B18)+SUMIFS('CLASSIFICAÇÃO NF'!$N:$N,'CLASSIFICAÇÃO NF'!$O:$O,">=202401",'CLASSIFICAÇÃO NF'!$O:$O,"<=202403",'CLASSIFICAÇÃO NF'!M:M,$B18) -> 443705.13 | M18: =SUMIFS('CLASSIFICAÇÃO NF'!$N:$N,'CLASSIFICAÇÃO NF'!$O:$O,">=202404",'CLASSIFICAÇÃO NF'!$O:$O,"<=202406",'CLASSIFICAÇÃO NF'!I:I,$B18)+SUMIFS('CLASSIFICAÇÃO NF'!$N:$N,'CLASSIFICAÇÃO NF'!$O:$O,">=202404",'CLASSIFICAÇÃO NF'!$O:$O,"<=202406",'CLASSIFICAÇÃO NF'!J:J,$B18)+SUMIFS('CLASSIFICAÇÃO NF'!$N:$N,'CLASSIFICAÇÃO NF'!$O:$O,">=202404",'CLASSIFICAÇÃO NF'!$O:$O,"<=202406",'CLASSIFICAÇÃO NF'!K:K,$B18)+SUMIFS('CLASSIFICAÇÃO NF'!$N:$N,'CLASSIFICAÇÃO NF'!$O:$O,">=202404",'CLASSIFICAÇÃO NF'!$O:$O,"<=202406",'CLASSIFICAÇÃO NF'!L:L,$B18)+SUMIFS('CLASSIFICAÇÃO NF'!$N:$N,'CLASSIFICAÇÃO NF'!$O:$O,">=202404",'CLASSIFICAÇÃO NF'!$O:$O,"<=202406",'CLASSIFICAÇÃO NF'!M:M,$B18) -> 1459074.5 | N18: =SUMIFS('CLASSIFICAÇÃO NF'!$N:$N,'CLASSIFICAÇÃO NF'!$O:$O,">=202407",'CLASSIFICAÇÃO NF'!$O:$O,"<=202408",'CLASSIFICAÇÃO NF'!I:I,$B18)+SUMIFS('CLASSIFICAÇÃO NF'!$N:$N,'CLASSIFICAÇÃO NF'!$O:$O,">=202407",'CLASSIFICAÇÃO NF'!$O:$O,"<=202408",'CLASSIFICAÇÃO NF'!J:J,$B18)+SUMIFS('CLASSIFICAÇÃO NF'!$N:$N,'CLASSIFICAÇÃO NF'!$O:$O,">=202407",'CLASSIFICAÇÃO NF'!$O:$O,"<=202408",'CLASSIFICAÇÃO NF'!K:K,$B18)+SUMIFS('CLASSIFICAÇÃO NF'!$N:$N,'CLASSIFICAÇÃO NF'!$O:$O,">=202407",'CLASSIFICAÇÃO NF'!$O:$O,"<=202408",'CLASSIFICAÇÃO NF'!L:L,$B18)+SUMIFS('CLASSIFICAÇÃO NF'!$N:$N,'CLASSIFICAÇÃO NF'!$O:$O,">=202407",'CLASSIFICAÇÃO NF'!$O:$O,"<=202408",'CLASSIFICAÇÃO NF'!M:M,$B18) -> 1094248.6 | O18: =SUMIFS('CLASSIFICAÇÃO NF'!$N:$N,'CLASSIFICAÇÃO NF'!$O:$O,">=202409",'CLASSIFICAÇÃO NF'!$O:$O,"<=202410",'CLASSIFICAÇÃO NF'!I:I,$B18)+SUMIFS('CLASSIFICAÇÃO NF'!$N:$N,'CLASSIFICAÇÃO NF'!$O:$O,">=202409",'CLASSIFICAÇÃO NF'!$O:$O,"<=202410",'CLASSIFICAÇÃO NF'!J:J,$B18)+SUMIFS('CLASSIFICAÇÃO NF'!$N:$N,'CLASSIFICAÇÃO NF'!$O:$O,">=202409",'CLASSIFICAÇÃO NF'!$O:$O,"<=202410",'CLASSIFICAÇÃO NF'!K:K,$B18)+SUMIFS('CLASSIFICAÇÃO NF'!$N:$N,'CLASSIFICAÇÃO NF'!$O:$O,">=202409",'CLASSIFICAÇÃO NF'!$O:$O,"<=202410",'CLASSIFICAÇÃO NF'!L:L,$B18)+SUMIFS('CLASSIFICAÇÃO NF'!$N:$N,'CLASSIFICAÇÃO NF'!$O:$O,">=202409",'CLASSIFICAÇÃO NF'!$O:$O,"<=202410",'CLASSIFICAÇÃO NF'!M:M,$B18) -> 781750.63 | P18: =SUMIFS('CLASSIFICAÇÃO NF'!$N:$N,'CLASSIFICAÇÃO NF'!$O:$O,">=202411",'CLASSIFICAÇÃO NF'!$O:$O,"<=202412",'CLASSIFICAÇÃO NF'!I:I,$B18)+SUMIFS('CLASSIFICAÇÃO NF'!$N:$N,'CLASSIFICAÇÃO NF'!$O:$O,">=202411",'CLASSIFICAÇÃO NF'!$O:$O,"<=202412",'CLASSIFICAÇÃO NF'!J:J,$B18)+SUMIFS('CLASSIFICAÇÃO NF'!$N:$N,'CLASSIFICAÇÃO NF'!$O:$O,">=202411",'CLASSIFICAÇÃO NF'!$O:$O,"<=202412",'CLASSIFICAÇÃO NF'!K:K,$B18)+SUMIFS('CLASSIFICAÇÃO NF'!$N:$N,'CLASSIFICAÇÃO NF'!$O:$O,">=202411",'CLASSIFICAÇÃO NF'!$O:$O,"<=202412",'CLASSIFICAÇÃO NF'!L:L,$B18)+SUMIFS('CLASSIFICAÇÃO NF'!$N:$N,'CLASSIFICAÇÃO NF'!$O:$O,">=202411",'CLASSIFICAÇÃO NF'!$O:$O,"<=202412",'CLASSIFICAÇÃO NF'!M:M,$B18) -> 547355.08 | Q18: =SUMIFS('CLASSIFICAÇÃO NF'!$N:$N,'CLASSIFICAÇÃO NF'!$O:$O,">=202501",'CLASSIFICAÇÃO NF'!$O:$O,"<=202502",'CLASSIFICAÇÃO NF'!I:I,$B18)+SUMIFS('CLASSIFICAÇÃO NF'!$N:$N,'CLASSIFICAÇÃO NF'!$O:$O,">=202501",'CLASSIFICAÇÃO NF'!$O:$O,"<=202502",'CLASSIFICAÇÃO NF'!J:J,$B18)+SUMIFS('CLASSIFICAÇÃO NF'!$N:$N,'CLASSIFICAÇÃO NF'!$O:$O,">=202501",'CLASSIFICAÇÃO NF'!$O:$O,"<=202502",'CLASSIFICAÇÃO NF'!K:K,$B18)+SUMIFS('CLASSIFICAÇÃO NF'!$N:$N,'CLASSIFICAÇÃO NF'!$O:$O,">=202501",'CLASSIFICAÇÃO NF'!$O:$O,"<=202502",'CLASSIFICAÇÃO NF'!L:L,$B18)+SUMIFS('CLASSIFICAÇÃO NF'!$N:$N,'CLASSIFICAÇÃO NF'!$O:$O,">=202501",'CLASSIFICAÇÃO NF'!$O:$O,"<=202502",'CLASSIFICAÇÃO NF'!M:M,$B18) -> 1090738.4 | R18: =SUMIFS('CLASSIFICAÇÃO NF'!$N:$N,'CLASSIFICAÇÃO NF'!$O:$O,">=202503",'CLASSIFICAÇÃO NF'!$O:$O,"<=202504",'CLASSIFICAÇÃO NF'!I:I,$B18)+SUMIFS('CLASSIFICAÇÃO NF'!$N:$N,'CLASSIFICAÇÃO NF'!$O:$O,">=202503",'CLASSIFICAÇÃO NF'!$O:$O,"<=202504",'CLASSIFICAÇÃO NF'!J:J,$B18)+SUMIFS('CLASSIFICAÇÃO NF'!$N:$N,'CLASSIFICAÇÃO NF'!$O:$O,">=202503",'CLASSIFICAÇÃO NF'!$O:$O,"<=202504",'CLASSIFICAÇÃO NF'!K:K,$B18)+SUMIFS('CLASSIFICAÇÃO NF'!$N:$N,'CLASSIFICAÇÃO NF'!$O:$O,">=202503",'CLASSIFICAÇÃO NF'!$O:$O,"<=202504",'CLASSIFICAÇÃO NF'!L:L,$B18)+SUMIFS('CLASSIFICAÇÃO NF'!$N:$N,'CLASSIFICAÇÃO NF'!$O:$O,">=202503",'CLASSIFICAÇÃO NF'!$O:$O,"<=202504",'CLASSIFICAÇÃO NF'!M:M,$B18) -> 579873.96 | S18: =SUMIFS('CLASSIFICAÇÃO NF'!$N:$N,'CLASSIFICAÇÃO NF'!$O:$O,">=202505",'CLASSIFICAÇÃO NF'!$O:$O,"<=202506",'CLASSIFICAÇÃO NF'!I:I,$B18)+SUMIFS('CLASSIFICAÇÃO NF'!$N:$N,'CLASSIFICAÇÃO NF'!$O:$O,">=202505",'CLASSIFICAÇÃO NF'!$O:$O,"<=202506",'CLASSIFICAÇÃO NF'!J:J,$B18)+SUMIFS('CLASSIFICAÇÃO NF'!$N:$N,'CLASSIFICAÇÃO NF'!$O:$O,">=202505",'CLASSIFICAÇÃO NF'!$O:$O,"<=202506",'CLASSIFICAÇÃO NF'!K:K,$B18)+SUMIFS('CLASSIFICAÇÃO NF'!$N:$N,'CLASSIFICAÇÃO NF'!$O:$O,">=202505",'CLASSIFICAÇÃO NF'!$O:$O,"<=202506",'CLASSIFICAÇÃO NF'!L:L,$B18)+SUMIFS('CLASSIFICAÇÃO NF'!$N:$N,'CLASSIFICAÇÃO NF'!$O:$O,">=202505",'CLASSIFICAÇÃO NF'!$O:$O,"<=202506",'CLASSIFICAÇÃO NF'!M:M,$B18) -> 140269.24 | T18: =SUMIFS('CLASSIFICAÇÃO NF'!$N:$N,'CLASSIFICAÇÃO NF'!$O:$O,">=202507",'CLASSIFICAÇÃO NF'!$O:$O,"<=202508",'CLASSIFICAÇÃO NF'!I:I,$B18)+SUMIFS('CLASSIFICAÇÃO NF'!$N:$N,'CLASSIFICAÇÃO NF'!$O:$O,">=202507",'CLASSIFICAÇÃO NF'!$O:$O,"<=202508",'CLASSIFICAÇÃO NF'!J:J,$B18)+SUMIFS('CLASSIFICAÇÃO NF'!$N:$N,'CLASSIFICAÇÃO NF'!$O:$O,">=202507",'CLASSIFICAÇÃO NF'!$O:$O,"<=202508",'CLASSIFICAÇÃO NF'!K:K,$B18)+SUMIFS('CLASSIFICAÇÃO NF'!$N:$N,'CLASSIFICAÇÃO NF'!$O:$O,">=202507",'CLASSIFICAÇÃO NF'!$O:$O,"<=202508",'CLASSIFICAÇÃO NF'!L:L,$B18)+SUMIFS('CLASSIFICAÇÃO NF'!$N:$N,'CLASSIFICAÇÃO NF'!$O:$O,">=202507",'CLASSIFICAÇÃO NF'!$O:$O,"<=202508",'CLASSIFICAÇÃO NF'!M:M,$B18) -> 218330.46 | U18: =SUMIFS('CLASSIFICAÇÃO NF'!$N:$N,'CLASSIFICAÇÃO NF'!$O:$O,">=202509",'CLASSIFICAÇÃO NF'!$O:$O,"<=202510",'CLASSIFICAÇÃO NF'!I:I,$B18)+SUMIFS('CLASSIFICAÇÃO NF'!$N:$N,'CLASSIFICAÇÃO NF'!$O:$O,">=202509",'CLASSIFICAÇÃO NF'!$O:$O,"<=202510",'CLASSIFICAÇÃO NF'!J:J,$B18)+SUMIFS('CLASSIFICAÇÃO NF'!$N:$N,'CLASSIFICAÇÃO NF'!$O:$O,">=202509",'CLASSIFICAÇÃO NF'!$O:$O,"<=202510",'CLASSIFICAÇÃO NF'!K:K,$B18)+SUMIFS('CLASSIFICAÇÃO NF'!$N:$N,'CLASSIFICAÇÃO NF'!$O:$O,">=202509",'CLASSIFICAÇÃO NF'!$O:$O,"<=202510",'CLASSIFICAÇÃO NF'!L:L,$B18)+SUMIFS('CLASSIFICAÇÃO NF'!$N:$N,'CLASSIFICAÇÃO NF'!$O:$O,">=202509",'CLASSIFICAÇÃO NF'!$O:$O,"<=202510",'CLASSIFICAÇÃO NF'!M:M,$B18) -> 0 | V18: =SUMIFS('CLASSIFICAÇÃO NF'!$N:$N,'CLASSIFICAÇÃO NF'!$O:$O,">=202511",'CLASSIFICAÇÃO NF'!$O:$O,"<=202512",'CLASSIFICAÇÃO NF'!I:I,$B18)+SUMIFS('CLASSIFICAÇÃO NF'!$N:$N,'CLASSIFICAÇÃO NF'!$O:$O,">=202511",'CLASSIFICAÇÃO NF'!$O:$O,"<=202512",'CLASSIFICAÇÃO NF'!J:J,$B18)+SUMIFS('CLASSIFICAÇÃO NF'!$N:$N,'CLASSIFICAÇÃO NF'!$O:$O,">=202511",'CLASSIFICAÇÃO NF'!$O:$O,"<=202512",'CLASSIFICAÇÃO NF'!K:K,$B18)+SUMIFS('CLASSIFICAÇÃO NF'!$N:$N,'CLASSIFICAÇÃO NF'!$O:$O,">=202511",'CLASSIFICAÇÃO NF'!$O:$O,"<=202512",'CLASSIFICAÇÃO NF'!L:L,$B18)+SUMIFS('CLASSIFICAÇÃO NF'!$N:$N,'CLASSIFICAÇÃO NF'!$O:$O,">=202511",'CLASSIFICAÇÃO NF'!$O:$O,"<=202512",'CLASSIFICAÇÃO NF'!M:M,$B18) -> 0 | W18: =SUMIFS('CLASSIFICAÇÃO NF'!$N:$N,'CLASSIFICAÇÃO NF'!$O:$O,">=202601",'CLASSIFICAÇÃO NF'!$O:$O,"<=202602",'CLASSIFICAÇÃO NF'!I:I,$B18)+SUMIFS('CLASSIFICAÇÃO NF'!$N:$N,'CLASSIFICAÇÃO NF'!$O:$O,">=202601",'CLASSIFICAÇÃO NF'!$O:$O,"<=202602",'CLASSIFICAÇÃO NF'!J:J,$B18)+SUMIFS('CLASSIFICAÇÃO NF'!$N:$N,'CLASSIFICAÇÃO NF'!$O:$O,">=202601",'CLASSIFICAÇÃO NF'!$O:$O,"<=202602",'CLASSIFICAÇÃO NF'!K:K,$B18)+SUMIFS('CLASSIFICAÇÃO NF'!$N:$N,'CLASSIFICAÇÃO NF'!$O:$O,">=202601",'CLASSIFICAÇÃO NF'!$O:$O,"<=202602",'CLASSIFICAÇÃO NF'!L:L,$B18)+SUMIFS('CLASSIFICAÇÃO NF'!$N:$N,'CLASSIFICAÇÃO NF'!$O:$O,">=202601",'CLASSIFICAÇÃO NF'!$O:$O,"<=202602",'CLASSIFICAÇÃO NF'!M:M,$B18) -> 0 | X18: =SUMIFS('CLASSIFICAÇÃO NF'!$N:$N,'CLASSIFICAÇÃO NF'!$O:$O,">=202603",'CLASSIFICAÇÃO NF'!$O:$O,"<=202604",'CLASSIFICAÇÃO NF'!I:I,$B18)+SUMIFS('CLASSIFICAÇÃO NF'!$N:$N,'CLASSIFICAÇÃO NF'!$O:$O,">=202603",'CLASSIFICAÇÃO NF'!$O:$O,"<=202604",'CLASSIFICAÇÃO NF'!J:J,$B18)+SUMIFS('CLASSIFICAÇÃO NF'!$N:$N,'CLASSIFICAÇÃO NF'!$O:$O,">=202603",'CLASSIFICAÇÃO NF'!$O:$O,"<=202604",'CLASSIFICAÇÃO NF'!K:K,$B18)+SUMIFS('CLASSIFICAÇÃO NF'!$N:$N,'CLASSIFICAÇÃO NF'!$O:$O,">=202603",'CLASSIFICAÇÃO NF'!$O:$O,"<=202604",'CLASSIFICAÇÃO NF'!L:L,$B18)+SUMIFS('CLASSIFICAÇÃO NF'!$N:$N,'CLASSIFICAÇÃO NF'!$O:$O,">=202603",'CLASSIFICAÇÃO NF'!$O:$O,"<=202604",'CLASSIFICAÇÃO NF'!M:M,$B18) -> 0 | Y18: =SUMIFS('CLASSIFICAÇÃO NF'!$N:$N,'CLASSIFICAÇÃO NF'!$O:$O,">=202605",'CLASSIFICAÇÃO NF'!$O:$O,"<=202606",'CLASSIFICAÇÃO NF'!I:I,$B18)+SUMIFS('CLASSIFICAÇÃO NF'!$N:$N,'CLASSIFICAÇÃO NF'!$O:$O,">=202605",'CLASSIFICAÇÃO NF'!$O:$O,"<=202606",'CLASSIFICAÇÃO NF'!J:J,$B18)+SUMIFS('CLASSIFICAÇÃO NF'!$N:$N,'CLASSIFICAÇÃO NF'!$O:$O,">=202605",'CLASSIFICAÇÃO NF'!$O:$O,"<=202606",'CLASSIFICAÇÃO NF'!K:K,$B18)+SUMIFS('CLASSIFICAÇÃO NF'!$N:$N,'CLASSIFICAÇÃO NF'!$O:$O,">=202605",'CLASSIFICAÇÃO NF'!$O:$O,"<=202606",'CLASSIFICAÇÃO NF'!L:L,$B18)+SUMIFS('CLASSIFICAÇÃO NF'!$N:$N,'CLASSIFICAÇÃO NF'!$O:$O,">=202605",'CLASSIFICAÇÃO NF'!$O:$O,"<=202606",'CLASSIFICAÇÃO NF'!M:M,$B18) -> 0 | Z18: =SUMIFS('CLASSIFICAÇÃO NF'!$N:$N,'CLASSIFICAÇÃO NF'!$O:$O,">=202607",'CLASSIFICAÇÃO NF'!$O:$O,"<=202608",'CLASSIFICAÇÃO NF'!I:I,$B18)+SUMIFS('CLASSIFICAÇÃO NF'!$N:$N,'CLASSIFICAÇÃO NF'!$O:$O,">=202607",'CLASSIFICAÇÃO NF'!$O:$O,"<=202608",'CLASSIFICAÇÃO NF'!J:J,$B18)+SUMIFS('CLASSIFICAÇÃO NF'!$N:$N,'CLASSIFICAÇÃO NF'!$O:$O,">=202607",'CLASSIFICAÇÃO NF'!$O:$O,"<=202608",'CLASSIFICAÇÃO NF'!K:K,$B18)+SUMIFS('CLASSIFICAÇÃO NF'!$N:$N,'CLASSIFICAÇÃO NF'!$O:$O,">=202607",'CLASSIFICAÇÃO NF'!$O:$O,"<=202608",'CLASSIFICAÇÃO NF'!L:L,$B18)+SUMIFS('CLASSIFICAÇÃO NF'!$N:$N,'CLASSIFICAÇÃO NF'!$O:$O,">=202607",'CLASSIFICAÇÃO NF'!$O:$O,"<=202608",'CLASSIFICAÇÃO NF'!M:M,$B18) -> 0 | AA18: =SUMIFS('CLASSIFICAÇÃO NF'!$N:$N,'CLASSIFICAÇÃO NF'!$O:$O,">=202609",'CLASSIFICAÇÃO NF'!$O:$O,"<=202610",'CLASSIFICAÇÃO NF'!I:I,$B18)+SUMIFS('CLASSIFICAÇÃO NF'!$N:$N,'CLASSIFICAÇÃO NF'!$O:$O,">=202609",'CLASSIFICAÇÃO NF'!$O:$O,"<=202610",'CLASSIFICAÇÃO NF'!J:J,$B18)+SUMIFS('CLASSIFICAÇÃO NF'!$N:$N,'CLASSIFICAÇÃO NF'!$O:$O,">=202609",'CLASSIFICAÇÃO NF'!$O:$O,"<=202610",'CLASSIFICAÇÃO NF'!K:K,$B18)+SUMIFS('CLASSIFICAÇÃO NF'!$N:$N,'CLASSIFICAÇÃO NF'!$O:$O,">=202609",'CLASSIFICAÇÃO NF'!$O:$O,"<=202610",'CLASSIFICAÇÃO NF'!L:L,$B18)+SUMIFS('CLASSIFICAÇÃO NF'!$N:$N,'CLASSIFICAÇÃO NF'!$O:$O,">=202609",'CLASSIFICAÇÃO NF'!$O:$O,"<=202610",'CLASSIFICAÇÃO NF'!M:M,$B18) -> 0 | AB18: =SUMIFS('CLASSIFICAÇÃO NF'!$N:$N,'CLASSIFICAÇÃO NF'!$O:$O,">=202611",'CLASSIFICAÇÃO NF'!$O:$O,"<=202612",'CLASSIFICAÇÃO NF'!I:I,$B18)+SUMIFS('CLASSIFICAÇÃO NF'!$N:$N,'CLASSIFICAÇÃO NF'!$O:$O,">=202611",'CLASSIFICAÇÃO NF'!$O:$O,"<=202612",'CLASSIFICAÇÃO NF'!J:J,$B18)+SUMIFS('CLASSIFICAÇÃO NF'!$N:$N,'CLASSIFICAÇÃO NF'!$O:$O,">=202610",'CLASSIFICAÇÃO NF'!$O:$O,"<=202612",'CLASSIFICAÇÃO NF'!K:K,$B18)+SUMIFS('CLASSIFICAÇÃO NF'!$N:$N,'CLASSIFICAÇÃO NF'!$O:$O,">=202610",'CLASSIFICAÇÃO NF'!$O:$O,"<=202612",'CLASSIFICAÇÃO NF'!L:L,$B18)+SUMIFS('CLASSIFICAÇÃO NF'!$N:$N,'CLASSIFICAÇÃO NF'!$O:$O,">=202611",'CLASSIFICAÇÃO NF'!$O:$O,"<=202612",'CLASSIFICAÇÃO NF'!M:M,$B18) -> 0
A19: 45810 | B19: ESQUADRIAS | C19: =SUMIF('CLASSIFICAÇÃO NF'!I:I,B19,'CLASSIFICAÇÃO NF'!N:N)+SUMIF('CLASSIFICAÇÃO NF'!J:J,B19,'CLASSIFICAÇÃO NF'!N:N)+SUMIF('CLASSIFICAÇÃO NF'!K:K,B19,'CLASSIFICAÇÃO NF'!N:N)+SUMIF('CLASSIFICAÇÃO NF'!L:L,B19,'CLASSIFICAÇÃO NF'!N:N)+SUMIF('CLASSIFICAÇÃO NF'!M:M,B19,'CLASSIFICAÇÃO NF'!N:N) -> 24444373 | D19: =C19/E19 -> 0.97799883 | E19: 24994277 | F19: =C19/G19 -> 0.95258389 | G19: 25661124 | H19: =SUMIFS('CLASSIFICAÇÃO NF'!$N:$N,'CLASSIFICAÇÃO NF'!$O:$O,">=202301",'CLASSIFICAÇÃO NF'!$O:$O,"<=202303",'CLASSIFICAÇÃO NF'!I:I,$B19)+SUMIFS('CLASSIFICAÇÃO NF'!$N:$N,'CLASSIFICAÇÃO NF'!$O:$O,">=202301",'CLASSIFICAÇÃO NF'!$O:$O,"<=202303",'CLASSIFICAÇÃO NF'!J:J,$B19)+SUMIFS('CLASSIFICAÇÃO NF'!$N:$N,'CLASSIFICAÇÃO NF'!$O:$O,">=202301",'CLASSIFICAÇÃO NF'!$O:$O,"<=202303",'CLASSIFICAÇÃO NF'!K:K,$B19)+SUMIFS('CLASSIFICAÇÃO NF'!$N:$N,'CLASSIFICAÇÃO NF'!$O:$O,">=202301",'CLASSIFICAÇÃO NF'!$O:$O,"<=202303",'CLASSIFICAÇÃO NF'!L:L,$B19)+SUMIFS('CLASSIFICAÇÃO NF'!$N:$N,'CLASSIFICAÇÃO NF'!$O:$O,">=202301",'CLASSIFICAÇÃO NF'!$O:$O,"<=202303",'CLASSIFICAÇÃO NF'!M:M,$B19) -> 0 | I19: =SUMIFS('CLASSIFICAÇÃO NF'!$N:$N,'CLASSIFICAÇÃO NF'!$O:$O,">=202304",'CLASSIFICAÇÃO NF'!$O:$O,"<=202306",'CLASSIFICAÇÃO NF'!I:I,$B19)+SUMIFS('CLASSIFICAÇÃO NF'!$N:$N,'CLASSIFICAÇÃO NF'!$O:$O,">=202304",'CLASSIFICAÇÃO NF'!$O:$O,"<=202306",'CLASSIFICAÇÃO NF'!J:J,$B19)+SUMIFS('CLASSIFICAÇÃO NF'!$N:$N,'CLASSIFICAÇÃO NF'!$O:$O,">=202304",'CLASSIFICAÇÃO NF'!$O:$O,"<=202306",'CLASSIFICAÇÃO NF'!K:K,$B19)+SUMIFS('CLASSIFICAÇÃO NF'!$N:$N,'CLASSIFICAÇÃO NF'!$O:$O,">=202304",'CLASSIFICAÇÃO NF'!$O:$O,"<=202306",'CLASSIFICAÇÃO NF'!L:L,$B19)+SUMIFS('CLASSIFICAÇÃO NF'!$N:$N,'CLASSIFICAÇÃO NF'!$O:$O,">=202304",'CLASSIFICAÇÃO NF'!$O:$O,"<=202306",'CLASSIFICAÇÃO NF'!M:M,$B19) -> 0 | J19: =SUMIFS('CLASSIFICAÇÃO NF'!$N:$N,'CLASSIFICAÇÃO NF'!$O:$O,">=202307",'CLASSIFICAÇÃO NF'!$O:$O,"<=202309",'CLASSIFICAÇÃO NF'!I:I,$B19)+SUMIFS('CLASSIFICAÇÃO NF'!$N:$N,'CLASSIFICAÇÃO NF'!$O:$O,">=202307",'CLASSIFICAÇÃO NF'!$O:$O,"<=202309",'CLASSIFICAÇÃO NF'!J:J,$B19)+SUMIFS('CLASSIFICAÇÃO NF'!$N:$N,'CLASSIFICAÇÃO NF'!$O:$O,">=202307",'CLASSIFICAÇÃO NF'!$O:$O,"<=202309",'CLASSIFICAÇÃO NF'!K:K,$B19)+SUMIFS('CLASSIFICAÇÃO NF'!$N:$N,'CLASSIFICAÇÃO NF'!$O:$O,">=202307",'CLASSIFICAÇÃO NF'!$O:$O,"<=202309",'CLASSIFICAÇÃO NF'!L:L,$B19)+SUMIFS('CLASSIFICAÇÃO NF'!$N:$N,'CLASSIFICAÇÃO NF'!$O:$O,">=202307",'CLASSIFICAÇÃO NF'!$O:$O,"<=202309",'CLASSIFICAÇÃO NF'!M:M,$B19) -> 0 | K19: =SUMIFS('CLASSIFICAÇÃO NF'!$N:$N,'CLASSIFICAÇÃO NF'!$O:$O,">=202310",'CLASSIFICAÇÃO NF'!$O:$O,"<=202312",'CLASSIFICAÇÃO NF'!I:I,$B19)+SUMIFS('CLASSIFICAÇÃO NF'!$N:$N,'CLASSIFICAÇÃO NF'!$O:$O,">=202310",'CLASSIFICAÇÃO NF'!$O:$O,"<=202312",'CLASSIFICAÇÃO NF'!J:J,$B19)+SUMIFS('CLASSIFICAÇÃO NF'!$N:$N,'CLASSIFICAÇÃO NF'!$O:$O,">=202310",'CLASSIFICAÇÃO NF'!$O:$O,"<=202312",'CLASSIFICAÇÃO NF'!K:K,$B19)+SUMIFS('CLASSIFICAÇÃO NF'!$N:$N,'CLASSIFICAÇÃO NF'!$O:$O,">=202310",'CLASSIFICAÇÃO NF'!$O:$O,"<=202312",'CLASSIFICAÇÃO NF'!L:L,$B19)+SUMIFS('CLASSIFICAÇÃO NF'!$N:$N,'CLASSIFICAÇÃO NF'!$O:$O,">=202310",'CLASSIFICAÇÃO NF'!$O:$O,"<=202312",'CLASSIFICAÇÃO NF'!M:M,$B19) -> 0 | L19: =SUMIFS('CLASSIFICAÇÃO NF'!$N:$N,'CLASSIFICAÇÃO NF'!$O:$O,">=202401",'CLASSIFICAÇÃO NF'!$O:$O,"<=202403",'CLASSIFICAÇÃO NF'!I:I,$B19)+SUMIFS('CLASSIFICAÇÃO NF'!$N:$N,'CLASSIFICAÇÃO NF'!$O:$O,">=202401",'CLASSIFICAÇÃO NF'!$O:$O,"<=202403",'CLASSIFICAÇÃO NF'!J:J,$B19)+SUMIFS('CLASSIFICAÇÃO NF'!$N:$N,'CLASSIFICAÇÃO NF'!$O:$O,">=202401",'CLASSIFICAÇÃO NF'!$O:$O,"<=202403",'CLASSIFICAÇÃO NF'!K:K,$B19)+SUMIFS('CLASSIFICAÇÃO NF'!$N:$N,'CLASSIFICAÇÃO NF'!$O:$O,">=202401",'CLASSIFICAÇÃO NF'!$O:$O,"<=202403",'CLASSIFICAÇÃO NF'!L:L,$B19)+SUMIFS('CLASSIFICAÇÃO NF'!$N:$N,'CLASSIFICAÇÃO NF'!$O:$O,">=202401",'CLASSIFICAÇÃO NF'!$O:$O,"<=202403",'CLASSIFICAÇÃO NF'!M:M,$B19) -> 2893300 | M19: =SUMIFS('CLASSIFICAÇÃO NF'!$N:$N,'CLASSIFICAÇÃO NF'!$O:$O,">=202404",'CLASSIFICAÇÃO NF'!$O:$O,"<=202406",'CLASSIFICAÇÃO NF'!I:I,$B19)+SUMIFS('CLASSIFICAÇÃO NF'!$N:$N,'CLASSIFICAÇÃO NF'!$O:$O,">=202404",'CLASSIFICAÇÃO NF'!$O:$O,"<=202406",'CLASSIFICAÇÃO NF'!J:J,$B19)+SUMIFS('CLASSIFICAÇÃO NF'!$N:$N,'CLASSIFICAÇÃO NF'!$O:$O,">=202404",'CLASSIFICAÇÃO NF'!$O:$O,"<=202406",'CLASSIFICAÇÃO NF'!K:K,$B19)+SUMIFS('CLASSIFICAÇÃO NF'!$N:$N,'CLASSIFICAÇÃO NF'!$O:$O,">=202404",'CLASSIFICAÇÃO NF'!$O:$O,"<=202406",'CLASSIFICAÇÃO NF'!L:L,$B19)+SUMIFS('CLASSIFICAÇÃO NF'!$N:$N,'CLASSIFICAÇÃO NF'!$O:$O,">=202404",'CLASSIFICAÇÃO NF'!$O:$O,"<=202406",'CLASSIFICAÇÃO NF'!M:M,$B19) -> 3505290.4 | N19: =SUMIFS('CLASSIFICAÇÃO NF'!$N:$N,'CLASSIFICAÇÃO NF'!$O:$O,">=202407",'CLASSIFICAÇÃO NF'!$O:$O,"<=202408",'CLASSIFICAÇÃO NF'!I:I,$B19)+SUMIFS('CLASSIFICAÇÃO NF'!$N:$N,'CLASSIFICAÇÃO NF'!$O:$O,">=202407",'CLASSIFICAÇÃO NF'!$O:$O,"<=202408",'CLASSIFICAÇÃO NF'!J:J,$B19)+SUMIFS('CLASSIFICAÇÃO NF'!$N:$N,'CLASSIFICAÇÃO NF'!$O:$O,">=202407",'CLASSIFICAÇÃO NF'!$O:$O,"<=202408",'CLASSIFICAÇÃO NF'!K:K,$B19)+SUMIFS('CLASSIFICAÇÃO NF'!$N:$N,'CLASSIFICAÇÃO NF'!$O:$O,">=202407",'CLASSIFICAÇÃO NF'!$O:$O,"<=202408",'CLASSIFICAÇÃO NF'!L:L,$B19)+SUMIFS('CLASSIFICAÇÃO NF'!$N:$N,'CLASSIFICAÇÃO NF'!$O:$O,">=202407",'CLASSIFICAÇÃO NF'!$O:$O,"<=202408",'CLASSIFICAÇÃO NF'!M:M,$B19) -> 8447368.4 | O19: =SUMIFS('CLASSIFICAÇÃO NF'!$N:$N,'CLASSIFICAÇÃO NF'!$O:$O,">=202409",'CLASSIFICAÇÃO NF'!$O:$O,"<=202410",'CLASSIFICAÇÃO NF'!I:I,$B19)+SUMIFS('CLASSIFICAÇÃO NF'!$N:$N,'CLASSIFICAÇÃO NF'!$O:$O,">=202409",'CLASSIFICAÇÃO NF'!$O:$O,"<=202410",'CLASSIFICAÇÃO NF'!J:J,$B19)+SUMIFS('CLASSIFICAÇÃO NF'!$N:$N,'CLASSIFICAÇÃO NF'!$O:$O,">=202409",'CLASSIFICAÇÃO NF'!$O:$O,"<=202410",'CLASSIFICAÇÃO NF'!K:K,$B19)+SUMIFS('CLASSIFICAÇÃO NF'!$N:$N,'CLASSIFICAÇÃO NF'!$O:$O,">=202409",'CLASSIFICAÇÃO NF'!$O:$O,"<=202410",'CLASSIFICAÇÃO NF'!L:L,$B19)+SUMIFS('CLASSIFICAÇÃO NF'!$N:$N,'CLASSIFICAÇÃO NF'!$O:$O,">=202409",'CLASSIFICAÇÃO NF'!$O:$O,"<=202410",'CLASSIFICAÇÃO NF'!M:M,$B19) -> 7204761.1 | P19: =SUMIFS('CLASSIFICAÇÃO NF'!$N:$N,'CLASSIFICAÇÃO NF'!$O:$O,">=202411",'CLASSIFICAÇÃO NF'!$O:$O,"<=202412",'CLASSIFICAÇÃO NF'!I:I,$B19)+SUMIFS('CLASSIFICAÇÃO NF'!$N:$N,'CLASSIFICAÇÃO NF'!$O:$O,">=202411",'CLASSIFICAÇÃO NF'!$O:$O,"<=202412",'CLASSIFICAÇÃO NF'!J:J,$B19)+SUMIFS('CLASSIFICAÇÃO NF'!$N:$N,'CLASSIFICAÇÃO NF'!$O:$O,">=202411",'CLASSIFICAÇÃO NF'!$O:$O,"<=202412",'CLASSIFICAÇÃO NF'!K:K,$B19)+SUMIFS('CLASSIFICAÇÃO NF'!$N:$N,'CLASSIFICAÇÃO NF'!$O:$O,">=202411",'CLASSIFICAÇÃO NF'!$O:$O,"<=202412",'CLASSIFICAÇÃO NF'!L:L,$B19)+SUMIFS('CLASSIFICAÇÃO NF'!$N:$N,'CLASSIFICAÇÃO NF'!$O:$O,">=202411",'CLASSIFICAÇÃO NF'!$O:$O,"<=202412",'CLASSIFICAÇÃO NF'!M:M,$B19) -> 487848.66 | Q19: =SUMIFS('CLASSIFICAÇÃO NF'!$N:$N,'CLASSIFICAÇÃO NF'!$O:$O,">=202501",'CLASSIFICAÇÃO NF'!$O:$O,"<=202502",'CLASSIFICAÇÃO NF'!I:I,$B19)+SUMIFS('CLASSIFICAÇÃO NF'!$N:$N,'CLASSIFICAÇÃO NF'!$O:$O,">=202501",'CLASSIFICAÇÃO NF'!$O:$O,"<=202502",'CLASSIFICAÇÃO NF'!J:J,$B19)+SUMIFS('CLASSIFICAÇÃO NF'!$N:$N,'CLASSIFICAÇÃO NF'!$O:$O,">=202501",'CLASSIFICAÇÃO NF'!$O:$O,"<=202502",'CLASSIFICAÇÃO NF'!K:K,$B19)+SUMIFS('CLASSIFICAÇÃO NF'!$N:$N,'CLASSIFICAÇÃO NF'!$O:$O,">=202501",'CLASSIFICAÇÃO NF'!$O:$O,"<=202502",'CLASSIFICAÇÃO NF'!L:L,$B19)+SUMIFS('CLASSIFICAÇÃO NF'!$N:$N,'CLASSIFICAÇÃO NF'!$O:$O,">=202501",'CLASSIFICAÇÃO NF'!$O:$O,"<=202502",'CLASSIFICAÇÃO NF'!M:M,$B19) -> 0 | R19: =SUMIFS('CLASSIFICAÇÃO NF'!$N:$N,'CLASSIFICAÇÃO NF'!$O:$O,">=202503",'CLASSIFICAÇÃO NF'!$O:$O,"<=202504",'CLASSIFICAÇÃO NF'!I:I,$B19)+SUMIFS('CLASSIFICAÇÃO NF'!$N:$N,'CLASSIFICAÇÃO NF'!$O:$O,">=202503",'CLASSIFICAÇÃO NF'!$O:$O,"<=202504",'CLASSIFICAÇÃO NF'!J:J,$B19)+SUMIFS('CLASSIFICAÇÃO NF'!$N:$N,'CLASSIFICAÇÃO NF'!$O:$O,">=202503",'CLASSIFICAÇÃO NF'!$O:$O,"<=202504",'CLASSIFICAÇÃO NF'!K:K,$B19)+SUMIFS('CLASSIFICAÇÃO NF'!$N:$N,'CLASSIFICAÇÃO NF'!$O:$O,">=202503",'CLASSIFICAÇÃO NF'!$O:$O,"<=202504",'CLASSIFICAÇÃO NF'!L:L,$B19)+SUMIFS('CLASSIFICAÇÃO NF'!$N:$N,'CLASSIFICAÇÃO NF'!$O:$O,">=202503",'CLASSIFICAÇÃO NF'!$O:$O,"<=202504",'CLASSIFICAÇÃO NF'!M:M,$B19) -> 257494.57 | S19: =SUMIFS('CLASSIFICAÇÃO NF'!$N:$N,'CLASSIFICAÇÃO NF'!$O:$O,">=202505",'CLASSIFICAÇÃO NF'!$O:$O,"<=202506",'CLASSIFICAÇÃO NF'!I:I,$B19)+SUMIFS('CLASSIFICAÇÃO NF'!$N:$N,'CLASSIFICAÇÃO NF'!$O:$O,">=202505",'CLASSIFICAÇÃO NF'!$O:$O,"<=202506",'CLASSIFICAÇÃO NF'!J:J,$B19)+SUMIFS('CLASSIFICAÇÃO NF'!$N:$N,'CLASSIFICAÇÃO NF'!$O:$O,">=202505",'CLASSIFICAÇÃO NF'!$O:$O,"<=202506",'CLASSIFICAÇÃO NF'!K:K,$B19)+SUMIFS('CLASSIFICAÇÃO NF'!$N:$N,'CLASSIFICAÇÃO NF'!$O:$O,">=202505",'CLASSIFICAÇÃO NF'!$O:$O,"<=202506",'CLASSIFICAÇÃO NF'!L:L,$B19)+SUMIFS('CLASSIFICAÇÃO NF'!$N:$N,'CLASSIFICAÇÃO NF'!$O:$O,">=202505",'CLASSIFICAÇÃO NF'!$O:$O,"<=202506",'CLASSIFICAÇÃO NF'!M:M,$B19) -> 974111.07 | T19: =SUMIFS('CLASSIFICAÇÃO NF'!$N:$N,'CLASSIFICAÇÃO NF'!$O:$O,">=202507",'CLASSIFICAÇÃO NF'!$O:$O,"<=202508",'CLASSIFICAÇÃO NF'!I:I,$B19)+SUMIFS('CLASSIFICAÇÃO NF'!$N:$N,'CLASSIFICAÇÃO NF'!$O:$O,">=202507",'CLASSIFICAÇÃO NF'!$O:$O,"<=202508",'CLASSIFICAÇÃO NF'!J:J,$B19)+SUMIFS('CLASSIFICAÇÃO NF'!$N:$N,'CLASSIFICAÇÃO NF'!$O:$O,">=202507",'CLASSIFICAÇÃO NF'!$O:$O,"<=202508",'CLASSIFICAÇÃO NF'!K:K,$B19)+SUMIFS('CLASSIFICAÇÃO NF'!$N:$N,'CLASSIFICAÇÃO NF'!$O:$O,">=202507",'CLASSIFICAÇÃO NF'!$O:$O,"<=202508",'CLASSIFICAÇÃO NF'!L:L,$B19)+SUMIFS('CLASSIFICAÇÃO NF'!$N:$N,'CLASSIFICAÇÃO NF'!$O:$O,">=202507",'CLASSIFICAÇÃO NF'!$O:$O,"<=202508",'CLASSIFICAÇÃO NF'!M:M,$B19) -> 8510.89 | U19: =SUMIFS('CLASSIFICAÇÃO NF'!$N:$N,'CLASSIFICAÇÃO NF'!$O:$O,">=202509",'CLASSIFICAÇÃO NF'!$O:$O,"<=202510",'CLASSIFICAÇÃO NF'!I:I,$B19)+SUMIFS('CLASSIFICAÇÃO NF'!$N:$N,'CLASSIFICAÇÃO NF'!$O:$O,">=202509",'CLASSIFICAÇÃO NF'!$O:$O,"<=202510",'CLASSIFICAÇÃO NF'!J:J,$B19)+SUMIFS('CLASSIFICAÇÃO NF'!$N:$N,'CLASSIFICAÇÃO NF'!$O:$O,">=202509",'CLASSIFICAÇÃO NF'!$O:$O,"<=202510",'CLASSIFICAÇÃO NF'!K:K,$B19)+SUMIFS('CLASSIFICAÇÃO NF'!$N:$N,'CLASSIFICAÇÃO NF'!$O:$O,">=202509",'CLASSIFICAÇÃO NF'!$O:$O,"<=202510",'CLASSIFICAÇÃO NF'!L:L,$B19)+SUMIFS('CLASSIFICAÇÃO NF'!$N:$N,'CLASSIFICAÇÃO NF'!$O:$O,">=202509",'CLASSIFICAÇÃO NF'!$O:$O,"<=202510",'CLASSIFICAÇÃO NF'!M:M,$B19) -> 639728.03 | V19: =SUMIFS('CLASSIFICAÇÃO NF'!$N:$N,'CLASSIFICAÇÃO NF'!$O:$O,">=202511",'CLASSIFICAÇÃO NF'!$O:$O,"<=202512",'CLASSIFICAÇÃO NF'!I:I,$B19)+SUMIFS('CLASSIFICAÇÃO NF'!$N:$N,'CLASSIFICAÇÃO NF'!$O:$O,">=202511",'CLASSIFICAÇÃO NF'!$O:$O,"<=202512",'CLASSIFICAÇÃO NF'!J:J,$B19)+SUMIFS('CLASSIFICAÇÃO NF'!$N:$N,'CLASSIFICAÇÃO NF'!$O:$O,">=202511",'CLASSIFICAÇÃO NF'!$O:$O,"<=202512",'CLASSIFICAÇÃO NF'!K:K,$B19)+SUMIFS('CLASSIFICAÇÃO NF'!$N:$N,'CLASSIFICAÇÃO NF'!$O:$O,">=202511",'CLASSIFICAÇÃO NF'!$O:$O,"<=202512",'CLASSIFICAÇÃO NF'!L:L,$B19)+SUMIFS('CLASSIFICAÇÃO NF'!$N:$N,'CLASSIFICAÇÃO NF'!$O:$O,">=202511",'CLASSIFICAÇÃO NF'!$O:$O,"<=202512",'CLASSIFICAÇÃO NF'!M:M,$B19) -> 25960 | W19: =SUMIFS('CLASSIFICAÇÃO NF'!$N:$N,'CLASSIFICAÇÃO NF'!$O:$O,">=202601",'CLASSIFICAÇÃO NF'!$O:$O,"<=202602",'CLASSIFICAÇÃO NF'!I:I,$B19)+SUMIFS('CLASSIFICAÇÃO NF'!$N:$N,'CLASSIFICAÇÃO NF'!$O:$O,">=202601",'CLASSIFICAÇÃO NF'!$O:$O,"<=202602",'CLASSIFICAÇÃO NF'!J:J,$B19)+SUMIFS('CLASSIFICAÇÃO NF'!$N:$N,'CLASSIFICAÇÃO NF'!$O:$O,">=202601",'CLASSIFICAÇÃO NF'!$O:$O,"<=202602",'CLASSIFICAÇÃO NF'!K:K,$B19)+SUMIFS('CLASSIFICAÇÃO NF'!$N:$N,'CLASSIFICAÇÃO NF'!$O:$O,">=202601",'CLASSIFICAÇÃO NF'!$O:$O,"<=202602",'CLASSIFICAÇÃO NF'!L:L,$B19)+SUMIFS('CLASSIFICAÇÃO NF'!$N:$N,'CLASSIFICAÇÃO NF'!$O:$O,">=202601",'CLASSIFICAÇÃO NF'!$O:$O,"<=202602",'CLASSIFICAÇÃO NF'!M:M,$B19) -> 0 | X19: =SUMIFS('CLASSIFICAÇÃO NF'!$N:$N,'CLASSIFICAÇÃO NF'!$O:$O,">=202603",'CLASSIFICAÇÃO NF'!$O:$O,"<=202604",'CLASSIFICAÇÃO NF'!I:I,$B19)+SUMIFS('CLASSIFICAÇÃO NF'!$N:$N,'CLASSIFICAÇÃO NF'!$O:$O,">=202603",'CLASSIFICAÇÃO NF'!$O:$O,"<=202604",'CLASSIFICAÇÃO NF'!J:J,$B19)+SUMIFS('CLASSIFICAÇÃO NF'!$N:$N,'CLASSIFICAÇÃO NF'!$O:$O,">=202603",'CLASSIFICAÇÃO NF'!$O:$O,"<=202604",'CLASSIFICAÇÃO NF'!K:K,$B19)+SUMIFS('CLASSIFICAÇÃO NF'!$N:$N,'CLASSIFICAÇÃO NF'!$O:$O,">=202603",'CLASSIFICAÇÃO NF'!$O:$O,"<=202604",'CLASSIFICAÇÃO NF'!L:L,$B19)+SUMIFS('CLASSIFICAÇÃO NF'!$N:$N,'CLASSIFICAÇÃO NF'!$O:$O,">=202603",'CLASSIFICAÇÃO NF'!$O:$O,"<=202604",'CLASSIFICAÇÃO NF'!M:M,$B19) -> 0 | Y19: =SUMIFS('CLASSIFICAÇÃO NF'!$N:$N,'CLASSIFICAÇÃO NF'!$O:$O,">=202605",'CLASSIFICAÇÃO NF'!$O:$O,"<=202606",'CLASSIFICAÇÃO NF'!I:I,$B19)+SUMIFS('CLASSIFICAÇÃO NF'!$N:$N,'CLASSIFICAÇÃO NF'!$O:$O,">=202605",'CLASSIFICAÇÃO NF'!$O:$O,"<=202606",'CLASSIFICAÇÃO NF'!J:J,$B19)+SUMIFS('CLASSIFICAÇÃO NF'!$N:$N,'CLASSIFICAÇÃO NF'!$O:$O,">=202605",'CLASSIFICAÇÃO NF'!$O:$O,"<=202606",'CLASSIFICAÇÃO NF'!K:K,$B19)+SUMIFS('CLASSIFICAÇÃO NF'!$N:$N,'CLASSIFICAÇÃO NF'!$O:$O,">=202605",'CLASSIFICAÇÃO NF'!$O:$O,"<=202606",'CLASSIFICAÇÃO NF'!L:L,$B19)+SUMIFS('CLASSIFICAÇÃO NF'!$N:$N,'CLASSIFICAÇÃO NF'!$O:$O,">=202605",'CLASSIFICAÇÃO NF'!$O:$O,"<=202606",'CLASSIFICAÇÃO NF'!M:M,$B19) -> 0 | Z19: =SUMIFS('CLASSIFICAÇÃO NF'!$N:$N,'CLASSIFICAÇÃO NF'!$O:$O,">=202607",'CLASSIFICAÇÃO NF'!$O:$O,"<=202608",'CLASSIFICAÇÃO NF'!I:I,$B19)+SUMIFS('CLASSIFICAÇÃO NF'!$N:$N,'CLASSIFICAÇÃO NF'!$O:$O,">=202607",'CLASSIFICAÇÃO NF'!$O:$O,"<=202608",'CLASSIFICAÇÃO NF'!J:J,$B19)+SUMIFS('CLASSIFICAÇÃO NF'!$N:$N,'CLASSIFICAÇÃO NF'!$O:$O,">=202607",'CLASSIFICAÇÃO NF'!$O:$O,"<=202608",'CLASSIFICAÇÃO NF'!K:K,$B19)+SUMIFS('CLASSIFICAÇÃO NF'!$N:$N,'CLASSIFICAÇÃO NF'!$O:$O,">=202607",'CLASSIFICAÇÃO NF'!$O:$O,"<=202608",'CLASSIFICAÇÃO NF'!L:L,$B19)+SUMIFS('CLASSIFICAÇÃO NF'!$N:$N,'CLASSIFICAÇÃO NF'!$O:$O,">=202607",'CLASSIFICAÇÃO NF'!$O:$O,"<=202608",'CLASSIFICAÇÃO NF'!M:M,$B19) -> 0 | AA19: =SUMIFS('CLASSIFICAÇÃO NF'!$N:$N,'CLASSIFICAÇÃO NF'!$O:$O,">=202609",'CLASSIFICAÇÃO NF'!$O:$O,"<=202610",'CLASSIFICAÇÃO NF'!I:I,$B19)+SUMIFS('CLASSIFICAÇÃO NF'!$N:$N,'CLASSIFICAÇÃO NF'!$O:$O,">=202609",'CLASSIFICAÇÃO NF'!$O:$O,"<=202610",'CLASSIFICAÇÃO NF'!J:J,$B19)+SUMIFS('CLASSIFICAÇÃO NF'!$N:$N,'CLASSIFICAÇÃO NF'!$O:$O,">=202609",'CLASSIFICAÇÃO NF'!$O:$O,"<=202610",'CLASSIFICAÇÃO NF'!K:K,$B19)+SUMIFS('CLASSIFICAÇÃO NF'!$N:$N,'CLASSIFICAÇÃO NF'!$O:$O,">=202609",'CLASSIFICAÇÃO NF'!$O:$O,"<=202610",'CLASSIFICAÇÃO NF'!L:L,$B19)+SUMIFS('CLASSIFICAÇÃO NF'!$N:$N,'CLASSIFICAÇÃO NF'!$O:$O,">=202609",'CLASSIFICAÇÃO NF'!$O:$O,"<=202610",'CLASSIFICAÇÃO NF'!M:M,$B19) -> 0 | AB19: =SUMIFS('CLASSIFICAÇÃO NF'!$N:$N,'CLASSIFICAÇÃO NF'!$O:$O,">=202611",'CLASSIFICAÇÃO NF'!$O:$O,"<=202612",'CLASSIFICAÇÃO NF'!I:I,$B19)+SUMIFS('CLASSIFICAÇÃO NF'!$N:$N,'CLASSIFICAÇÃO NF'!$O:$O,">=202611",'CLASSIFICAÇÃO NF'!$O:$O,"<=202612",'CLASSIFICAÇÃO NF'!J:J,$B19)+SUMIFS('CLASSIFICAÇÃO NF'!$N:$N,'CLASSIFICAÇÃO NF'!$O:$O,">=202610",'CLASSIFICAÇÃO NF'!$O:$O,"<=202612",'CLASSIFICAÇÃO NF'!K:K,$B19)+SUMIFS('CLASSIFICAÇÃO NF'!$N:$N,'CLASSIFICAÇÃO NF'!$O:$O,">=202610",'CLASSIFICAÇÃO NF'!$O:$O,"<=202612",'CLASSIFICAÇÃO NF'!L:L,$B19)+SUMIFS('CLASSIFICAÇÃO NF'!$N:$N,'CLASSIFICAÇÃO NF'!$O:$O,">=202611",'CLASSIFICAÇÃO NF'!$O:$O,"<=202612",'CLASSIFICAÇÃO NF'!M:M,$B19) -> 0
A20: 45840 | B20: REVESTIMENTOS | C20: =SUMIF('CLASSIFICAÇÃO NF'!I:I,B20,'CLASSIFICAÇÃO NF'!N:N)+SUMIF('CLASSIFICAÇÃO NF'!J:J,B20,'CLASSIFICAÇÃO NF'!N:N)+SUMIF('CLASSIFICAÇÃO NF'!K:K,B20,'CLASSIFICAÇÃO NF'!N:N)+SUMIF('CLASSIFICAÇÃO NF'!L:L,B20,'CLASSIFICAÇÃO NF'!N:N)+SUMIF('CLASSIFICAÇÃO NF'!M:M,B20,'CLASSIFICAÇÃO NF'!N:N) -> 2532264.6 | D20: =C20/E20 -> 0.75145509 | E20: 3369814.9 | F20: =C20/G20 -> 1.3409806 | G20: 1888367.8 | H20: =SUMIFS('CLASSIFICAÇÃO NF'!$N:$N,'CLASSIFICAÇÃO NF'!$O:$O,">=202301",'CLASSIFICAÇÃO NF'!$O:$O,"<=202303",'CLASSIFICAÇÃO NF'!I:I,$B20)+SUMIFS('CLASSIFICAÇÃO NF'!$N:$N,'CLASSIFICAÇÃO NF'!$O:$O,">=202301",'CLASSIFICAÇÃO NF'!$O:$O,"<=202303",'CLASSIFICAÇÃO NF'!J:J,$B20)+SUMIFS('CLASSIFICAÇÃO NF'!$N:$N,'CLASSIFICAÇÃO NF'!$O:$O,">=202301",'CLASSIFICAÇÃO NF'!$O:$O,"<=202303",'CLASSIFICAÇÃO NF'!K:K,$B20)+SUMIFS('CLASSIFICAÇÃO NF'!$N:$N,'CLASSIFICAÇÃO NF'!$O:$O,">=202301",'CLASSIFICAÇÃO NF'!$O:$O,"<=202303",'CLASSIFICAÇÃO NF'!L:L,$B20)+SUMIFS('CLASSIFICAÇÃO NF'!$N:$N,'CLASSIFICAÇÃO NF'!$O:$O,">=202301",'CLASSIFICAÇÃO NF'!$O:$O,"<=202303",'CLASSIFICAÇÃO NF'!M:M,$B20) -> 0 | I20: =SUMIFS('CLASSIFICAÇÃO NF'!$N:$N,'CLASSIFICAÇÃO NF'!$O:$O,">=202304",'CLASSIFICAÇÃO NF'!$O:$O,"<=202306",'CLASSIFICAÇÃO NF'!I:I,$B20)+SUMIFS('CLASSIFICAÇÃO NF'!$N:$N,'CLASSIFICAÇÃO NF'!$O:$O,">=202304",'CLASSIFICAÇÃO NF'!$O:$O,"<=202306",'CLASSIFICAÇÃO NF'!J:J,$B20)+SUMIFS('CLASSIFICAÇÃO NF'!$N:$N,'CLASSIFICAÇÃO NF'!$O:$O,">=202304",'CLASSIFICAÇÃO NF'!$O:$O,"<=202306",'CLASSIFICAÇÃO NF'!K:K,$B20)+SUMIFS('CLASSIFICAÇÃO NF'!$N:$N,'CLASSIFICAÇÃO NF'!$O:$O,">=202304",'CLASSIFICAÇÃO NF'!$O:$O,"<=202306",'CLASSIFICAÇÃO NF'!L:L,$B20)+SUMIFS('CLASSIFICAÇÃO NF'!$N:$N,'CLASSIFICAÇÃO NF'!$O:$O,">=202304",'CLASSIFICAÇÃO NF'!$O:$O,"<=202306",'CLASSIFICAÇÃO NF'!M:M,$B20) -> 0 | J20: =SUMIFS('CLASSIFICAÇÃO NF'!$N:$N,'CLASSIFICAÇÃO NF'!$O:$O,">=202307",'CLASSIFICAÇÃO NF'!$O:$O,"<=202309",'CLASSIFICAÇÃO NF'!I:I,$B20)+SUMIFS('CLASSIFICAÇÃO NF'!$N:$N,'CLASSIFICAÇÃO NF'!$O:$O,">=202307",'CLASSIFICAÇÃO NF'!$O:$O,"<=202309",'CLASSIFICAÇÃO NF'!J:J,$B20)+SUMIFS('CLASSIFICAÇÃO NF'!$N:$N,'CLASSIFICAÇÃO NF'!$O:$O,">=202307",'CLASSIFICAÇÃO NF'!$O:$O,"<=202309",'CLASSIFICAÇÃO NF'!K:K,$B20)+SUMIFS('CLASSIFICAÇÃO NF'!$N:$N,'CLASSIFICAÇÃO NF'!$O:$O,">=202307",'CLASSIFICAÇÃO NF'!$O:$O,"<=202309",'CLASSIFICAÇÃO NF'!L:L,$B20)+SUMIFS('CLASSIFICAÇÃO NF'!$N:$N,'CLASSIFICAÇÃO NF'!$O:$O,">=202307",'CLASSIFICAÇÃO NF'!$O:$O,"<=202309",'CLASSIFICAÇÃO NF'!M:M,$B20) -> 0 | K20: =SUMIFS('CLASSIFICAÇÃO NF'!$N:$N,'CLASSIFICAÇÃO NF'!$O:$O,">=202310",'CLASSIFICAÇÃO NF'!$O:$O,"<=202312",'CLASSIFICAÇÃO NF'!I:I,$B20)+SUMIFS('CLASSIFICAÇÃO NF'!$N:$N,'CLASSIFICAÇÃO NF'!$O:$O,">=202310",'CLASSIFICAÇÃO NF'!$O:$O,"<=202312",'CLASSIFICAÇÃO NF'!J:J,$B20)+SUMIFS('CLASSIFICAÇÃO NF'!$N:$N,'CLASSIFICAÇÃO NF'!$O:$O,">=202310",'CLASSIFICAÇÃO NF'!$O:$O,"<=202312",'CLASSIFICAÇÃO NF'!K:K,$B20)+SUMIFS('CLASSIFICAÇÃO NF'!$N:$N,'CLASSIFICAÇÃO NF'!$O:$O,">=202310",'CLASSIFICAÇÃO NF'!$O:$O,"<=202312",'CLASSIFICAÇÃO NF'!L:L,$B20)+SUMIFS('CLASSIFICAÇÃO NF'!$N:$N,'CLASSIFICAÇÃO NF'!$O:$O,">=202310",'CLASSIFICAÇÃO NF'!$O:$O,"<=202312",'CLASSIFICAÇÃO NF'!M:M,$B20) -> 0 | L20: =SUMIFS('CLASSIFICAÇÃO NF'!$N:$N,'CLASSIFICAÇÃO NF'!$O:$O,">=202401",'CLASSIFICAÇÃO NF'!$O:$O,"<=202403",'CLASSIFICAÇÃO NF'!I:I,$B20)+SUMIFS('CLASSIFICAÇÃO NF'!$N:$N,'CLASSIFICAÇÃO NF'!$O:$O,">=202401",'CLASSIFICAÇÃO NF'!$O:$O,"<=202403",'CLASSIFICAÇÃO NF'!J:J,$B20)+SUMIFS('CLASSIFICAÇÃO NF'!$N:$N,'CLASSIFICAÇÃO NF'!$O:$O,">=202401",'CLASSIFICAÇÃO NF'!$O:$O,"<=202403",'CLASSIFICAÇÃO NF'!K:K,$B20)+SUMIFS('CLASSIFICAÇÃO NF'!$N:$N,'CLASSIFICAÇÃO NF'!$O:$O,">=202401",'CLASSIFICAÇÃO NF'!$O:$O,"<=202403",'CLASSIFICAÇÃO NF'!L:L,$B20)+SUMIFS('CLASSIFICAÇÃO NF'!$N:$N,'CLASSIFICAÇÃO NF'!$O:$O,">=202401",'CLASSIFICAÇÃO NF'!$O:$O,"<=202403",'CLASSIFICAÇÃO NF'!M:M,$B20) -> 779567.18 | M20: =SUMIFS('CLASSIFICAÇÃO NF'!$N:$N,'CLASSIFICAÇÃO NF'!$O:$O,">=202404",'CLASSIFICAÇÃO NF'!$O:$O,"<=202406",'CLASSIFICAÇÃO NF'!I:I,$B20)+SUMIFS('CLASSIFICAÇÃO NF'!$N:$N,'CLASSIFICAÇÃO NF'!$O:$O,">=202404",'CLASSIFICAÇÃO NF'!$O:$O,"<=202406",'CLASSIFICAÇÃO NF'!J:J,$B20)+SUMIFS('CLASSIFICAÇÃO NF'!$N:$N,'CLASSIFICAÇÃO NF'!$O:$O,">=202404",'CLASSIFICAÇÃO NF'!$O:$O,"<=202406",'CLASSIFICAÇÃO NF'!K:K,$B20)+SUMIFS('CLASSIFICAÇÃO NF'!$N:$N,'CLASSIFICAÇÃO NF'!$O:$O,">=202404",'CLASSIFICAÇÃO NF'!$O:$O,"<=202406",'CLASSIFICAÇÃO NF'!L:L,$B20)+SUMIFS('CLASSIFICAÇÃO NF'!$N:$N,'CLASSIFICAÇÃO NF'!$O:$O,">=202404",'CLASSIFICAÇÃO NF'!$O:$O,"<=202406",'CLASSIFICAÇÃO NF'!M:M,$B20) -> 42959.036 | N20: =SUMIFS('CLASSIFICAÇÃO NF'!$N:$N,'CLASSIFICAÇÃO NF'!$O:$O,">=202407",'CLASSIFICAÇÃO NF'!$O:$O,"<=202408",'CLASSIFICAÇÃO NF'!I:I,$B20)+SUMIFS('CLASSIFICAÇÃO NF'!$N:$N,'CLASSIFICAÇÃO NF'!$O:$O,">=202407",'CLASSIFICAÇÃO NF'!$O:$O,"<=202408",'CLASSIFICAÇÃO NF'!J:J,$B20)+SUMIFS('CLASSIFICAÇÃO NF'!$N:$N,'CLASSIFICAÇÃO NF'!$O:$O,">=202407",'CLASSIFICAÇÃO NF'!$O:$O,"<=202408",'CLASSIFICAÇÃO NF'!K:K,$B20)+SUMIFS('CLASSIFICAÇÃO NF'!$N:$N,'CLASSIFICAÇÃO NF'!$O:$O,">=202407",'CLASSIFICAÇÃO NF'!$O:$O,"<=202408",'CLASSIFICAÇÃO NF'!L:L,$B20)+SUMIFS('CLASSIFICAÇÃO NF'!$N:$N,'CLASSIFICAÇÃO NF'!$O:$O,">=202407",'CLASSIFICAÇÃO NF'!$O:$O,"<=202408",'CLASSIFICAÇÃO NF'!M:M,$B20) -> 858239.48 | O20: =SUMIFS('CLASSIFICAÇÃO NF'!$N:$N,'CLASSIFICAÇÃO NF'!$O:$O,">=202409",'CLASSIFICAÇÃO NF'!$O:$O,"<=202410",'CLASSIFICAÇÃO NF'!I:I,$B20)+SUMIFS('CLASSIFICAÇÃO NF'!$N:$N,'CLASSIFICAÇÃO NF'!$O:$O,">=202409",'CLASSIFICAÇÃO NF'!$O:$O,"<=202410",'CLASSIFICAÇÃO NF'!J:J,$B20)+SUMIFS('CLASSIFICAÇÃO NF'!$N:$N,'CLASSIFICAÇÃO NF'!$O:$O,">=202409",'CLASSIFICAÇÃO NF'!$O:$O,"<=202410",'CLASSIFICAÇÃO NF'!K:K,$B20)+SUMIFS('CLASSIFICAÇÃO NF'!$N:$N,'CLASSIFICAÇÃO NF'!$O:$O,">=202409",'CLASSIFICAÇÃO NF'!$O:$O,"<=202410",'CLASSIFICAÇÃO NF'!L:L,$B20)+SUMIFS('CLASSIFICAÇÃO NF'!$N:$N,'CLASSIFICAÇÃO NF'!$O:$O,">=202409",'CLASSIFICAÇÃO NF'!$O:$O,"<=202410",'CLASSIFICAÇÃO NF'!M:M,$B20) -> 470242.76 | P20: =SUMIFS('CLASSIFICAÇÃO NF'!$N:$N,'CLASSIFICAÇÃO NF'!$O:$O,">=202411",'CLASSIFICAÇÃO NF'!$O:$O,"<=202412",'CLASSIFICAÇÃO NF'!I:I,$B20)+SUMIFS('CLASSIFICAÇÃO NF'!$N:$N,'CLASSIFICAÇÃO NF'!$O:$O,">=202411",'CLASSIFICAÇÃO NF'!$O:$O,"<=202412",'CLASSIFICAÇÃO NF'!J:J,$B20)+SUMIFS('CLASSIFICAÇÃO NF'!$N:$N,'CLASSIFICAÇÃO NF'!$O:$O,">=202411",'CLASSIFICAÇÃO NF'!$O:$O,"<=202412",'CLASSIFICAÇÃO NF'!K:K,$B20)+SUMIFS('CLASSIFICAÇÃO NF'!$N:$N,'CLASSIFICAÇÃO NF'!$O:$O,">=202411",'CLASSIFICAÇÃO NF'!$O:$O,"<=202412",'CLASSIFICAÇÃO NF'!L:L,$B20)+SUMIFS('CLASSIFICAÇÃO NF'!$N:$N,'CLASSIFICAÇÃO NF'!$O:$O,">=202411",'CLASSIFICAÇÃO NF'!$O:$O,"<=202412",'CLASSIFICAÇÃO NF'!M:M,$B20) -> 198788.93 | Q20: =SUMIFS('CLASSIFICAÇÃO NF'!$N:$N,'CLASSIFICAÇÃO NF'!$O:$O,">=202501",'CLASSIFICAÇÃO NF'!$O:$O,"<=202502",'CLASSIFICAÇÃO NF'!I:I,$B20)+SUMIFS('CLASSIFICAÇÃO NF'!$N:$N,'CLASSIFICAÇÃO NF'!$O:$O,">=202501",'CLASSIFICAÇÃO NF'!$O:$O,"<=202502",'CLASSIFICAÇÃO NF'!J:J,$B20)+SUMIFS('CLASSIFICAÇÃO NF'!$N:$N,'CLASSIFICAÇÃO NF'!$O:$O,">=202501",'CLASSIFICAÇÃO NF'!$O:$O,"<=202502",'CLASSIFICAÇÃO NF'!K:K,$B20)+SUMIFS('CLASSIFICAÇÃO NF'!$N:$N,'CLASSIFICAÇÃO NF'!$O:$O,">=202501",'CLASSIFICAÇÃO NF'!$O:$O,"<=202502",'CLASSIFICAÇÃO NF'!L:L,$B20)+SUMIFS('CLASSIFICAÇÃO NF'!$N:$N,'CLASSIFICAÇÃO NF'!$O:$O,">=202501",'CLASSIFICAÇÃO NF'!$O:$O,"<=202502",'CLASSIFICAÇÃO NF'!M:M,$B20) -> 124725.03 | R20: =SUMIFS('CLASSIFICAÇÃO NF'!$N:$N,'CLASSIFICAÇÃO NF'!$O:$O,">=202503",'CLASSIFICAÇÃO NF'!$O:$O,"<=202504",'CLASSIFICAÇÃO NF'!I:I,$B20)+SUMIFS('CLASSIFICAÇÃO NF'!$N:$N,'CLASSIFICAÇÃO NF'!$O:$O,">=202503",'CLASSIFICAÇÃO NF'!$O:$O,"<=202504",'CLASSIFICAÇÃO NF'!J:J,$B20)+SUMIFS('CLASSIFICAÇÃO NF'!$N:$N,'CLASSIFICAÇÃO NF'!$O:$O,">=202503",'CLASSIFICAÇÃO NF'!$O:$O,"<=202504",'CLASSIFICAÇÃO NF'!K:K,$B20)+SUMIFS('CLASSIFICAÇÃO NF'!$N:$N,'CLASSIFICAÇÃO NF'!$O:$O,">=202503",'CLASSIFICAÇÃO NF'!$O:$O,"<=202504",'CLASSIFICAÇÃO NF'!L:L,$B20)+SUMIFS('CLASSIFICAÇÃO NF'!$N:$N,'CLASSIFICAÇÃO NF'!$O:$O,">=202503",'CLASSIFICAÇÃO NF'!$O:$O,"<=202504",'CLASSIFICAÇÃO NF'!M:M,$B20) -> 54150.172 | S20: =SUMIFS('CLASSIFICAÇÃO NF'!$N:$N,'CLASSIFICAÇÃO NF'!$O:$O,">=202505",'CLASSIFICAÇÃO NF'!$O:$O,"<=202506",'CLASSIFICAÇÃO NF'!I:I,$B20)+SUMIFS('CLASSIFICAÇÃO NF'!$N:$N,'CLASSIFICAÇÃO NF'!$O:$O,">=202505",'CLASSIFICAÇÃO NF'!$O:$O,"<=202506",'CLASSIFICAÇÃO NF'!J:J,$B20)+SUMIFS('CLASSIFICAÇÃO NF'!$N:$N,'CLASSIFICAÇÃO NF'!$O:$O,">=202505",'CLASSIFICAÇÃO NF'!$O:$O,"<=202506",'CLASSIFICAÇÃO NF'!K:K,$B20)+SUMIFS('CLASSIFICAÇÃO NF'!$N:$N,'CLASSIFICAÇÃO NF'!$O:$O,">=202505",'CLASSIFICAÇÃO NF'!$O:$O,"<=202506",'CLASSIFICAÇÃO NF'!L:L,$B20)+SUMIFS('CLASSIFICAÇÃO NF'!$N:$N,'CLASSIFICAÇÃO NF'!$O:$O,">=202505",'CLASSIFICAÇÃO NF'!$O:$O,"<=202506",'CLASSIFICAÇÃO NF'!M:M,$B20) -> 3592 | T20: =SUMIFS('CLASSIFICAÇÃO NF'!$N:$N,'CLASSIFICAÇÃO NF'!$O:$O,">=202507",'CLASSIFICAÇÃO NF'!$O:$O,"<=202508",'CLASSIFICAÇÃO NF'!I:I,$B20)+SUMIFS('CLASSIFICAÇÃO NF'!$N:$N,'CLASSIFICAÇÃO NF'!$O:$O,">=202507",'CLASSIFICAÇÃO NF'!$O:$O,"<=202508",'CLASSIFICAÇÃO NF'!J:J,$B20)+SUMIFS('CLASSIFICAÇÃO NF'!$N:$N,'CLASSIFICAÇÃO NF'!$O:$O,">=202507",'CLASSIFICAÇÃO NF'!$O:$O,"<=202508",'CLASSIFICAÇÃO NF'!K:K,$B20)+SUMIFS('CLASSIFICAÇÃO NF'!$N:$N,'CLASSIFICAÇÃO NF'!$O:$O,">=202507",'CLASSIFICAÇÃO NF'!$O:$O,"<=202508",'CLASSIFICAÇÃO NF'!L:L,$B20)+SUMIFS('CLASSIFICAÇÃO NF'!$N:$N,'CLASSIFICAÇÃO NF'!$O:$O,">=202507",'CLASSIFICAÇÃO NF'!$O:$O,"<=202508",'CLASSIFICAÇÃO NF'!M:M,$B20) -> 0 | U20: =SUMIFS('CLASSIFICAÇÃO NF'!$N:$N,'CLASSIFICAÇÃO NF'!$O:$O,">=202509",'CLASSIFICAÇÃO NF'!$O:$O,"<=202510",'CLASSIFICAÇÃO NF'!I:I,$B20)+SUMIFS('CLASSIFICAÇÃO NF'!$N:$N,'CLASSIFICAÇÃO NF'!$O:$O,">=202509",'CLASSIFICAÇÃO NF'!$O:$O,"<=202510",'CLASSIFICAÇÃO NF'!J:J,$B20)+SUMIFS('CLASSIFICAÇÃO NF'!$N:$N,'CLASSIFICAÇÃO NF'!$O:$O,">=202509",'CLASSIFICAÇÃO NF'!$O:$O,"<=202510",'CLASSIFICAÇÃO NF'!K:K,$B20)+SUMIFS('CLASSIFICAÇÃO NF'!$N:$N,'CLASSIFICAÇÃO NF'!$O:$O,">=202509",'CLASSIFICAÇÃO NF'!$O:$O,"<=202510",'CLASSIFICAÇÃO NF'!L:L,$B20)+SUMIFS('CLASSIFICAÇÃO NF'!$N:$N,'CLASSIFICAÇÃO NF'!$O:$O,">=202509",'CLASSIFICAÇÃO NF'!$O:$O,"<=202510",'CLASSIFICAÇÃO NF'!M:M,$B20) -> 0 | V20: =SUMIFS('CLASSIFICAÇÃO NF'!$N:$N,'CLASSIFICAÇÃO NF'!$O:$O,">=202511",'CLASSIFICAÇÃO NF'!$O:$O,"<=202512",'CLASSIFICAÇÃO NF'!I:I,$B20)+SUMIFS('CLASSIFICAÇÃO NF'!$N:$N,'CLASSIFICAÇÃO NF'!$O:$O,">=202511",'CLASSIFICAÇÃO NF'!$O:$O,"<=202512",'CLASSIFICAÇÃO NF'!J:J,$B20)+SUMIFS('CLASSIFICAÇÃO NF'!$N:$N,'CLASSIFICAÇÃO NF'!$O:$O,">=202511",'CLASSIFICAÇÃO NF'!$O:$O,"<=202512",'CLASSIFICAÇÃO NF'!K:K,$B20)+SUMIFS('CLASSIFICAÇÃO NF'!$N:$N,'CLASSIFICAÇÃO NF'!$O:$O,">=202511",'CLASSIFICAÇÃO NF'!$O:$O,"<=202512",'CLASSIFICAÇÃO NF'!L:L,$B20)+SUMIFS('CLASSIFICAÇÃO NF'!$N:$N,'CLASSIFICAÇÃO NF'!$O:$O,">=202511",'CLASSIFICAÇÃO NF'!$O:$O,"<=202512",'CLASSIFICAÇÃO NF'!M:M,$B20) -> 0 | W20: =SUMIFS('CLASSIFICAÇÃO NF'!$N:$N,'CLASSIFICAÇÃO NF'!$O:$O,">=202601",'CLASSIFICAÇÃO NF'!$O:$O,"<=202602",'CLASSIFICAÇÃO NF'!I:I,$B20)+SUMIFS('CLASSIFICAÇÃO NF'!$N:$N,'CLASSIFICAÇÃO NF'!$O:$O,">=202601",'CLASSIFICAÇÃO NF'!$O:$O,"<=202602",'CLASSIFICAÇÃO NF'!J:J,$B20)+SUMIFS('CLASSIFICAÇÃO NF'!$N:$N,'CLASSIFICAÇÃO NF'!$O:$O,">=202601",'CLASSIFICAÇÃO NF'!$O:$O,"<=202602",'CLASSIFICAÇÃO NF'!K:K,$B20)+SUMIFS('CLASSIFICAÇÃO NF'!$N:$N,'CLASSIFICAÇÃO NF'!$O:$O,">=202601",'CLASSIFICAÇÃO NF'!$O:$O,"<=202602",'CLASSIFICAÇÃO NF'!L:L,$B20)+SUMIFS('CLASSIFICAÇÃO NF'!$N:$N,'CLASSIFICAÇÃO NF'!$O:$O,">=202601",'CLASSIFICAÇÃO NF'!$O:$O,"<=202602",'CLASSIFICAÇÃO NF'!M:M,$B20) -> 0 | X20: =SUMIFS('CLASSIFICAÇÃO NF'!$N:$N,'CLASSIFICAÇÃO NF'!$O:$O,">=202603",'CLASSIFICAÇÃO NF'!$O:$O,"<=202604",'CLASSIFICAÇÃO NF'!I:I,$B20)+SUMIFS('CLASSIFICAÇÃO NF'!$N:$N,'CLASSIFICAÇÃO NF'!$O:$O,">=202603",'CLASSIFICAÇÃO NF'!$O:$O,"<=202604",'CLASSIFICAÇÃO NF'!J:J,$B20)+SUMIFS('CLASSIFICAÇÃO NF'!$N:$N,'CLASSIFICAÇÃO NF'!$O:$O,">=202603",'CLASSIFICAÇÃO NF'!$O:$O,"<=202604",'CLASSIFICAÇÃO NF'!K:K,$B20)+SUMIFS('CLASSIFICAÇÃO NF'!$N:$N,'CLASSIFICAÇÃO NF'!$O:$O,">=202603",'CLASSIFICAÇÃO NF'!$O:$O,"<=202604",'CLASSIFICAÇÃO NF'!L:L,$B20)+SUMIFS('CLASSIFICAÇÃO NF'!$N:$N,'CLASSIFICAÇÃO NF'!$O:$O,">=202603",'CLASSIFICAÇÃO NF'!$O:$O,"<=202604",'CLASSIFICAÇÃO NF'!M:M,$B20) -> 0 | Y20: =SUMIFS('CLASSIFICAÇÃO NF'!$N:$N,'CLASSIFICAÇÃO NF'!$O:$O,">=202605",'CLASSIFICAÇÃO NF'!$O:$O,"<=202606",'CLASSIFICAÇÃO NF'!I:I,$B20)+SUMIFS('CLASSIFICAÇÃO NF'!$N:$N,'CLASSIFICAÇÃO NF'!$O:$O,">=202605",'CLASSIFICAÇÃO NF'!$O:$O,"<=202606",'CLASSIFICAÇÃO NF'!J:J,$B20)+SUMIFS('CLASSIFICAÇÃO NF'!$N:$N,'CLASSIFICAÇÃO NF'!$O:$O,">=202605",'CLASSIFICAÇÃO NF'!$O:$O,"<=202606",'CLASSIFICAÇÃO NF'!K:K,$B20)+SUMIFS('CLASSIFICAÇÃO NF'!$N:$N,'CLASSIFICAÇÃO NF'!$O:$O,">=202605",'CLASSIFICAÇÃO NF'!$O:$O,"<=202606",'CLASSIFICAÇÃO NF'!L:L,$B20)+SUMIFS('CLASSIFICAÇÃO NF'!$N:$N,'CLASSIFICAÇÃO NF'!$O:$O,">=202605",'CLASSIFICAÇÃO NF'!$O:$O,"<=202606",'CLASSIFICAÇÃO NF'!M:M,$B20) -> 0 | Z20: =SUMIFS('CLASSIFICAÇÃO NF'!$N:$N,'CLASSIFICAÇÃO NF'!$O:$O,">=202607",'CLASSIFICAÇÃO NF'!$O:$O,"<=202608",'CLASSIFICAÇÃO NF'!I:I,$B20)+SUMIFS('CLASSIFICAÇÃO NF'!$N:$N,'CLASSIFICAÇÃO NF'!$O:$O,">=202607",'CLASSIFICAÇÃO NF'!$O:$O,"<=202608",'CLASSIFICAÇÃO NF'!J:J,$B20)+SUMIFS('CLASSIFICAÇÃO NF'!$N:$N,'CLASSIFICAÇÃO NF'!$O:$O,">=202607",'CLASSIFICAÇÃO NF'!$O:$O,"<=202608",'CLASSIFICAÇÃO NF'!K:K,$B20)+SUMIFS('CLASSIFICAÇÃO NF'!$N:$N,'CLASSIFICAÇÃO NF'!$O:$O,">=202607",'CLASSIFICAÇÃO NF'!$O:$O,"<=202608",'CLASSIFICAÇÃO NF'!L:L,$B20)+SUMIFS('CLASSIFICAÇÃO NF'!$N:$N,'CLASSIFICAÇÃO NF'!$O:$O,">=202607",'CLASSIFICAÇÃO NF'!$O:$O,"<=202608",'CLASSIFICAÇÃO NF'!M:M,$B20) -> 0 | AA20: =SUMIFS('CLASSIFICAÇÃO NF'!$N:$N,'CLASSIFICAÇÃO NF'!$O:$O,">=202609",'CLASSIFICAÇÃO NF'!$O:$O,"<=202610",'CLASSIFICAÇÃO NF'!I:I,$B20)+SUMIFS('CLASSIFICAÇÃO NF'!$N:$N,'CLASSIFICAÇÃO NF'!$O:$O,">=202609",'CLASSIFICAÇÃO NF'!$O:$O,"<=202610",'CLASSIFICAÇÃO NF'!J:J,$B20)+SUMIFS('CLASSIFICAÇÃO NF'!$N:$N,'CLASSIFICAÇÃO NF'!$O:$O,">=202609",'CLASSIFICAÇÃO NF'!$O:$O,"<=202610",'CLASSIFICAÇÃO NF'!K:K,$B20)+SUMIFS('CLASSIFICAÇÃO NF'!$N:$N,'CLASSIFICAÇÃO NF'!$O:$O,">=202609",'CLASSIFICAÇÃO NF'!$O:$O,"<=202610",'CLASSIFICAÇÃO NF'!L:L,$B20)+SUMIFS('CLASSIFICAÇÃO NF'!$N:$N,'CLASSIFICAÇÃO NF'!$O:$O,">=202609",'CLASSIFICAÇÃO NF'!$O:$O,"<=202610",'CLASSIFICAÇÃO NF'!M:M,$B20) -> 0 | AB20: =SUMIFS('CLASSIFICAÇÃO NF'!$N:$N,'CLASSIFICAÇÃO NF'!$O:$O,">=202611",'CLASSIFICAÇÃO NF'!$O:$O,"<=202612",'CLASSIFICAÇÃO NF'!I:I,$B20)+SUMIFS('CLASSIFICAÇÃO NF'!$N:$N,'CLASSIFICAÇÃO NF'!$O:$O,">=202611",'CLASSIFICAÇÃO NF'!$O:$O,"<=202612",'CLASSIFICAÇÃO NF'!J:J,$B20)+SUMIFS('CLASSIFICAÇÃO NF'!$N:$N,'CLASSIFICAÇÃO NF'!$O:$O,">=202610",'CLASSIFICAÇÃO NF'!$O:$O,"<=202612",'CLASSIFICAÇÃO NF'!K:K,$B20)+SUMIFS('CLASSIFICAÇÃO NF'!$N:$N,'CLASSIFICAÇÃO NF'!$O:$O,">=202610",'CLASSIFICAÇÃO NF'!$O:$O,"<=202612",'CLASSIFICAÇÃO NF'!L:L,$B20)+SUMIFS('CLASSIFICAÇÃO NF'!$N:$N,'CLASSIFICAÇÃO NF'!$O:$O,">=202611",'CLASSIFICAÇÃO NF'!$O:$O,"<=202612",'CLASSIFICAÇÃO NF'!M:M,$B20) -> 0
A21: 45871 | B21: PISOS | C21: =SUMIF('CLASSIFICAÇÃO NF'!I:I,B21,'CLASSIFICAÇÃO NF'!N:N)+SUMIF('CLASSIFICAÇÃO NF'!J:J,B21,'CLASSIFICAÇÃO NF'!N:N)+SUMIF('CLASSIFICAÇÃO NF'!K:K,B21,'CLASSIFICAÇÃO NF'!N:N)+SUMIF('CLASSIFICAÇÃO NF'!L:L,B21,'CLASSIFICAÇÃO NF'!N:N)+SUMIF('CLASSIFICAÇÃO NF'!M:M,B21,'CLASSIFICAÇÃO NF'!N:N) -> 6282919.5 | D21: =C21/E21 -> 0.86213355 | E21: 7287640.6 | F21: =C21/G21 -> 0.95759093 | G21: 6561172.7 | H21: =SUMIFS('CLASSIFICAÇÃO NF'!$N:$N,'CLASSIFICAÇÃO NF'!$O:$O,">=202301",'CLASSIFICAÇÃO NF'!$O:$O,"<=202303",'CLASSIFICAÇÃO NF'!I:I,$B21)+SUMIFS('CLASSIFICAÇÃO NF'!$N:$N,'CLASSIFICAÇÃO NF'!$O:$O,">=202301",'CLASSIFICAÇÃO NF'!$O:$O,"<=202303",'CLASSIFICAÇÃO NF'!J:J,$B21)+SUMIFS('CLASSIFICAÇÃO NF'!$N:$N,'CLASSIFICAÇÃO NF'!$O:$O,">=202301",'CLASSIFICAÇÃO NF'!$O:$O,"<=202303",'CLASSIFICAÇÃO NF'!K:K,$B21)+SUMIFS('CLASSIFICAÇÃO NF'!$N:$N,'CLASSIFICAÇÃO NF'!$O:$O,">=202301",'CLASSIFICAÇÃO NF'!$O:$O,"<=202303",'CLASSIFICAÇÃO NF'!L:L,$B21)+SUMIFS('CLASSIFICAÇÃO NF'!$N:$N,'CLASSIFICAÇÃO NF'!$O:$O,">=202301",'CLASSIFICAÇÃO NF'!$O:$O,"<=202303",'CLASSIFICAÇÃO NF'!M:M,$B21) -> 21366.1 | I21: =SUMIFS('CLASSIFICAÇÃO NF'!$N:$N,'CLASSIFICAÇÃO NF'!$O:$O,">=202304",'CLASSIFICAÇÃO NF'!$O:$O,"<=202306",'CLASSIFICAÇÃO NF'!I:I,$B21)+SUMIFS('CLASSIFICAÇÃO NF'!$N:$N,'CLASSIFICAÇÃO NF'!$O:$O,">=202304",'CLASSIFICAÇÃO NF'!$O:$O,"<=202306",'CLASSIFICAÇÃO NF'!J:J,$B21)+SUMIFS('CLASSIFICAÇÃO NF'!$N:$N,'CLASSIFICAÇÃO NF'!$O:$O,">=202304",'CLASSIFICAÇÃO NF'!$O:$O,"<=202306",'CLASSIFICAÇÃO NF'!K:K,$B21)+SUMIFS('CLASSIFICAÇÃO NF'!$N:$N,'CLASSIFICAÇÃO NF'!$O:$O,">=202304",'CLASSIFICAÇÃO NF'!$O:$O,"<=202306",'CLASSIFICAÇÃO NF'!L:L,$B21)+SUMIFS('CLASSIFICAÇÃO NF'!$N:$N,'CLASSIFICAÇÃO NF'!$O:$O,">=202304",'CLASSIFICAÇÃO NF'!$O:$O,"<=202306",'CLASSIFICAÇÃO NF'!M:M,$B21) -> 0 | J21: =SUMIFS('CLASSIFICAÇÃO NF'!$N:$N,'CLASSIFICAÇÃO NF'!$O:$O,">=202307",'CLASSIFICAÇÃO NF'!$O:$O,"<=202309",'CLASSIFICAÇÃO NF'!I:I,$B21)+SUMIFS('CLASSIFICAÇÃO NF'!$N:$N,'CLASSIFICAÇÃO NF'!$O:$O,">=202307",'CLASSIFICAÇÃO NF'!$O:$O,"<=202309",'CLASSIFICAÇÃO NF'!J:J,$B21)+SUMIFS('CLASSIFICAÇÃO NF'!$N:$N,'CLASSIFICAÇÃO NF'!$O:$O,">=202307",'CLASSIFICAÇÃO NF'!$O:$O,"<=202309",'CLASSIFICAÇÃO NF'!K:K,$B21)+SUMIFS('CLASSIFICAÇÃO NF'!$N:$N,'CLASSIFICAÇÃO NF'!$O:$O,">=202307",'CLASSIFICAÇÃO NF'!$O:$O,"<=202309",'CLASSIFICAÇÃO NF'!L:L,$B21)+SUMIFS('CLASSIFICAÇÃO NF'!$N:$N,'CLASSIFICAÇÃO NF'!$O:$O,">=202307",'CLASSIFICAÇÃO NF'!$O:$O,"<=202309",'CLASSIFICAÇÃO NF'!M:M,$B21) -> 205002.48 | K21: =SUMIFS('CLASSIFICAÇÃO NF'!$N:$N,'CLASSIFICAÇÃO NF'!$O:$O,">=202310",'CLASSIFICAÇÃO NF'!$O:$O,"<=202312",'CLASSIFICAÇÃO NF'!I:I,$B21)+SUMIFS('CLASSIFICAÇÃO NF'!$N:$N,'CLASSIFICAÇÃO NF'!$O:$O,">=202310",'CLASSIFICAÇÃO NF'!$O:$O,"<=202312",'CLASSIFICAÇÃO NF'!J:J,$B21)+SUMIFS('CLASSIFICAÇÃO NF'!$N:$N,'CLASSIFICAÇÃO NF'!$O:$O,">=202310",'CLASSIFICAÇÃO NF'!$O:$O,"<=202312",'CLASSIFICAÇÃO NF'!K:K,$B21)+SUMIFS('CLASSIFICAÇÃO NF'!$N:$N,'CLASSIFICAÇÃO NF'!$O:$O,">=202310",'CLASSIFICAÇÃO NF'!$O:$O,"<=202312",'CLASSIFICAÇÃO NF'!L:L,$B21)+SUMIFS('CLASSIFICAÇÃO NF'!$N:$N,'CLASSIFICAÇÃO NF'!$O:$O,">=202310",'CLASSIFICAÇÃO NF'!$O:$O,"<=202312",'CLASSIFICAÇÃO NF'!M:M,$B21) -> 146323.88 | L21: =SUMIFS('CLASSIFICAÇÃO NF'!$N:$N,'CLASSIFICAÇÃO NF'!$O:$O,">=202401",'CLASSIFICAÇÃO NF'!$O:$O,"<=202403",'CLASSIFICAÇÃO NF'!I:I,$B21)+SUMIFS('CLASSIFICAÇÃO NF'!$N:$N,'CLASSIFICAÇÃO NF'!$O:$O,">=202401",'CLASSIFICAÇÃO NF'!$O:$O,"<=202403",'CLASSIFICAÇÃO NF'!J:J,$B21)+SUMIFS('CLASSIFICAÇÃO NF'!$N:$N,'CLASSIFICAÇÃO NF'!$O:$O,">=202401",'CLASSIFICAÇÃO NF'!$O:$O,"<=202403",'CLASSIFICAÇÃO NF'!K:K,$B21)+SUMIFS('CLASSIFICAÇÃO NF'!$N:$N,'CLASSIFICAÇÃO NF'!$O:$O,">=202401",'CLASSIFICAÇÃO NF'!$O:$O,"<=202403",'CLASSIFICAÇÃO NF'!L:L,$B21)+SUMIFS('CLASSIFICAÇÃO NF'!$N:$N,'CLASSIFICAÇÃO NF'!$O:$O,">=202401",'CLASSIFICAÇÃO NF'!$O:$O,"<=202403",'CLASSIFICAÇÃO NF'!M:M,$B21) -> 3121347.7 | M21: =SUMIFS('CLASSIFICAÇÃO NF'!$N:$N,'CLASSIFICAÇÃO NF'!$O:$O,">=202404",'CLASSIFICAÇÃO NF'!$O:$O,"<=202406",'CLASSIFICAÇÃO NF'!I:I,$B21)+SUMIFS('CLASSIFICAÇÃO NF'!$N:$N,'CLASSIFICAÇÃO NF'!$O:$O,">=202404",'CLASSIFICAÇÃO NF'!$O:$O,"<=202406",'CLASSIFICAÇÃO NF'!J:J,$B21)+SUMIFS('CLASSIFICAÇÃO NF'!$N:$N,'CLASSIFICAÇÃO NF'!$O:$O,">=202404",'CLASSIFICAÇÃO NF'!$O:$O,"<=202406",'CLASSIFICAÇÃO NF'!K:K,$B21)+SUMIFS('CLASSIFICAÇÃO NF'!$N:$N,'CLASSIFICAÇÃO NF'!$O:$O,">=202404",'CLASSIFICAÇÃO NF'!$O:$O,"<=202406",'CLASSIFICAÇÃO NF'!L:L,$B21)+SUMIFS('CLASSIFICAÇÃO NF'!$N:$N,'CLASSIFICAÇÃO NF'!$O:$O,">=202404",'CLASSIFICAÇÃO NF'!$O:$O,"<=202406",'CLASSIFICAÇÃO NF'!M:M,$B21) -> 530736.04 | N21: =SUMIFS('CLASSIFICAÇÃO NF'!$N:$N,'CLASSIFICAÇÃO NF'!$O:$O,">=202407",'CLASSIFICAÇÃO NF'!$O:$O,"<=202408",'CLASSIFICAÇÃO NF'!I:I,$B21)+SUMIFS('CLASSIFICAÇÃO NF'!$N:$N,'CLASSIFICAÇÃO NF'!$O:$O,">=202407",'CLASSIFICAÇÃO NF'!$O:$O,"<=202408",'CLASSIFICAÇÃO NF'!J:J,$B21)+SUMIFS('CLASSIFICAÇÃO NF'!$N:$N,'CLASSIFICAÇÃO NF'!$O:$O,">=202407",'CLASSIFICAÇÃO NF'!$O:$O,"<=202408",'CLASSIFICAÇÃO NF'!K:K,$B21)+SUMIFS('CLASSIFICAÇÃO NF'!$N:$N,'CLASSIFICAÇÃO NF'!$O:$O,">=202407",'CLASSIFICAÇÃO NF'!$O:$O,"<=202408",'CLASSIFICAÇÃO NF'!L:L,$B21)+SUMIFS('CLASSIFICAÇÃO NF'!$N:$N,'CLASSIFICAÇÃO NF'!$O:$O,">=202407",'CLASSIFICAÇÃO NF'!$O:$O,"<=202408",'CLASSIFICAÇÃO NF'!M:M,$B21) -> 421089.61 | O21: =SUMIFS('CLASSIFICAÇÃO NF'!$N:$N,'CLASSIFICAÇÃO NF'!$O:$O,">=202409",'CLASSIFICAÇÃO NF'!$O:$O,"<=202410",'CLASSIFICAÇÃO NF'!I:I,$B21)+SUMIFS('CLASSIFICAÇÃO NF'!$N:$N,'CLASSIFICAÇÃO NF'!$O:$O,">=202409",'CLASSIFICAÇÃO NF'!$O:$O,"<=202410",'CLASSIFICAÇÃO NF'!J:J,$B21)+SUMIFS('CLASSIFICAÇÃO NF'!$N:$N,'CLASSIFICAÇÃO NF'!$O:$O,">=202409",'CLASSIFICAÇÃO NF'!$O:$O,"<=202410",'CLASSIFICAÇÃO NF'!K:K,$B21)+SUMIFS('CLASSIFICAÇÃO NF'!$N:$N,'CLASSIFICAÇÃO NF'!$O:$O,">=202409",'CLASSIFICAÇÃO NF'!$O:$O,"<=202410",'CLASSIFICAÇÃO NF'!L:L,$B21)+SUMIFS('CLASSIFICAÇÃO NF'!$N:$N,'CLASSIFICAÇÃO NF'!$O:$O,">=202409",'CLASSIFICAÇÃO NF'!$O:$O,"<=202410",'CLASSIFICAÇÃO NF'!M:M,$B21) -> 456024.57 | P21: =SUMIFS('CLASSIFICAÇÃO NF'!$N:$N,'CLASSIFICAÇÃO NF'!$O:$O,">=202411",'CLASSIFICAÇÃO NF'!$O:$O,"<=202412",'CLASSIFICAÇÃO NF'!I:I,$B21)+SUMIFS('CLASSIFICAÇÃO NF'!$N:$N,'CLASSIFICAÇÃO NF'!$O:$O,">=202411",'CLASSIFICAÇÃO NF'!$O:$O,"<=202412",'CLASSIFICAÇÃO NF'!J:J,$B21)+SUMIFS('CLASSIFICAÇÃO NF'!$N:$N,'CLASSIFICAÇÃO NF'!$O:$O,">=202411",'CLASSIFICAÇÃO NF'!$O:$O,"<=202412",'CLASSIFICAÇÃO NF'!K:K,$B21)+SUMIFS('CLASSIFICAÇÃO NF'!$N:$N,'CLASSIFICAÇÃO NF'!$O:$O,">=202411",'CLASSIFICAÇÃO NF'!$O:$O,"<=202412",'CLASSIFICAÇÃO NF'!L:L,$B21)+SUMIFS('CLASSIFICAÇÃO NF'!$N:$N,'CLASSIFICAÇÃO NF'!$O:$O,">=202411",'CLASSIFICAÇÃO NF'!$O:$O,"<=202412",'CLASSIFICAÇÃO NF'!M:M,$B21) -> 636269.2 | Q21: =SUMIFS('CLASSIFICAÇÃO NF'!$N:$N,'CLASSIFICAÇÃO NF'!$O:$O,">=202501",'CLASSIFICAÇÃO NF'!$O:$O,"<=202502",'CLASSIFICAÇÃO NF'!I:I,$B21)+SUMIFS('CLASSIFICAÇÃO NF'!$N:$N,'CLASSIFICAÇÃO NF'!$O:$O,">=202501",'CLASSIFICAÇÃO NF'!$O:$O,"<=202502",'CLASSIFICAÇÃO NF'!J:J,$B21)+SUMIFS('CLASSIFICAÇÃO NF'!$N:$N,'CLASSIFICAÇÃO NF'!$O:$O,">=202501",'CLASSIFICAÇÃO NF'!$O:$O,"<=202502",'CLASSIFICAÇÃO NF'!K:K,$B21)+SUMIFS('CLASSIFICAÇÃO NF'!$N:$N,'CLASSIFICAÇÃO NF'!$O:$O,">=202501",'CLASSIFICAÇÃO NF'!$O:$O,"<=202502",'CLASSIFICAÇÃO NF'!L:L,$B21)+SUMIFS('CLASSIFICAÇÃO NF'!$N:$N,'CLASSIFICAÇÃO NF'!$O:$O,">=202501",'CLASSIFICAÇÃO NF'!$O:$O,"<=202502",'CLASSIFICAÇÃO NF'!M:M,$B21) -> 269567.98 | R21: =SUMIFS('CLASSIFICAÇÃO NF'!$N:$N,'CLASSIFICAÇÃO NF'!$O:$O,">=202503",'CLASSIFICAÇÃO NF'!$O:$O,"<=202504",'CLASSIFICAÇÃO NF'!I:I,$B21)+SUMIFS('CLASSIFICAÇÃO NF'!$N:$N,'CLASSIFICAÇÃO NF'!$O:$O,">=202503",'CLASSIFICAÇÃO NF'!$O:$O,"<=202504",'CLASSIFICAÇÃO NF'!J:J,$B21)+SUMIFS('CLASSIFICAÇÃO NF'!$N:$N,'CLASSIFICAÇÃO NF'!$O:$O,">=202503",'CLASSIFICAÇÃO NF'!$O:$O,"<=202504",'CLASSIFICAÇÃO NF'!K:K,$B21)+SUMIFS('CLASSIFICAÇÃO NF'!$N:$N,'CLASSIFICAÇÃO NF'!$O:$O,">=202503",'CLASSIFICAÇÃO NF'!$O:$O,"<=202504",'CLASSIFICAÇÃO NF'!L:L,$B21)+SUMIFS('CLASSIFICAÇÃO NF'!$N:$N,'CLASSIFICAÇÃO NF'!$O:$O,">=202503",'CLASSIFICAÇÃO NF'!$O:$O,"<=202504",'CLASSIFICAÇÃO NF'!M:M,$B21) -> 338499.13 | S21: =SUMIFS('CLASSIFICAÇÃO NF'!$N:$N,'CLASSIFICAÇÃO NF'!$O:$O,">=202505",'CLASSIFICAÇÃO NF'!$O:$O,"<=202506",'CLASSIFICAÇÃO NF'!I:I,$B21)+SUMIFS('CLASSIFICAÇÃO NF'!$N:$N,'CLASSIFICAÇÃO NF'!$O:$O,">=202505",'CLASSIFICAÇÃO NF'!$O:$O,"<=202506",'CLASSIFICAÇÃO NF'!J:J,$B21)+SUMIFS('CLASSIFICAÇÃO NF'!$N:$N,'CLASSIFICAÇÃO NF'!$O:$O,">=202505",'CLASSIFICAÇÃO NF'!$O:$O,"<=202506",'CLASSIFICAÇÃO NF'!K:K,$B21)+SUMIFS('CLASSIFICAÇÃO NF'!$N:$N,'CLASSIFICAÇÃO NF'!$O:$O,">=202505",'CLASSIFICAÇÃO NF'!$O:$O,"<=202506",'CLASSIFICAÇÃO NF'!L:L,$B21)+SUMIFS('CLASSIFICAÇÃO NF'!$N:$N,'CLASSIFICAÇÃO NF'!$O:$O,">=202505",'CLASSIFICAÇÃO NF'!$O:$O,"<=202506",'CLASSIFICAÇÃO NF'!M:M,$B21) -> 113247.44 | T21: =SUMIFS('CLASSIFICAÇÃO NF'!$N:$N,'CLASSIFICAÇÃO NF'!$O:$O,">=202507",'CLASSIFICAÇÃO NF'!$O:$O,"<=202508",'CLASSIFICAÇÃO NF'!I:I,$B21)+SUMIFS('CLASSIFICAÇÃO NF'!$N:$N,'CLASSIFICAÇÃO NF'!$O:$O,">=202507",'CLASSIFICAÇÃO NF'!$O:$O,"<=202508",'CLASSIFICAÇÃO NF'!J:J,$B21)+SUMIFS('CLASSIFICAÇÃO NF'!$N:$N,'CLASSIFICAÇÃO NF'!$O:$O,">=202507",'CLASSIFICAÇÃO NF'!$O:$O,"<=202508",'CLASSIFICAÇÃO NF'!K:K,$B21)+SUMIFS('CLASSIFICAÇÃO NF'!$N:$N,'CLASSIFICAÇÃO NF'!$O:$O,">=202507",'CLASSIFICAÇÃO NF'!$O:$O,"<=202508",'CLASSIFICAÇÃO NF'!L:L,$B21)+SUMIFS('CLASSIFICAÇÃO NF'!$N:$N,'CLASSIFICAÇÃO NF'!$O:$O,">=202507",'CLASSIFICAÇÃO NF'!$O:$O,"<=202508",'CLASSIFICAÇÃO NF'!M:M,$B21) -> 23445.3 | U21: =SUMIFS('CLASSIFICAÇÃO NF'!$N:$N,'CLASSIFICAÇÃO NF'!$O:$O,">=202509",'CLASSIFICAÇÃO NF'!$O:$O,"<=202510",'CLASSIFICAÇÃO NF'!I:I,$B21)+SUMIFS('CLASSIFICAÇÃO NF'!$N:$N,'CLASSIFICAÇÃO NF'!$O:$O,">=202509",'CLASSIFICAÇÃO NF'!$O:$O,"<=202510",'CLASSIFICAÇÃO NF'!J:J,$B21)+SUMIFS('CLASSIFICAÇÃO NF'!$N:$N,'CLASSIFICAÇÃO NF'!$O:$O,">=202509",'CLASSIFICAÇÃO NF'!$O:$O,"<=202510",'CLASSIFICAÇÃO NF'!K:K,$B21)+SUMIFS('CLASSIFICAÇÃO NF'!$N:$N,'CLASSIFICAÇÃO NF'!$O:$O,">=202509",'CLASSIFICAÇÃO NF'!$O:$O,"<=202510",'CLASSIFICAÇÃO NF'!L:L,$B21)+SUMIFS('CLASSIFICAÇÃO NF'!$N:$N,'CLASSIFICAÇÃO NF'!$O:$O,">=202509",'CLASSIFICAÇÃO NF'!$O:$O,"<=202510",'CLASSIFICAÇÃO NF'!M:M,$B21) -> 0 | V21: =SUMIFS('CLASSIFICAÇÃO NF'!$N:$N,'CLASSIFICAÇÃO NF'!$O:$O,">=202511",'CLASSIFICAÇÃO NF'!$O:$O,"<=202512",'CLASSIFICAÇÃO NF'!I:I,$B21)+SUMIFS('CLASSIFICAÇÃO NF'!$N:$N,'CLASSIFICAÇÃO NF'!$O:$O,">=202511",'CLASSIFICAÇÃO NF'!$O:$O,"<=202512",'CLASSIFICAÇÃO NF'!J:J,$B21)+SUMIFS('CLASSIFICAÇÃO NF'!$N:$N,'CLASSIFICAÇÃO NF'!$O:$O,">=202511",'CLASSIFICAÇÃO NF'!$O:$O,"<=202512",'CLASSIFICAÇÃO NF'!K:K,$B21)+SUMIFS('CLASSIFICAÇÃO NF'!$N:$N,'CLASSIFICAÇÃO NF'!$O:$O,">=202511",'CLASSIFICAÇÃO NF'!$O:$O,"<=202512",'CLASSIFICAÇÃO NF'!L:L,$B21)+SUMIFS('CLASSIFICAÇÃO NF'!$N:$N,'CLASSIFICAÇÃO NF'!$O:$O,">=202511",'CLASSIFICAÇÃO NF'!$O:$O,"<=202512",'CLASSIFICAÇÃO NF'!M:M,$B21) -> 0 | W21: =SUMIFS('CLASSIFICAÇÃO NF'!$N:$N,'CLASSIFICAÇÃO NF'!$O:$O,">=202601",'CLASSIFICAÇÃO NF'!$O:$O,"<=202602",'CLASSIFICAÇÃO NF'!I:I,$B21)+SUMIFS('CLASSIFICAÇÃO NF'!$N:$N,'CLASSIFICAÇÃO NF'!$O:$O,">=202601",'CLASSIFICAÇÃO NF'!$O:$O,"<=202602",'CLASSIFICAÇÃO NF'!J:J,$B21)+SUMIFS('CLASSIFICAÇÃO NF'!$N:$N,'CLASSIFICAÇÃO NF'!$O:$O,">=202601",'CLASSIFICAÇÃO NF'!$O:$O,"<=202602",'CLASSIFICAÇÃO NF'!K:K,$B21)+SUMIFS('CLASSIFICAÇÃO NF'!$N:$N,'CLASSIFICAÇÃO NF'!$O:$O,">=202601",'CLASSIFICAÇÃO NF'!$O:$O,"<=202602",'CLASSIFICAÇÃO NF'!L:L,$B21)+SUMIFS('CLASSIFICAÇÃO NF'!$N:$N,'CLASSIFICAÇÃO NF'!$O:$O,">=202601",'CLASSIFICAÇÃO NF'!$O:$O,"<=202602",'CLASSIFICAÇÃO NF'!M:M,$B21) -> 0 | X21: =SUMIFS('CLASSIFICAÇÃO NF'!$N:$N,'CLASSIFICAÇÃO NF'!$O:$O,">=202603",'CLASSIFICAÇÃO NF'!$O:$O,"<=202604",'CLASSIFICAÇÃO NF'!I:I,$B21)+SUMIFS('CLASSIFICAÇÃO NF'!$N:$N,'CLASSIFICAÇÃO NF'!$O:$O,">=202603",'CLASSIFICAÇÃO NF'!$O:$O,"<=202604",'CLASSIFICAÇÃO NF'!J:J,$B21)+SUMIFS('CLASSIFICAÇÃO NF'!$N:$N,'CLASSIFICAÇÃO NF'!$O:$O,">=202603",'CLASSIFICAÇÃO NF'!$O:$O,"<=202604",'CLASSIFICAÇÃO NF'!K:K,$B21)+SUMIFS('CLASSIFICAÇÃO NF'!$N:$N,'CLASSIFICAÇÃO NF'!$O:$O,">=202603",'CLASSIFICAÇÃO NF'!$O:$O,"<=202604",'CLASSIFICAÇÃO NF'!L:L,$B21)+SUMIFS('CLASSIFICAÇÃO NF'!$N:$N,'CLASSIFICAÇÃO NF'!$O:$O,">=202603",'CLASSIFICAÇÃO NF'!$O:$O,"<=202604",'CLASSIFICAÇÃO NF'!M:M,$B21) -> 0 | Y21: =SUMIFS('CLASSIFICAÇÃO NF'!$N:$N,'CLASSIFICAÇÃO NF'!$O:$O,">=202605",'CLASSIFICAÇÃO NF'!$O:$O,"<=202606",'CLASSIFICAÇÃO NF'!I:I,$B21)+SUMIFS('CLASSIFICAÇÃO NF'!$N:$N,'CLASSIFICAÇÃO NF'!$O:$O,">=202605",'CLASSIFICAÇÃO NF'!$O:$O,"<=202606",'CLASSIFICAÇÃO NF'!J:J,$B21)+SUMIFS('CLASSIFICAÇÃO NF'!$N:$N,'CLASSIFICAÇÃO NF'!$O:$O,">=202605",'CLASSIFICAÇÃO NF'!$O:$O,"<=202606",'CLASSIFICAÇÃO NF'!K:K,$B21)+SUMIFS('CLASSIFICAÇÃO NF'!$N:$N,'CLASSIFICAÇÃO NF'!$O:$O,">=202605",'CLASSIFICAÇÃO NF'!$O:$O,"<=202606",'CLASSIFICAÇÃO NF'!L:L,$B21)+SUMIFS('CLASSIFICAÇÃO NF'!$N:$N,'CLASSIFICAÇÃO NF'!$O:$O,">=202605",'CLASSIFICAÇÃO NF'!$O:$O,"<=202606",'CLASSIFICAÇÃO NF'!M:M,$B21) -> 0 | Z21: =SUMIFS('CLASSIFICAÇÃO NF'!$N:$N,'CLASSIFICAÇÃO NF'!$O:$O,">=202607",'CLASSIFICAÇÃO NF'!$O:$O,"<=202608",'CLASSIFICAÇÃO NF'!I:I,$B21)+SUMIFS('CLASSIFICAÇÃO NF'!$N:$N,'CLASSIFICAÇÃO NF'!$O:$O,">=202607",'CLASSIFICAÇÃO NF'!$O:$O,"<=202608",'CLASSIFICAÇÃO NF'!J:J,$B21)+SUMIFS('CLASSIFICAÇÃO NF'!$N:$N,'CLASSIFICAÇÃO NF'!$O:$O,">=202607",'CLASSIFICAÇÃO NF'!$O:$O,"<=202608",'CLASSIFICAÇÃO NF'!K:K,$B21)+SUMIFS('CLASSIFICAÇÃO NF'!$N:$N,'CLASSIFICAÇÃO NF'!$O:$O,">=202607",'CLASSIFICAÇÃO NF'!$O:$O,"<=202608",'CLASSIFICAÇÃO NF'!L:L,$B21)+SUMIFS('CLASSIFICAÇÃO NF'!$N:$N,'CLASSIFICAÇÃO NF'!$O:$O,">=202607",'CLASSIFICAÇÃO NF'!$O:$O,"<=202608",'CLASSIFICAÇÃO NF'!M:M,$B21) -> 0 | AA21: =SUMIFS('CLASSIFICAÇÃO NF'!$N:$N,'CLASSIFICAÇÃO NF'!$O:$O,">=202609",'CLASSIFICAÇÃO NF'!$O:$O,"<=202610",'CLASSIFICAÇÃO NF'!I:I,$B21)+SUMIFS('CLASSIFICAÇÃO NF'!$N:$N,'CLASSIFICAÇÃO NF'!$O:$O,">=202609",'CLASSIFICAÇÃO NF'!$O:$O,"<=202610",'CLASSIFICAÇÃO NF'!J:J,$B21)+SUMIFS('CLASSIFICAÇÃO NF'!$N:$N,'CLASSIFICAÇÃO NF'!$O:$O,">=202609",'CLASSIFICAÇÃO NF'!$O:$O,"<=202610",'CLASSIFICAÇÃO NF'!K:K,$B21)+SUMIFS('CLASSIFICAÇÃO NF'!$N:$N,'CLASSIFICAÇÃO NF'!$O:$O,">=202609",'CLASSIFICAÇÃO NF'!$O:$O,"<=202610",'CLASSIFICAÇÃO NF'!L:L,$B21)+SUMIFS('CLASSIFICAÇÃO NF'!$N:$N,'CLASSIFICAÇÃO NF'!$O:$O,">=202609",'CLASSIFICAÇÃO NF'!$O:$O,"<=202610",'CLASSIFICAÇÃO NF'!M:M,$B21) -> 0 | AB21: =SUMIFS('CLASSIFICAÇÃO NF'!$N:$N,'CLASSIFICAÇÃO NF'!$O:$O,">=202611",'CLASSIFICAÇÃO NF'!$O:$O,"<=202612",'CLASSIFICAÇÃO NF'!I:I,$B21)+SUMIFS('CLASSIFICAÇÃO NF'!$N:$N,'CLASSIFICAÇÃO NF'!$O:$O,">=202611",'CLASSIFICAÇÃO NF'!$O:$O,"<=202612",'CLASSIFICAÇÃO NF'!J:J,$B21)+SUMIFS('CLASSIFICAÇÃO NF'!$N:$N,'CLASSIFICAÇÃO NF'!$O:$O,">=202610",'CLASSIFICAÇÃO NF'!$O:$O,"<=202612",'CLASSIFICAÇÃO NF'!K:K,$B21)+SUMIFS('CLASSIFICAÇÃO NF'!$N:$N,'CLASSIFICAÇÃO NF'!$O:$O,">=202610",'CLASSIFICAÇÃO NF'!$O:$O,"<=202612",'CLASSIFICAÇÃO NF'!L:L,$B21)+SUMIFS('CLASSIFICAÇÃO NF'!$N:$N,'CLASSIFICAÇÃO NF'!$O:$O,">=202611",'CLASSIFICAÇÃO NF'!$O:$O,"<=202612",'CLASSIFICAÇÃO NF'!M:M,$B21) -> 0
A22: 45902 | B22: FORROS | C22: =SUMIF('CLASSIFICAÇÃO NF'!I:I,B22,'CLASSIFICAÇÃO NF'!N:N)+SUMIF('CLASSIFICAÇÃO NF'!J:J,B22,'CLASSIFICAÇÃO NF'!N:N)+SUMIF('CLASSIFICAÇÃO NF'!K:K,B22,'CLASSIFICAÇÃO NF'!N:N)+SUMIF('CLASSIFICAÇÃO NF'!L:L,B22,'CLASSIFICAÇÃO NF'!N:N)+SUMIF('CLASSIFICAÇÃO NF'!M:M,B22,'CLASSIFICAÇÃO NF'!N:N) -> 3398600.1 | D22: =C22/E22 -> 0.91858972 | E22: 3699802 | F22: =C22/G22 -> 1.1984494 | G22: 2835831 | H22: =SUMIFS('CLASSIFICAÇÃO NF'!$N:$N,'CLASSIFICAÇÃO NF'!$O:$O,">=202301",'CLASSIFICAÇÃO NF'!$O:$O,"<=202303",'CLASSIFICAÇÃO NF'!I:I,$B22)+SUMIFS('CLASSIFICAÇÃO NF'!$N:$N,'CLASSIFICAÇÃO NF'!$O:$O,">=202301",'CLASSIFICAÇÃO NF'!$O:$O,"<=202303",'CLASSIFICAÇÃO NF'!J:J,$B22)+SUMIFS('CLASSIFICAÇÃO NF'!$N:$N,'CLASSIFICAÇÃO NF'!$O:$O,">=202301",'CLASSIFICAÇÃO NF'!$O:$O,"<=202303",'CLASSIFICAÇÃO NF'!K:K,$B22)+SUMIFS('CLASSIFICAÇÃO NF'!$N:$N,'CLASSIFICAÇÃO NF'!$O:$O,">=202301",'CLASSIFICAÇÃO NF'!$O:$O,"<=202303",'CLASSIFICAÇÃO NF'!L:L,$B22)+SUMIFS('CLASSIFICAÇÃO NF'!$N:$N,'CLASSIFICAÇÃO NF'!$O:$O,">=202301",'CLASSIFICAÇÃO NF'!$O:$O,"<=202303",'CLASSIFICAÇÃO NF'!M:M,$B22) -> 0 | I22: =SUMIFS('CLASSIFICAÇÃO NF'!$N:$N,'CLASSIFICAÇÃO NF'!$O:$O,">=202304",'CLASSIFICAÇÃO NF'!$O:$O,"<=202306",'CLASSIFICAÇÃO NF'!I:I,$B22)+SUMIFS('CLASSIFICAÇÃO NF'!$N:$N,'CLASSIFICAÇÃO NF'!$O:$O,">=202304",'CLASSIFICAÇÃO NF'!$O:$O,"<=202306",'CLASSIFICAÇÃO NF'!J:J,$B22)+SUMIFS('CLASSIFICAÇÃO NF'!$N:$N,'CLASSIFICAÇÃO NF'!$O:$O,">=202304",'CLASSIFICAÇÃO NF'!$O:$O,"<=202306",'CLASSIFICAÇÃO NF'!K:K,$B22)+SUMIFS('CLASSIFICAÇÃO NF'!$N:$N,'CLASSIFICAÇÃO NF'!$O:$O,">=202304",'CLASSIFICAÇÃO NF'!$O:$O,"<=202306",'CLASSIFICAÇÃO NF'!L:L,$B22)+SUMIFS('CLASSIFICAÇÃO NF'!$N:$N,'CLASSIFICAÇÃO NF'!$O:$O,">=202304",'CLASSIFICAÇÃO NF'!$O:$O,"<=202306",'CLASSIFICAÇÃO NF'!M:M,$B22) -> 0 | J22: =SUMIFS('CLASSIFICAÇÃO NF'!$N:$N,'CLASSIFICAÇÃO NF'!$O:$O,">=202307",'CLASSIFICAÇÃO NF'!$O:$O,"<=202309",'CLASSIFICAÇÃO NF'!I:I,$B22)+SUMIFS('CLASSIFICAÇÃO NF'!$N:$N,'CLASSIFICAÇÃO NF'!$O:$O,">=202307",'CLASSIFICAÇÃO NF'!$O:$O,"<=202309",'CLASSIFICAÇÃO NF'!J:J,$B22)+SUMIFS('CLASSIFICAÇÃO NF'!$N:$N,'CLASSIFICAÇÃO NF'!$O:$O,">=202307",'CLASSIFICAÇÃO NF'!$O:$O,"<=202309",'CLASSIFICAÇÃO NF'!K:K,$B22)+SUMIFS('CLASSIFICAÇÃO NF'!$N:$N,'CLASSIFICAÇÃO NF'!$O:$O,">=202307",'CLASSIFICAÇÃO NF'!$O:$O,"<=202309",'CLASSIFICAÇÃO NF'!L:L,$B22)+SUMIFS('CLASSIFICAÇÃO NF'!$N:$N,'CLASSIFICAÇÃO NF'!$O:$O,">=202307",'CLASSIFICAÇÃO NF'!$O:$O,"<=202309",'CLASSIFICAÇÃO NF'!M:M,$B22) -> 5850 | K22: =SUMIFS('CLASSIFICAÇÃO NF'!$N:$N,'CLASSIFICAÇÃO NF'!$O:$O,">=202310",'CLASSIFICAÇÃO NF'!$O:$O,"<=202312",'CLASSIFICAÇÃO NF'!I:I,$B22)+SUMIFS('CLASSIFICAÇÃO NF'!$N:$N,'CLASSIFICAÇÃO NF'!$O:$O,">=202310",'CLASSIFICAÇÃO NF'!$O:$O,"<=202312",'CLASSIFICAÇÃO NF'!J:J,$B22)+SUMIFS('CLASSIFICAÇÃO NF'!$N:$N,'CLASSIFICAÇÃO NF'!$O:$O,">=202310",'CLASSIFICAÇÃO NF'!$O:$O,"<=202312",'CLASSIFICAÇÃO NF'!K:K,$B22)+SUMIFS('CLASSIFICAÇÃO NF'!$N:$N,'CLASSIFICAÇÃO NF'!$O:$O,">=202310",'CLASSIFICAÇÃO NF'!$O:$O,"<=202312",'CLASSIFICAÇÃO NF'!L:L,$B22)+SUMIFS('CLASSIFICAÇÃO NF'!$N:$N,'CLASSIFICAÇÃO NF'!$O:$O,">=202310",'CLASSIFICAÇÃO NF'!$O:$O,"<=202312",'CLASSIFICAÇÃO NF'!M:M,$B22) -> 0 | L22: =SUMIFS('CLASSIFICAÇÃO NF'!$N:$N,'CLASSIFICAÇÃO NF'!$O:$O,">=202401",'CLASSIFICAÇÃO NF'!$O:$O,"<=202403",'CLASSIFICAÇÃO NF'!I:I,$B22)+SUMIFS('CLASSIFICAÇÃO NF'!$N:$N,'CLASSIFICAÇÃO NF'!$O:$O,">=202401",'CLASSIFICAÇÃO NF'!$O:$O,"<=202403",'CLASSIFICAÇÃO NF'!J:J,$B22)+SUMIFS('CLASSIFICAÇÃO NF'!$N:$N,'CLASSIFICAÇÃO NF'!$O:$O,">=202401",'CLASSIFICAÇÃO NF'!$O:$O,"<=202403",'CLASSIFICAÇÃO NF'!K:K,$B22)+SUMIFS('CLASSIFICAÇÃO NF'!$N:$N,'CLASSIFICAÇÃO NF'!$O:$O,">=202401",'CLASSIFICAÇÃO NF'!$O:$O,"<=202403",'CLASSIFICAÇÃO NF'!L:L,$B22)+SUMIFS('CLASSIFICAÇÃO NF'!$N:$N,'CLASSIFICAÇÃO NF'!$O:$O,">=202401",'CLASSIFICAÇÃO NF'!$O:$O,"<=202403",'CLASSIFICAÇÃO NF'!M:M,$B22) -> 0 | M22: =SUMIFS('CLASSIFICAÇÃO NF'!$N:$N,'CLASSIFICAÇÃO NF'!$O:$O,">=202404",'CLASSIFICAÇÃO NF'!$O:$O,"<=202406",'CLASSIFICAÇÃO NF'!I:I,$B22)+SUMIFS('CLASSIFICAÇÃO NF'!$N:$N,'CLASSIFICAÇÃO NF'!$O:$O,">=202404",'CLASSIFICAÇÃO NF'!$O:$O,"<=202406",'CLASSIFICAÇÃO NF'!J:J,$B22)+SUMIFS('CLASSIFICAÇÃO NF'!$N:$N,'CLASSIFICAÇÃO NF'!$O:$O,">=202404",'CLASSIFICAÇÃO NF'!$O:$O,"<=202406",'CLASSIFICAÇÃO NF'!K:K,$B22)+SUMIFS('CLASSIFICAÇÃO NF'!$N:$N,'CLASSIFICAÇÃO NF'!$O:$O,">=202404",'CLASSIFICAÇÃO NF'!$O:$O,"<=202406",'CLASSIFICAÇÃO NF'!L:L,$B22)+SUMIFS('CLASSIFICAÇÃO NF'!$N:$N,'CLASSIFICAÇÃO NF'!$O:$O,">=202404",'CLASSIFICAÇÃO NF'!$O:$O,"<=202406",'CLASSIFICAÇÃO NF'!M:M,$B22) -> 799170.91 | N22: =SUMIFS('CLASSIFICAÇÃO NF'!$N:$N,'CLASSIFICAÇÃO NF'!$O:$O,">=202407",'CLASSIFICAÇÃO NF'!$O:$O,"<=202408",'CLASSIFICAÇÃO NF'!I:I,$B22)+SUMIFS('CLASSIFICAÇÃO NF'!$N:$N,'CLASSIFICAÇÃO NF'!$O:$O,">=202407",'CLASSIFICAÇÃO NF'!$O:$O,"<=202408",'CLASSIFICAÇÃO NF'!J:J,$B22)+SUMIFS('CLASSIFICAÇÃO NF'!$N:$N,'CLASSIFICAÇÃO NF'!$O:$O,">=202407",'CLASSIFICAÇÃO NF'!$O:$O,"<=202408",'CLASSIFICAÇÃO NF'!K:K,$B22)+SUMIFS('CLASSIFICAÇÃO NF'!$N:$N,'CLASSIFICAÇÃO NF'!$O:$O,">=202407",'CLASSIFICAÇÃO NF'!$O:$O,"<=202408",'CLASSIFICAÇÃO NF'!L:L,$B22)+SUMIFS('CLASSIFICAÇÃO NF'!$N:$N,'CLASSIFICAÇÃO NF'!$O:$O,">=202407",'CLASSIFICAÇÃO NF'!$O:$O,"<=202408",'CLASSIFICAÇÃO NF'!M:M,$B22) -> 517632.84 | O22: =SUMIFS('CLASSIFICAÇÃO NF'!$N:$N,'CLASSIFICAÇÃO NF'!$O:$O,">=202409",'CLASSIFICAÇÃO NF'!$O:$O,"<=202410",'CLASSIFICAÇÃO NF'!I:I,$B22)+SUMIFS('CLASSIFICAÇÃO NF'!$N:$N,'CLASSIFICAÇÃO NF'!$O:$O,">=202409",'CLASSIFICAÇÃO NF'!$O:$O,"<=202410",'CLASSIFICAÇÃO NF'!J:J,$B22)+SUMIFS('CLASSIFICAÇÃO NF'!$N:$N,'CLASSIFICAÇÃO NF'!$O:$O,">=202409",'CLASSIFICAÇÃO NF'!$O:$O,"<=202410",'CLASSIFICAÇÃO NF'!K:K,$B22)+SUMIFS('CLASSIFICAÇÃO NF'!$N:$N,'CLASSIFICAÇÃO NF'!$O:$O,">=202409",'CLASSIFICAÇÃO NF'!$O:$O,"<=202410",'CLASSIFICAÇÃO NF'!L:L,$B22)+SUMIFS('CLASSIFICAÇÃO NF'!$N:$N,'CLASSIFICAÇÃO NF'!$O:$O,">=202409",'CLASSIFICAÇÃO NF'!$O:$O,"<=202410",'CLASSIFICAÇÃO NF'!M:M,$B22) -> 212857.78 | P22: =SUMIFS('CLASSIFICAÇÃO NF'!$N:$N,'CLASSIFICAÇÃO NF'!$O:$O,">=202411",'CLASSIFICAÇÃO NF'!$O:$O,"<=202412",'CLASSIFICAÇÃO NF'!I:I,$B22)+SUMIFS('CLASSIFICAÇÃO NF'!$N:$N,'CLASSIFICAÇÃO NF'!$O:$O,">=202411",'CLASSIFICAÇÃO NF'!$O:$O,"<=202412",'CLASSIFICAÇÃO NF'!J:J,$B22)+SUMIFS('CLASSIFICAÇÃO NF'!$N:$N,'CLASSIFICAÇÃO NF'!$O:$O,">=202411",'CLASSIFICAÇÃO NF'!$O:$O,"<=202412",'CLASSIFICAÇÃO NF'!K:K,$B22)+SUMIFS('CLASSIFICAÇÃO NF'!$N:$N,'CLASSIFICAÇÃO NF'!$O:$O,">=202411",'CLASSIFICAÇÃO NF'!$O:$O,"<=202412",'CLASSIFICAÇÃO NF'!L:L,$B22)+SUMIFS('CLASSIFICAÇÃO NF'!$N:$N,'CLASSIFICAÇÃO NF'!$O:$O,">=202411",'CLASSIFICAÇÃO NF'!$O:$O,"<=202412",'CLASSIFICAÇÃO NF'!M:M,$B22) -> 603993.79 | Q22: =SUMIFS('CLASSIFICAÇÃO NF'!$N:$N,'CLASSIFICAÇÃO NF'!$O:$O,">=202501",'CLASSIFICAÇÃO NF'!$O:$O,"<=202502",'CLASSIFICAÇÃO NF'!I:I,$B22)+SUMIFS('CLASSIFICAÇÃO NF'!$N:$N,'CLASSIFICAÇÃO NF'!$O:$O,">=202501",'CLASSIFICAÇÃO NF'!$O:$O,"<=202502",'CLASSIFICAÇÃO NF'!J:J,$B22)+SUMIFS('CLASSIFICAÇÃO NF'!$N:$N,'CLASSIFICAÇÃO NF'!$O:$O,">=202501",'CLASSIFICAÇÃO NF'!$O:$O,"<=202502",'CLASSIFICAÇÃO NF'!K:K,$B22)+SUMIFS('CLASSIFICAÇÃO NF'!$N:$N,'CLASSIFICAÇÃO NF'!$O:$O,">=202501",'CLASSIFICAÇÃO NF'!$O:$O,"<=202502",'CLASSIFICAÇÃO NF'!L:L,$B22)+SUMIFS('CLASSIFICAÇÃO NF'!$N:$N,'CLASSIFICAÇÃO NF'!$O:$O,">=202501",'CLASSIFICAÇÃO NF'!$O:$O,"<=202502",'CLASSIFICAÇÃO NF'!M:M,$B22) -> 496619.56 | R22: =SUMIFS('CLASSIFICAÇÃO NF'!$N:$N,'CLASSIFICAÇÃO NF'!$O:$O,">=202503",'CLASSIFICAÇÃO NF'!$O:$O,"<=202504",'CLASSIFICAÇÃO NF'!I:I,$B22)+SUMIFS('CLASSIFICAÇÃO NF'!$N:$N,'CLASSIFICAÇÃO NF'!$O:$O,">=202503",'CLASSIFICAÇÃO NF'!$O:$O,"<=202504",'CLASSIFICAÇÃO NF'!J:J,$B22)+SUMIFS('CLASSIFICAÇÃO NF'!$N:$N,'CLASSIFICAÇÃO NF'!$O:$O,">=202503",'CLASSIFICAÇÃO NF'!$O:$O,"<=202504",'CLASSIFICAÇÃO NF'!K:K,$B22)+SUMIFS('CLASSIFICAÇÃO NF'!$N:$N,'CLASSIFICAÇÃO NF'!$O:$O,">=202503",'CLASSIFICAÇÃO NF'!$O:$O,"<=202504",'CLASSIFICAÇÃO NF'!L:L,$B22)+SUMIFS('CLASSIFICAÇÃO NF'!$N:$N,'CLASSIFICAÇÃO NF'!$O:$O,">=202503",'CLASSIFICAÇÃO NF'!$O:$O,"<=202504",'CLASSIFICAÇÃO NF'!M:M,$B22) -> 0 | S22: =SUMIFS('CLASSIFICAÇÃO NF'!$N:$N,'CLASSIFICAÇÃO NF'!$O:$O,">=202505",'CLASSIFICAÇÃO NF'!$O:$O,"<=202506",'CLASSIFICAÇÃO NF'!I:I,$B22)+SUMIFS('CLASSIFICAÇÃO NF'!$N:$N,'CLASSIFICAÇÃO NF'!$O:$O,">=202505",'CLASSIFICAÇÃO NF'!$O:$O,"<=202506",'CLASSIFICAÇÃO NF'!J:J,$B22)+SUMIFS('CLASSIFICAÇÃO NF'!$N:$N,'CLASSIFICAÇÃO NF'!$O:$O,">=202505",'CLASSIFICAÇÃO NF'!$O:$O,"<=202506",'CLASSIFICAÇÃO NF'!K:K,$B22)+SUMIFS('CLASSIFICAÇÃO NF'!$N:$N,'CLASSIFICAÇÃO NF'!$O:$O,">=202505",'CLASSIFICAÇÃO NF'!$O:$O,"<=202506",'CLASSIFICAÇÃO NF'!L:L,$B22)+SUMIFS('CLASSIFICAÇÃO NF'!$N:$N,'CLASSIFICAÇÃO NF'!$O:$O,">=202505",'CLASSIFICAÇÃO NF'!$O:$O,"<=202506",'CLASSIFICAÇÃO NF'!M:M,$B22) -> 534632.19 | T22: =SUMIFS('CLASSIFICAÇÃO NF'!$N:$N,'CLASSIFICAÇÃO NF'!$O:$O,">=202507",'CLASSIFICAÇÃO NF'!$O:$O,"<=202508",'CLASSIFICAÇÃO NF'!I:I,$B22)+SUMIFS('CLASSIFICAÇÃO NF'!$N:$N,'CLASSIFICAÇÃO NF'!$O:$O,">=202507",'CLASSIFICAÇÃO NF'!$O:$O,"<=202508",'CLASSIFICAÇÃO NF'!J:J,$B22)+SUMIFS('CLASSIFICAÇÃO NF'!$N:$N,'CLASSIFICAÇÃO NF'!$O:$O,">=202507",'CLASSIFICAÇÃO NF'!$O:$O,"<=202508",'CLASSIFICAÇÃO NF'!K:K,$B22)+SUMIFS('CLASSIFICAÇÃO NF'!$N:$N,'CLASSIFICAÇÃO NF'!$O:$O,">=202507",'CLASSIFICAÇÃO NF'!$O:$O,"<=202508",'CLASSIFICAÇÃO NF'!L:L,$B22)+SUMIFS('CLASSIFICAÇÃO NF'!$N:$N,'CLASSIFICAÇÃO NF'!$O:$O,">=202507",'CLASSIFICAÇÃO NF'!$O:$O,"<=202508",'CLASSIFICAÇÃO NF'!M:M,$B22) -> 218330.46 | U22: =SUMIFS('CLASSIFICAÇÃO NF'!$N:$N,'CLASSIFICAÇÃO NF'!$O:$O,">=202509",'CLASSIFICAÇÃO NF'!$O:$O,"<=202510",'CLASSIFICAÇÃO NF'!I:I,$B22)+SUMIFS('CLASSIFICAÇÃO NF'!$N:$N,'CLASSIFICAÇÃO NF'!$O:$O,">=202509",'CLASSIFICAÇÃO NF'!$O:$O,"<=202510",'CLASSIFICAÇÃO NF'!J:J,$B22)+SUMIFS('CLASSIFICAÇÃO NF'!$N:$N,'CLASSIFICAÇÃO NF'!$O:$O,">=202509",'CLASSIFICAÇÃO NF'!$O:$O,"<=202510",'CLASSIFICAÇÃO NF'!K:K,$B22)+SUMIFS('CLASSIFICAÇÃO NF'!$N:$N,'CLASSIFICAÇÃO NF'!$O:$O,">=202509",'CLASSIFICAÇÃO NF'!$O:$O,"<=202510",'CLASSIFICAÇÃO NF'!L:L,$B22)+SUMIFS('CLASSIFICAÇÃO NF'!$N:$N,'CLASSIFICAÇÃO NF'!$O:$O,">=202509",'CLASSIFICAÇÃO NF'!$O:$O,"<=202510",'CLASSIFICAÇÃO NF'!M:M,$B22) -> 9512.54 | V22: =SUMIFS('CLASSIFICAÇÃO NF'!$N:$N,'CLASSIFICAÇÃO NF'!$O:$O,">=202511",'CLASSIFICAÇÃO NF'!$O:$O,"<=202512",'CLASSIFICAÇÃO NF'!I:I,$B22)+SUMIFS('CLASSIFICAÇÃO NF'!$N:$N,'CLASSIFICAÇÃO NF'!$O:$O,">=202511",'CLASSIFICAÇÃO NF'!$O:$O,"<=202512",'CLASSIFICAÇÃO NF'!J:J,$B22)+SUMIFS('CLASSIFICAÇÃO NF'!$N:$N,'CLASSIFICAÇÃO NF'!$O:$O,">=202511",'CLASSIFICAÇÃO NF'!$O:$O,"<=202512",'CLASSIFICAÇÃO NF'!K:K,$B22)+SUMIFS('CLASSIFICAÇÃO NF'!$N:$N,'CLASSIFICAÇÃO NF'!$O:$O,">=202511",'CLASSIFICAÇÃO NF'!$O:$O,"<=202512",'CLASSIFICAÇÃO NF'!L:L,$B22)+SUMIFS('CLASSIFICAÇÃO NF'!$N:$N,'CLASSIFICAÇÃO NF'!$O:$O,">=202511",'CLASSIFICAÇÃO NF'!$O:$O,"<=202512",'CLASSIFICAÇÃO NF'!M:M,$B22) -> 0 | W22: =SUMIFS('CLASSIFICAÇÃO NF'!$N:$N,'CLASSIFICAÇÃO NF'!$O:$O,">=202601",'CLASSIFICAÇÃO NF'!$O:$O,"<=202602",'CLASSIFICAÇÃO NF'!I:I,$B22)+SUMIFS('CLASSIFICAÇÃO NF'!$N:$N,'CLASSIFICAÇÃO NF'!$O:$O,">=202601",'CLASSIFICAÇÃO NF'!$O:$O,"<=202602",'CLASSIFICAÇÃO NF'!J:J,$B22)+SUMIFS('CLASSIFICAÇÃO NF'!$N:$N,'CLASSIFICAÇÃO NF'!$O:$O,">=202601",'CLASSIFICAÇÃO NF'!$O:$O,"<=202602",'CLASSIFICAÇÃO NF'!K:K,$B22)+SUMIFS('CLASSIFICAÇÃO NF'!$N:$N,'CLASSIFICAÇÃO NF'!$O:$O,">=202601",'CLASSIFICAÇÃO NF'!$O:$O,"<=202602",'CLASSIFICAÇÃO NF'!L:L,$B22)+SUMIFS('CLASSIFICAÇÃO NF'!$N:$N,'CLASSIFICAÇÃO NF'!$O:$O,">=202601",'CLASSIFICAÇÃO NF'!$O:$O,"<=202602",'CLASSIFICAÇÃO NF'!M:M,$B22) -> 0 | X22: =SUMIFS('CLASSIFICAÇÃO NF'!$N:$N,'CLASSIFICAÇÃO NF'!$O:$O,">=202603",'CLASSIFICAÇÃO NF'!$O:$O,"<=202604",'CLASSIFICAÇÃO NF'!I:I,$B22)+SUMIFS('CLASSIFICAÇÃO NF'!$N:$N,'CLASSIFICAÇÃO NF'!$O:$O,">=202603",'CLASSIFICAÇÃO NF'!$O:$O,"<=202604",'CLASSIFICAÇÃO NF'!J:J,$B22)+SUMIFS('CLASSIFICAÇÃO NF'!$N:$N,'CLASSIFICAÇÃO NF'!$O:$O,">=202603",'CLASSIFICAÇÃO NF'!$O:$O,"<=202604",'CLASSIFICAÇÃO NF'!K:K,$B22)+SUMIFS('CLASSIFICAÇÃO NF'!$N:$N,'CLASSIFICAÇÃO NF'!$O:$O,">=202603",'CLASSIFICAÇÃO NF'!$O:$O,"<=202604",'CLASSIFICAÇÃO NF'!L:L,$B22)+SUMIFS('CLASSIFICAÇÃO NF'!$N:$N,'CLASSIFICAÇÃO NF'!$O:$O,">=202603",'CLASSIFICAÇÃO NF'!$O:$O,"<=202604",'CLASSIFICAÇÃO NF'!M:M,$B22) -> 0 | Y22: =SUMIFS('CLASSIFICAÇÃO NF'!$N:$N,'CLASSIFICAÇÃO NF'!$O:$O,">=202605",'CLASSIFICAÇÃO NF'!$O:$O,"<=202606",'CLASSIFICAÇÃO NF'!I:I,$B22)+SUMIFS('CLASSIFICAÇÃO NF'!$N:$N,'CLASSIFICAÇÃO NF'!$O:$O,">=202605",'CLASSIFICAÇÃO NF'!$O:$O,"<=202606",'CLASSIFICAÇÃO NF'!J:J,$B22)+SUMIFS('CLASSIFICAÇÃO NF'!$N:$N,'CLASSIFICAÇÃO NF'!$O:$O,">=202605",'CLASSIFICAÇÃO NF'!$O:$O,"<=202606",'CLASSIFICAÇÃO NF'!K:K,$B22)+SUMIFS('CLASSIFICAÇÃO NF'!$N:$N,'CLASSIFICAÇÃO NF'!$O:$O,">=202605",'CLASSIFICAÇÃO NF'!$O:$O,"<=202606",'CLASSIFICAÇÃO NF'!L:L,$B22)+SUMIFS('CLASSIFICAÇÃO NF'!$N:$N,'CLASSIFICAÇÃO NF'!$O:$O,">=202605",'CLASSIFICAÇÃO NF'!$O:$O,"<=202606",'CLASSIFICAÇÃO NF'!M:M,$B22) -> 0 | Z22: =SUMIFS('CLASSIFICAÇÃO NF'!$N:$N,'CLASSIFICAÇÃO NF'!$O:$O,">=202607",'CLASSIFICAÇÃO NF'!$O:$O,"<=202608",'CLASSIFICAÇÃO NF'!I:I,$B22)+SUMIFS('CLASSIFICAÇÃO NF'!$N:$N,'CLASSIFICAÇÃO NF'!$O:$O,">=202607",'CLASSIFICAÇÃO NF'!$O:$O,"<=202608",'CLASSIFICAÇÃO NF'!J:J,$B22)+SUMIFS('CLASSIFICAÇÃO NF'!$N:$N,'CLASSIFICAÇÃO NF'!$O:$O,">=202607",'CLASSIFICAÇÃO NF'!$O:$O,"<=202608",'CLASSIFICAÇÃO NF'!K:K,$B22)+SUMIFS('CLASSIFICAÇÃO NF'!$N:$N,'CLASSIFICAÇÃO NF'!$O:$O,">=202607",'CLASSIFICAÇÃO NF'!$O:$O,"<=202608",'CLASSIFICAÇÃO NF'!L:L,$B22)+SUMIFS('CLASSIFICAÇÃO NF'!$N:$N,'CLASSIFICAÇÃO NF'!$O:$O,">=202607",'CLASSIFICAÇÃO NF'!$O:$O,"<=202608",'CLASSIFICAÇÃO NF'!M:M,$B22) -> 0 | AA22: =SUMIFS('CLASSIFICAÇÃO NF'!$N:$N,'CLASSIFICAÇÃO NF'!$O:$O,">=202609",'CLASSIFICAÇÃO NF'!$O:$O,"<=202610",'CLASSIFICAÇÃO NF'!I:I,$B22)+SUMIFS('CLASSIFICAÇÃO NF'!$N:$N,'CLASSIFICAÇÃO NF'!$O:$O,">=202609",'CLASSIFICAÇÃO NF'!$O:$O,"<=202610",'CLASSIFICAÇÃO NF'!J:J,$B22)+SUMIFS('CLASSIFICAÇÃO NF'!$N:$N,'CLASSIFICAÇÃO NF'!$O:$O,">=202609",'CLASSIFICAÇÃO NF'!$O:$O,"<=202610",'CLASSIFICAÇÃO NF'!K:K,$B22)+SUMIFS('CLASSIFICAÇÃO NF'!$N:$N,'CLASSIFICAÇÃO NF'!$O:$O,">=202609",'CLASSIFICAÇÃO NF'!$O:$O,"<=202610",'CLASSIFICAÇÃO NF'!L:L,$B22)+SUMIFS('CLASSIFICAÇÃO NF'!$N:$N,'CLASSIFICAÇÃO NF'!$O:$O,">=202609",'CLASSIFICAÇÃO NF'!$O:$O,"<=202610",'CLASSIFICAÇÃO NF'!M:M,$B22) -> 0 | AB22: =SUMIFS('CLASSIFICAÇÃO NF'!$N:$N,'CLASSIFICAÇÃO NF'!$O:$O,">=202611",'CLASSIFICAÇÃO NF'!$O:$O,"<=202612",'CLASSIFICAÇÃO NF'!I:I,$B22)+SUMIFS('CLASSIFICAÇÃO NF'!$N:$N,'CLASSIFICAÇÃO NF'!$O:$O,">=202611",'CLASSIFICAÇÃO NF'!$O:$O,"<=202612",'CLASSIFICAÇÃO NF'!J:J,$B22)+SUMIFS('CLASSIFICAÇÃO NF'!$N:$N,'CLASSIFICAÇÃO NF'!$O:$O,">=202610",'CLASSIFICAÇÃO NF'!$O:$O,"<=202612",'CLASSIFICAÇÃO NF'!K:K,$B22)+SUMIFS('CLASSIFICAÇÃO NF'!$N:$N,'CLASSIFICAÇÃO NF'!$O:$O,">=202610",'CLASSIFICAÇÃO NF'!$O:$O,"<=202612",'CLASSIFICAÇÃO NF'!L:L,$B22)+SUMIFS('CLASSIFICAÇÃO NF'!$N:$N,'CLASSIFICAÇÃO NF'!$O:$O,">=202611",'CLASSIFICAÇÃO NF'!$O:$O,"<=202612",'CLASSIFICAÇÃO NF'!M:M,$B22) -> 0
